Workbook
Name __1Excel_BuiltIn_Print_Titles_2_1: "$'AVALUO 1'.$A$#REF!:$IV$#REF!"
Name _1Excel_BuiltIn_Print_Titles_2_1: "$'AVALUO 1'.$A$#REF!:$IV$#REF!"
Name _2Excel_BuiltIn_Print_Titles_2_1: "$'AVALUO 1'.$A$#REF!:$IV$#REF!"
Name anexoarn: #REF!
Name anexoarn: #REF!
Name anexoarn: #REF!
Name anexoarn: #REF!
Name anexoarn: #REF!
Name anexosase: #REF!
Name anexosase: #REF!
Name anexosase: #REF!
Name anexosase: #REF!
Name anexosase: #REF!
Name AVALUO: #REF!
Name AVALUO: #REF!
Name AVALUO: #REF!
Name AVALUO: #REF!
Name AVALUO: #REF!
Name bien: #REF!
Name bien: #REF!
Name bien: #REF!
Name bien: #REF!
Name bien: #REF!
Name CERTIFICADO: #REF!
Name CERTIFICADO: #REF!
Name CERTIFICADO: #REF!
Name CERTIFICADO: #REF!
Name CERTIFICADO: #REF!
Name eww: '[1]AVALUO 1'!$A$1:$O$50
Name EX: #REF!
Name EX: #REF!
Name EX: #REF!
Name EX: #REF!
Name EX: #REF!
Name EXC: #REF!
Name EXC: #REF!
Name EXC: #REF!
Name EXC: #REF!
Name EXC: #REF!
Name Excel_BuiltIn_Print_Titles_2: #REF!
Name Excel_BuiltIn_Print_Titles_2: #REF!
Name Excel_BuiltIn_Print_Titles_2: #REF!
Name Excel_BuiltIn_Print_Titles_2: #REF!
Name Excel_BuiltIn_Print_Titles_2: #REF!
Name FINAL: "$#REF!.$A$1:$P$48"
Name GRE: "$#REF!.$A$1:$P$230"
Name INFLACION: #REF!
Name INFLACION: #REF!
Name INFLACION: #REF!
Name INFLACION: #REF!
Name INFLACION: #REF!
Name INTERMEDIO: "$#REF!.$A$1:$P$109"
Name legal: #REF!
Name legal: #REF!
Name legal: #REF!
Name legal: #REF!
Name legal: #REF!
Name METODO: #REF!
Name METODO: #REF!
Name METODO: #REF!

Sheet CUADRO RESUMEN
B8: GRAN NACIONAL MINERA MARISCAL SUCRE C.E.M.
B9: CPC 713340011 CUADRO RESUMEN
B11: COBERTURAS | C11: SUMAS ASEGURADAS
B14: INCENDIO - CPC 713340311
B15: CONTENIDOS (MUEBLES Y ENSERES, HERRAMIENTAS, INSTALACIONES, EQUIPOS DE OFICINA) | C15: =+'IN CONTENIDOS'!AM1781 -> 291099.03
B16: MERCADERIA E INVENTARIO | C16: 20000
B17: MAQUINARIA | C17: =+'ROTURA MAQUINARIA'!AM25 -> 224617.55
B18: Cláusulas Adicionales
B19: Remoción de escombros hasta | C19: 100000
B20: Gastos de extinción de incendio hasta | C20: 20000
B21: Cobertura automática para nuevas propiedades | C21: 20000
B22: Clausula eléctrica amplía hasta | C22: 50000
B23: Sabotaje terrorismo y colapso | C23: 500000
B24: Honorarios de ingenieros y topógrafos hasta | C24: 50000
B25: Documentos y modelos hasta | C25: 20000
B26: Auto explosión hasta | C26: 20000
B27: Derrame de contenidos hasta | C27: 20000
B28: Rotura de vidrios y cristales, hasta | C28: 10000
B29: Rotura de tanques hasta | C29: 10000
B30: Rotura de unidades sanitarias hasta | C30: 5000
... B32: Dinero hasta | C32: 3000
B34: COBERTURAS | C34: SUMAS ASEGURADAS
B37: ROBOY/ASALTO - CPC 713340312
B38: Riesgo Absoluto contenidos detallados en Incendio | C38: 100000
B39: Hurto contenidos detallados en Incendio hasta | C39: 5000
B40: Dinero hasta | C40: 3000
B42: COBERTURAS | C42: SUMAS ASEGURADAS
B45: EQUIPO ELECTRÓNICO - CPC 713340321
B46: Equipos Fijos Y Portatiles | C46: =+'EQUIPO ELECTRONICO'!AM547 -> 202603.15
B47: Coberturas adicionales
B48: Sección II Portadores Externos de datos | C48: 10000
B49: Sección III Incrementos en costos de operaciones | C49: 10000
B50: Hurto | C50: 10000
B51: Portabilidad | C51: 10000
B53: COBERTURAS | C53: SUMAS ASEGURADAS
B56: Rotura de Maquinaria - CPC 713340323
B57: Maquinaria y equipos | C57: =+'ROTURA MAQUINARIA'!AM25 -> 224617.55
B59: COBERTURAS | C59: SUMAS ASEGURADAS
B62: Vehículos - CPC 713310012
B63: Livianos y Pesados | C63: =+VEHICULOS!AM26 -> 336097.5
B66: PRIMAS NETAS PROGRAMA SEGUROS
B68: SUBTOTAL PROGRAMA SEGUROS
B70: TOTAL PROGRAMA SEGUROS

Sheet IN CONTENIDOS
A4: No. | B4: COD. | C4: CODIGO PERITO | D4: UBICACIÓN GEOGRAFICA | E4: UBICACIÓN ORGANICA | F4: UBICACIÓN ADMINISTRATIVA | G4: UBICACIÓN GENERAL | H4: TIPO DE BIEN | I4: TIPO DE ACTIVO GNMMS | J4: CLASIFICACION | K4: SUBCLASIFICACION | L4: NOM. /DESCRIPCION | M4: NOMINACION LARGA | N4: EST. | O4: UNIDAD | P4: MODULO | Q4: MARCA | R4: MODELO | S4: SERIE | T4: COLOR | U4: CAPACIDAD | V4: COMPONENTES | W4: ESTADO | X4: AÑO | Y4: OBSERVACION | Z4: PROYECTO | AA4: CANTIDAD GNMMS | AB4: CANTIDAD PERITO | AC4: DIFERENCIA ENTRE GNMMS Y PERITO | AD4: VALOR DE COMPRA UNITARIO GNMMS (USD | AE4: VALOR DE COMPRA TOTAL GNMMS (USD) | AF4: V. REVALORIZADO | AG4: VAL. ACT. | AH4: VALOR DE REPOSICION UNITARIO (USD) | AI4: VALOR DE REPOSICION TOTAL (USD) | AJ4: VALOR COMERCIAL UNITARIO (USD) | AK4: SUBTOTAL VALOR COMERCIAL (USD) | AL4: IVA 12% | AM4: VALOR COMERCIAL INCLUIDO IVA (USD) | AN4: VALOR DE REALIZACION UNITARIO (USD) | AO4: SUBTOTAL VALOR REALIZACION (USD) | AP4: IVA 12% | AQ4: VALOR DE REALIZACION TOTAL INCLUIDO IVA (USD) | AR4: LOTE INFORME | AS4: SUB LOTE INFORME | AT4: PRIMER INFORME ESTADO / BIENE E INVENTARIO | AU4: INFORME / LOTE PARA VENTA | AV4: OBSERVACIÓN / BIENES E INVENTARIO VENDIDOS Y EN USO | AW4: CONTEO | AX4: OBSERVACION | AY4: VERIFICADO | AZ4: RAMO
A5: 3 | B5: 80042000017163 | C5: BIEN0234 | D5: BODEGA CENTRAL | E5: ESTANTERIA 15 | F5: NIVEL 2 | G5: BODEGA CENTRAL | H5: ACTIVO FIJO | I5: ACTIVOS DE EXPLORACION | J5: N/A | K5: N/A | L5: BASTON PARA ANTENA DE GPS TRIDIMENCIONAL CARCA SOUTH | M5: [ ANTENA DE GPS TRIDIMENCIONAL ] - MARCA: SOUTH; MODELO: S82-T; AÑO: 2012; ESTADO: BUENO; COLOR: PLATEADO; ESTRUCTURA: METAL; CANTIDAD: 1 | N5: N/A | O5: N/A | P5: N/A | Q5: SOUTH | R5: S82-T | S5: ND | T5: PLOMO | U5: ND | V5: ND | W5: BUENO | X5: 2012 | Y5: ND | Z5: MATRIZ | AA5: 1 | AB5: 1 | AC5: =AA5-AB5 -> 0 | AD5: N/A | AE5: N/A | AF5: 6636 | AG5: 3981.6 | AH5: 7550 | AI5: =AH5*AB5 -> 7550 | AJ5: 2718.3929 | AK5: =AJ5*AB5 -> 2718.3929 | AL5: =AK5*0.12 -> 326.20714 | AM5: =AL5+AK5 -> 3044.6 | AN5: =AJ5*0.9 -> 2446.5536 | AO5: =AN5*AB5 -> 2446.5536 | AP5: =AO5*0.12 -> 293.58643 | AQ5: =AO5+AP5 -> 2740.14 | AR5: EQUIPOS DE EXPLORACIÓN Y MAQUINARIA DE PERFORACIÓN | AS5: EQUIPO DE TOPOGRAFÍA | AT5: VENTA | AU5: PF | AZ5: IN
A6: 6 | B6: 80042000008772 | C6: BIEN0200 | D6: BODEGA CENTRAL | E6: CONTENEDOR No 2 | F6: INTERIOR CONTENEDOR No 2 | G6: BODEGA CENTRAL | H6: ACTIVO FIJO | I6: ACTIVOS DE EXPLORACION | J6: N/A | K6: N/A | L6: TAMIZADORA | M6: [ TAMIZADORA ] - MARCA: RETSCH; MODELO: AS 200 CONTROL; SERIE: 1214310316; AÑO: 2014; ESTADO: BUENO; COLOR: PLOMO; ESTRUCTURA: ( SIN ESTRUCTURA ); COMPONENTE: ( SIN COMPONENTE ); CAPACIDAD: 340 VA; CANTIDAD: 1 | N6: N/A | O6: N/A | P6: N/A | Q6: RETSCH | R6: AS 200 CONTROL | S6: 1214310316 | T6: PLOMO | U6: 340 VA | V6: ND | W6: BUENO | X6: 2014 | Y6: ND | Z6: MOMPICHE | AA6: 1 | AB6: 1 | AC6: =AA6-AB6 -> 0 | AD6: N/A | AE6: N/A | AF6: 3196 | AG6: 1917.6 | AH6: 4282 | AI6: =AH6*AB6 -> 4282 | AJ6: 1796.25 | AK6: =AJ6*AB6 -> 1796.25 | AL6: =AK6*0.12 -> 215.55 | AM6: =AL6+AK6 -> 2011.8 | AN6: =AJ6*0.9 -> 1616.625 | AO6: =AN6*AB6 -> 1616.625 | AP6: =AO6*0.12 -> 193.995 | AQ6: =AO6+AP6 -> 1810.62 | AR6: EQUIPOS DE EXPLORACIÓN Y MAQUINARIA DE PERFORACIÓN | AS6: EQUIPO DE EXPLORACIÓN | AT6: VENTA | AU6: PF | AZ6: IN
A7: 7 | B7: 80042000006297 | C7: BIEN0276 | D7: BODEGA CENTRAL | E7: CONTENEDOR No 2 | F7: INTERIOR CONTENEDOR No 2 | G7: BODEGA CENTRAL | H7: ACTIVO FIJO | I7: ACTIVOS DE EXPLORACION | J7: N/A | K7: N/A | L7: MUFLA | M7: [ MUFLA ] - MARCA: CARBOLITE; MODELO: AX30; SERIE: 21-304049; AÑO: 2014; ESTADO: BUENO; COLOR: PLOMO; ESTRUCTURA: METAL; COMPONENTE: ( SIN COMPONENTE ); LARGO: 60 CM; ANCHO: 45 CM; ALTO: 43 CM; CANTIDAD: 1 | N7: N/A | O7: N/A | P7: N/A | Q7: CARBOLITE | R7: AX30 | S7: 21-304049 | T7: NEGRO | U7: ND | V7: ND | W7: BUENO | X7: 2014 | Y7: 250º DE TEMPERATURA MAXIMA | Z7: MOMPICHE | AA7: 1 | AB7: 1 | AC7: =AA7-AB7 -> 0 | AD7: N/A | AE7: N/A | AF7: 1913 | AG7: 1147.7 | AH7: 1400 | AI7: =AH7*AB7 -> 1400 | AJ7: 976.395 | AK7: =AJ7*AB7 -> 976.395 | AL7: =AK7*0.12 -> 117.1674 | AM7: =AL7+AK7 -> 1093.5624 | AN7: =AJ7*0.9 -> 878.7555 | AO7: =AN7*AB7 -> 878.7555 | AP7: =AO7*0.12 -> 105.45066 | AQ7: =AO7+AP7 -> 984.20616 | AR7: EQUIPOS DE EXPLORACIÓN Y MAQUINARIA DE PERFORACIÓN | AS7: EQUIPO DE EXPLORACIÓN | AT7: VENTA | AU7: PF | AZ7: IN
A8: 8 | B8: 80042000009885 | C8: BIEN0259 | D8: BODEGA CENTRAL | E8: ESTRUCTURA DE MADERA TRAS CONTENEDOR No 1 | F8: SOBRE ESTRUCTURA DE MADERA TRAS CONTENEDOR No 1 | G8: BODEGA CENTRAL | H8: ACTIVO FIJO | I8: ACTIVOS DE EXPLORACION | J8: N/A | K8: N/A | L8: BALANZA DIGITAL | M8: [ BALANZA DIGITAL ] - MARCA: ADAM; MODELO: PGW 3502E; SERIE: AE434446; AÑO: 2012; ESTADO: BUENO; COLOR: BLANCO; ESTRUCTURA: ( SIN ESTRUCTURA ); COMPONENTE: ( SIN COMPONENTE ); CAPACIDAD: 3.5 KG; CANTIDAD: 1 | N8: N/A | O8: N/A | P8: N/A | Q8: ADAM | R8: PGW 3502E | S8: AE434446 | T8: NEGRO | U8: 3.5 kg | V8: ND | W8: BUENO | X8: 2012 | Y8: ND | Z8: MOMPICHE | AA8: 1 | AB8: 1 | AC8: =AA8-AB8 -> 0 | AD8: N/A | AE8: N/A | AF8: 588 | AG8: 352.8 | AH8: 1020 | AI8: =AH8*AB8 -> 1020 | AJ8: 296.25 | AK8: =AJ8*AB8 -> 296.25 | AL8: =AK8*0.12 -> 35.55 | AM8: =AL8+AK8 -> 331.8 | AN8: =AJ8*0.9 -> 266.625 | AO8: =AN8*AB8 -> 266.625 | AP8: =AO8*0.12 -> 31.995 | AQ8: =AO8+AP8 -> 298.62 | AR8: EQUIPOS DE EXPLORACIÓN Y MAQUINARIA DE PERFORACIÓN | AS8: EQUIPO DE EXPLORACIÓN | AT8: VENTA | AU8: PF | AZ8: IN
A9: 9 | B9: 80042000018191 | C9: BIEN0248 | D9: BODEGA CENTRAL | E9: CONTENEDOR No 2 | F9: INTERIOR CONTENEDOR No 2 | G9: BODEGA CENTRAL | H9: ACTIVO FIJO | I9: ACTIVOS DE EXPLORACION | J9: N/A | K9: N/A | L9: ALTIMETRO | M9: [ ALTIMETRO ] - MARCA: BARIGO; AÑO: 2012; ESTADO: BUENO; COLOR: NEGRO; ESTRUCTURA: PLASTICO; CANTIDAD: 1 | N9: N/A | O9: N/A | P9: N/A | Q9: BARIGO | R9: 6X1000 M | S9: ND | T9: NEGRO | U9: Altímetro de alta precisión 6 x 1000 m. Barómetro. Ø 6 cm. Graduaciones cada 10 m; Rangos: 0 a 4.000 m; 970 a 1.050 hPa. | V9: ND | W9: BUENO | X9: 2012 | Y9: ND | Z9: MATRIZ | AA9: 1 | AB9: 1 | AC9: =AA9-AB9 -> 0 | AD9: N/A | AE9: N/A | AF9: 247 | AG9: 148.3 | AH9: 324 | AI9: =AH9*AB9 -> 324 | AJ9: 152.54464 | AK9: =AJ9*AB9 -> 152.54464 | AL9: =AK9*0.12 -> 18.305357 | AM9: =AL9+AK9 -> 170.85 | AN9: =AJ9*0.9 -> 137.29018 | AO9: =AN9*AB9 -> 137.29018 | AP9: =AO9*0.12 -> 16.474821 | AQ9: =AO9+AP9 -> 153.765 | AR9: EQUIPOS DE EXPLORACIÓN Y MAQUINARIA DE PERFORACIÓN | AS9: EQUIPO DE EXPLORACIÓN | AT9: VENTA | AU9: PF | AZ9: IN
A10: 10 | B10: 80042000018177 | C10: BIEN0249 | D10: BODEGA CENTRAL | E10: CONTENEDOR No 2 | F10: INTERIOR CONTENEDOR No 2 | G10: BODEGA CENTRAL | H10: ACTIVO FIJO | I10: ACTIVOS DE EXPLORACION | J10: N/A | K10: N/A | L10: ALTIMETRO | M10: [ ALTIMETRO ] - MARCA: BARIGO; AÑO: 2012; ESTADO: BUENO; COLOR: NEGRO; ESTRUCTURA: PLASTICO; CANTIDAD: 1 | N10: N/A | O10: N/A | P10: N/A | Q10: BARIGO | R10: 6X1000 M | S10: ND | T10: NEGRO | U10: Altímetro de alta precisión 6 x 1000 m. Barómetro. Ø 6 cm. Graduaciones cada 10 m; Rangos: 0 a 4.000 m; 970 a 1.050 hPa. | V10: ND | W10: BUENO | X10: 2012 | Y10: ND | Z10: MATRIZ | AA10: 1 | AB10: 1 | AC10: =AA10-AB10 -> 0 | AD10: N/A | AE10: N/A | AF10: 247 | AG10: 148.3 | AH10: 324 | AI10: =AH10*AB10 -> 324 | AJ10: 152.54464 | AK10: =AJ10*AB10 -> 152.54464 | AL10: =AK10*0.12 -> 18.305357 | AM10: =AL10+AK10 -> 170.85 | AN10: =AJ10*0.9 -> 137.29018 | AO10: =AN10*AB10 -> 137.29018 | AP10: =AO10*0.12 -> 16.474821 | AQ10: =AO10+AP10 -> 153.765 | AR10: EQUIPOS DE EXPLORACIÓN Y MAQUINARIA DE PERFORACIÓN | AS10: EQUIPO DE EXPLORACIÓN | AT10: VENTA | AU10: PF | AZ10: IN
A11: 11 | B11: 80042000018153 | C11: BIEN0251 | D11: BODEGA CENTRAL | E11: CONTENEDOR No 2 | F11: INTERIOR CONTENEDOR No 2 | G11: BODEGA CENTRAL | H11: ACTIVO FIJO | I11: ACTIVOS DE EXPLORACION | J11: N/A | K11: N/A | L11: ALTIMETRO | M11: [ ALTIMETRO ] - MARCA: BARIGO; AÑO: 2012; ESTADO: BUENO; COLOR: NEGRO; ESTRUCTURA: PLASTICO; CANTIDAD: 1 | N11: N/A | O11: N/A | P11: N/A | Q11: BARIGO | R11: 6X1000 M | S11: ND | T11: NEGRO | U11: Altímetro de alta precisión 6 x 1000 m. Barómetro. Ø 6 cm. Graduaciones cada 10 m; Rangos: 0 a 4.000 m; 970 a 1.050 hPa. | V11: ND | W11: BUENO | X11: 2012 | Y11: ND | Z11: MATRIZ | AA11: 1 | AB11: 1 | AC11: =AA11-AB11 -> 0 | AD11: N/A | AE11: N/A | AF11: 247 | AG11: 148.3 | AH11: 324 | AI11: =AH11*AB11 -> 324 | AJ11: 152.54464 | AK11: =AJ11*AB11 -> 152.54464 | AL11: =AK11*0.12 -> 18.305357 | AM11: =AL11+AK11 -> 170.85 | AN11: =AJ11*0.9 -> 137.29018 | AO11: =AN11*AB11 -> 137.29018 | AP11: =AO11*0.12 -> 16.474821 | AQ11: =AO11+AP11 -> 153.765 | AR11: EQUIPOS DE EXPLORACIÓN Y MAQUINARIA DE PERFORACIÓN | AS11: EQUIPO DE EXPLORACIÓN | AT11: VENTA | AU11: PF | AZ11: IN
A12: 12 | B12: 80042000018184 | C12: BIEN0254 | D12: BODEGA CENTRAL | E12: CONTENEDOR No 2 | F12: INTERIOR CONTENEDOR No 2 | G12: BODEGA CENTRAL | H12: ACTIVO FIJO | I12: ACTIVOS DE EXPLORACION | J12: N/A | K12: N/A | L12: ALTIMETRO | M12: [ ALTIMETRO ] - MARCA: BARIGO; AÑO: 2012; ESTADO: BUENO; COLOR: NEGRO; ESTRUCTURA: PLASTICO; CANTIDAD: 1 | N12: N/A | O12: N/A | P12: N/A | Q12: BARIGO | R12: 6X1000 M | S12: ND | T12: NEGRO | U12: Altímetro de alta precisión 6 x 1000 m. Barómetro. Ø 6 cm. Graduaciones cada 10 m; Rangos: 0 a 4.000 m; 970 a 1.050 hPa. | V12: ND | W12: BUENO | X12: 2012 | Y12: ND | Z12: MATRIZ | AA12: 1 | AB12: 1 | AC12: =AA12-AB12 -> 0 | AD12: N/A | AE12: N/A | AF12: 247 | AG12: 148.3 | AH12: 324 | AI12: =AH12*AB12 -> 324 | AJ12: 152.54464 | AK12: =AJ12*AB12 -> 152.54464 | AL12: =AK12*0.12 -> 18.305357 | AM12: =AL12+AK12 -> 170.85 | AN12: =AJ12*0.9 -> 137.29018 | AO12: =AN12*AB12 -> 137.29018 | AP12: =AO12*0.12 -> 16.474821 | AQ12: =AO12+AP12 -> 153.765 | AR12: EQUIPOS DE EXPLORACIÓN Y MAQUINARIA DE PERFORACIÓN | AS12: EQUIPO DE EXPLORACIÓN | AT12: VENTA | AU12: PF | AZ12: IN
A13: 13 | B13: 80042000018160 | C13: BIEN0256 | D13: BODEGA CENTRAL | E13: CONTENEDOR No 2 | F13: INTERIOR CONTENEDOR No 2 | G13: BODEGA CENTRAL | H13: ACTIVO FIJO | I13: ACTIVOS DE EXPLORACION | J13: N/A | K13: N/A | L13: ALTIMETRO | M13: [ ALTIMETRO ] - MARCA: BARIGO; AÑO: 2012; ESTADO: BUENO; COLOR: NEGRO; ESTRUCTURA: PLASTICO; CANTIDAD: 1 | N13: N/A | O13: N/A | P13: N/A | Q13: BARIGO | R13: 6X1000 M | S13: ND | T13: NEGRO | U13: Altímetro de alta precisión 6 x 1000 m. Barómetro. Ø 6 cm. Graduaciones cada 10 m; Rangos: 0 a 4.000 m; 970 a 1.050 hPa. | V13: ND | W13: BUENO | X13: 2012 | Y13: ND | Z13: MATRIZ | AA13: 1 | AB13: 1 | AC13: =AA13-AB13 -> 0 | AD13: N/A | AE13: N/A | AF13: 247 | AG13: 148.3 | AH13: 324 | AI13: =AH13*AB13 -> 324 | AJ13: 152.54464 | AK13: =AJ13*AB13 -> 152.54464 | AL13: =AK13*0.12 -> 18.305357 | AM13: =AL13+AK13 -> 170.85 | AN13: =AJ13*0.9 -> 137.29018 | AO13: =AN13*AB13 -> 137.29018 | AP13: =AO13*0.12 -> 16.474821 | AQ13: =AO13+AP13 -> 153.765 | AR13: EQUIPOS DE EXPLORACIÓN Y MAQUINARIA DE PERFORACIÓN | AS13: EQUIPO DE EXPLORACIÓN | AT13: VENTA | AU13: PF | AZ13: IN
A14: 14 | B14: 80042000008680 | C14: BIEN0252 | D14: BODEGA CENTRAL | E14: CONTENEDOR No 2 | F14: INTERIOR CONTENEDOR No 2 | G14: BODEGA CENTRAL | H14: ACTIVO FIJO | I14: ACTIVOS DE EXPLORACION | J14: N/A | K14: N/A | L14: ALTIMETRO | M14: [ ALTIMETRO ] - MARCA: BARIGO; AÑO: 2012; ESTADO: BUENO; COLOR: NEGRO; ESTRUCTURA: ( SIN ESTRUCTURA ); COMPONENTE: ( SIN COMPONENTE ); CANTIDAD: 1 | N14: N/A | O14: N/A | P14: N/A | Q14: BARIGO | R14: 6X1000 M | S14: ND | T14: NEGRO | U14: Altímetro de alta precisión 6 x 1000 m. Barómetro. Ø 6 cm. Graduaciones cada 10 m; Rangos: 0 a 4.000 m; 970 a 1.050 hPa. | V14: ND | W14: BUENO | X14: 2012 | Y14: ND | Z14: MOMPICHE | AA14: 1 | AB14: 1 | AC14: =AA14-AB14 -> 0 | AD14: N/A | AE14: N/A | AF14: 247 | AG14: 148.3 | AH14: 324 | AI14: =AH14*AB14 -> 324 | AJ14: 152.54464 | AK14: =AJ14*AB14 -> 152.54464 | AL14: =AK14*0.12 -> 18.305357 | AM14: =AL14+AK14 -> 170.85 | AN14: =AJ14*0.9 -> 137.29018 | AO14: =AN14*AB14 -> 137.29018 | AP14: =AO14*0.12 -> 16.474821 | AQ14: =AO14+AP14 -> 153.765 | AR14: EQUIPOS DE EXPLORACIÓN Y MAQUINARIA DE PERFORACIÓN | AS14: EQUIPO DE EXPLORACIÓN | AT14: VENTA | AU14: PF | AZ14: IN
A15: 15 | B15: 80042000008093 | C15: BIEN0244 | D15: BODEGA CENTRAL | E15: CONTENEDOR No 2 | F15: INTERIOR CONTENEDOR No 2 | G15: BODEGA CENTRAL | H15: ACTIVO FIJO | I15: ACTIVOS DE EXPLORACION | J15: N/A | K15: N/A | L15: ALTIMETRO | M15: [ ALTIMETRO ] - MARCA: BARIGO; AÑO: 2012; ESTADO: BUENO; COLOR: NEGRO; ESTRUCTURA: ( SIN ESTRUCTURA ); COMPONENTE: ( SIN COMPONENTE ); CANTIDAD: 1 | N15: N/A | O15: N/A | P15: N/A | Q15: BARIGO | R15: 6X1000 M | S15: ND | T15: NEGRO | U15: Altímetro de alta precisión 6 x 1000 m. Barómetro. Ø 6 cm. Graduaciones cada 10 m; Rangos: 0 a 4.000 m; 970 a 1.050 hPa. | V15: ND | W15: BUENO | X15: 2012 | Y15: ND | Z15: REVENTADOR | AA15: 1 | AB15: 1 | AC15: =AA15-AB15 -> 0 | AD15: N/A | AE15: N/A | AF15: 247 | AG15: 148.3 | AH15: 324 | AI15: =AH15*AB15 -> 324 | AJ15: 152.54464 | AK15: =AJ15*AB15 -> 152.54464 | AL15: =AK15*0.12 -> 18.305357 | AM15: =AL15+AK15 -> 170.85 | AN15: =AJ15*0.9 -> 137.29018 | AO15: =AN15*AB15 -> 137.29018 | AP15: =AO15*0.12 -> 16.474821 | AQ15: =AO15+AP15 -> 153.765 | AR15: EQUIPOS DE EXPLORACIÓN Y MAQUINARIA DE PERFORACIÓN | AS15: EQUIPO DE EXPLORACIÓN | AT15: VENTA | AU15: PF | AZ15: IN
A16: 16 | B16: 80042000008109 | C16: BIEN0245 | D16: BODEGA CENTRAL | E16: CONTENEDOR No 2 | F16: INTERIOR CONTENEDOR No 2 | G16: BODEGA CENTRAL | H16: ACTIVO FIJO | I16: ACTIVOS DE EXPLORACION | J16: N/A | K16: N/A | L16: ALTIMETRO | M16: [ ALTIMETRO ] - MARCA: BARIGO; AÑO: 2012; ESTADO: BUENO; COLOR: NEGRO; ESTRUCTURA: ( SIN ESTRUCTURA ); COMPONENTE: ( SIN COMPONENTE ); CANTIDAD: 1 | N16: N/A | O16: N/A | P16: N/A | Q16: BARIGO | R16: 6X1000 M | S16: ND | T16: NEGRO | U16: Altímetro de alta precisión 6 x 1000 m. Barómetro. Ø 6 cm. Graduaciones cada 10 m; Rangos: 0 a 4.000 m; 970 a 1.050 hPa. | V16: ND | W16: BUENO | X16: 2012 | Y16: ND | Z16: REVENTADOR | AA16: 1 | AB16: 1 | AC16: =AA16-AB16 -> 0 | AD16: N/A | AE16: N/A | AF16: 247 | AG16: 148.3 | AH16: 324 | AI16: =AH16*AB16 -> 324 | AJ16: 152.54464 | AK16: =AJ16*AB16 -> 152.54464 | AL16: =AK16*0.12 -> 18.305357 | AM16: =AL16+AK16 -> 170.85 | AN16: =AJ16*0.9 -> 137.29018 | AO16: =AN16*AB16 -> 137.29018 | AP16: =AO16*0.12 -> 16.474821 | AQ16: =AO16+AP16 -> 153.765 | AR16: EQUIPOS DE EXPLORACIÓN Y MAQUINARIA DE PERFORACIÓN | AS16: EQUIPO DE EXPLORACIÓN | AT16: VENTA | AU16: PF | AZ16: IN
A17: 17 | B17: 80042000008598 | C17: BIEN0247 | D17: BODEGA CENTRAL | E17: CONTENEDOR No 2 | F17: INTERIOR CONTENEDOR No 2 | G17: BODEGA CENTRAL | H17: ACTIVO FIJO | I17: ACTIVOS DE EXPLORACION | J17: N/A | K17: N/A | L17: ALTIMETRO | M17: [ ALTIMETRO ] - MARCA: BARIGO; AÑO: 2012; ESTADO: BUENO; COLOR: NEGRO; ESTRUCTURA: ( SIN ESTRUCTURA ); COMPONENTE: ( SIN COMPONENTE ); CANTIDAD: 1 | N17: N/A | O17: N/A | P17: N/A | Q17: BARIGO | R17: 6X1000 M | S17: ND | T17: NEGRO | U17: Altímetro de alta precisión 6 x 1000 m. Barómetro. Ø 6 cm. Graduaciones cada 10 m; Rangos: 0 a 4.000 m; 970 a 1.050 hPa. | V17: ND | W17: BUENO | X17: 2012 | Y17: ND | Z17: REVENTADOR | AA17: 1 | AB17: 1 | AC17: =AA17-AB17 -> 0 | AD17: N/A | AE17: N/A | AF17: 247 | AG17: 148.3 | AH17: 324 | AI17: =AH17*AB17 -> 324 | AJ17: 152.54464 | AK17: =AJ17*AB17 -> 152.54464 | AL17: =AK17*0.12 -> 18.305357 | AM17: =AL17+AK17 -> 170.85 | AN17: =AJ17*0.9 -> 137.29018 | AO17: =AN17*AB17 -> 137.29018 | AP17: =AO17*0.12 -> 16.474821 | AQ17: =AO17+AP17 -> 153.765 | AR17: EQUIPOS DE EXPLORACIÓN Y MAQUINARIA DE PERFORACIÓN | AS17: EQUIPO DE EXPLORACIÓN | AT17: VENTA | AU17: PF | AZ17: IN
A18: 18 | B18: 80042000008581 | C18: BIEN0250 | D18: BODEGA CENTRAL | E18: CONTENEDOR No 2 | F18: INTERIOR CONTENEDOR No 2 | G18: BODEGA CENTRAL | H18: ACTIVO FIJO | I18: ACTIVOS DE EXPLORACION | J18: N/A | K18: N/A | L18: ALTIMETRO | M18: [ ALTIMETRO ] - MARCA: BARIGO; AÑO: 2012; ESTADO: BUENO; COLOR: NEGRO; ESTRUCTURA: ( SIN ESTRUCTURA ); COMPONENTE: ( SIN COMPONENTE ); CANTIDAD: 1 | N18: N/A | O18: N/A | P18: N/A | Q18: BARIGO | R18: 6X1000 M | S18: ND | T18: NEGRO | U18: Altímetro de alta precisión 6 x 1000 m. Barómetro. Ø 6 cm. Graduaciones cada 10 m; Rangos: 0 a 4.000 m; 970 a 1.050 hPa. | V18: ND | W18: BUENO | X18: 2012 | Y18: ND | Z18: REVENTADOR | AA18: 1 | AB18: 1 | AC18: =AA18-AB18 -> 0 | AD18: N/A | AE18: N/A | AF18: 247 | AG18: 148.3 | AH18: 324 | AI18: =AH18*AB18 -> 324 | AJ18: 152.54464 | AK18: =AJ18*AB18 -> 152.54464 | AL18: =AK18*0.12 -> 18.305357 | AM18: =AL18+AK18 -> 170.85 | AN18: =AJ18*0.9 -> 137.29018 | AO18: =AN18*AB18 -> 137.29018 | AP18: =AO18*0.12 -> 16.474821 | AQ18: =AO18+AP18 -> 153.765 | AR18: EQUIPOS DE EXPLORACIÓN Y MAQUINARIA DE PERFORACIÓN | AS18: EQUIPO DE EXPLORACIÓN | AT18: VENTA | AU18: PF | AZ18: IN
... A25: 165 | B25: 80042000008949 | C25: BIEN0091 | D25: BODEGA CENTRAL | E25: ESTANTERIA 15 | F25: NIVEL 1 | G25: BODEGA CENTRAL | H25: ACTIVO FIJO | I25: MAQUINARIA Y EQUIPO PESADO | J25: N/A | K25: N/A | L25: ESTACION TOTAL | M25: [ ESTACION TOTAL ] - MARCA: TRIMBLE M3; MODELO: DR2; SERIE: C602604; AÑO: 2012; ESTADO: BUENO; COLOR: AMARILLO; ESTRUCTURA: ( SIN ESTRUCTURA ); COMPONENTE: ( SIN COMPONENTE ); CANTIDAD: 1 | N25: N/A | O25: N/A | P25: N/A | Q25: TRIMBLE | R25: M3 DR2 | S25: C602604 | T25: AMARILLO | U25: ND | V25: ND | W25: BUENO | X25: 2012 | Y25: ND | Z25: MOMPICHE | AA25: 1 | AB25: 1 | AC25: =AA25-AB25 -> 0 | AD25: N/A | AE25: N/A | AF25: 7320 | AG25: 5124 | AH25: 7344 | AI25: =AH25*AB25 -> 7344 | AJ25: 3843.75 | AK25: =AJ25*AB25 -> 3843.75 | AL25: =AK25*0.12 -> 461.25 | AM25: =AL25+AK25 -> 4305 | AN25: =AJ25*0.9 -> 3459.375 | AO25: =AN25*AB25 -> 3459.375 | AP25: =AO25*0.12 -> 415.125 | AQ25: =AO25+AP25 -> 3874.5 | AR25: EQUIPOS DE EXPLORACIÓN Y MAQUINARIA DE PERFORACIÓN | AS25: EQUIPO DE TOPOGRAFÍA | AT25: VENTA | AU25: PF | AZ25: IN
A26: 166 | B26: 80042000006242 | C26: BIEN0323 | D26: BODEGA CENTRAL | E26: CONTENEDOR No 1 | F26: INTERIOR CONTENEDOR No 1 | G26: BODEGA CENTRAL | H26: ACTIVO FIJO | I26: MAQUINARIA Y EQUIPO PESADO | J26: N/A | K26: N/A | L26: CONTENEDOR | M26: [ CONTENEDOR ] - AÑO: 2008; ESTADO: BUENO; COLOR: ROJO; ESTRUCTURA: METAL; COMPONENTE: ( SIN COMPONENTE ); LARGO: 600 CM; ANCHO: 240 CM; ALTO: 260 CM; CANTIDAD: 1 | N26: N/A | O26: N/A | P26: N/A | Q26: FLORENS | R26: 22G1 | S26: 308590 | T26: ROJO | U26: 28260 KG | V26: ND | W26: BUENO | X26: 2008 | Y26: PISO DE MADERA | Z26: MOMPICHE | AA26: 1 | AB26: 1 | AC26: =AA26-AB26 -> 0 | AD26: N/A | AE26: N/A | AF26: 5282 | AG26: 3697.4 | AH26: 6500 | AI26: =AH26*AB26 -> 6500 | AJ26: 2219.04 | AK26: =AJ26*AB26 -> 2219.04 | AL26: =AK26*0.12 -> 266.2848 | AM26: =AL26+AK26 -> 2485.3248 | AN26: =AJ26*0.9 -> 1997.136 | AO26: =AN26*AB26 -> 1997.136 | AP26: =AO26*0.12 -> 239.65632 | AQ26: =AO26+AP26 -> 2236.7923 | AR26: EQUIPOS DE EXPLORACIÓN Y MAQUINARIA DE PERFORACIÓN | AS26: MAQUINARIAS E ÍNSUMOS DE PERFORACIÓN | AT26: VENTA | AU26: PF | AZ26: IN
A27: 167 | B27: 80042000006259 | C27: BIEN0381 | D27: BODEGA CENTRAL | E27: CONTENEDOR No 2 | F27: INTERIOR CONTENEDOR No 2 | G27: BODEGA CENTRAL | H27: ACTIVO FIJO | I27: MAQUINARIA Y EQUIPO PESADO | J27: N/A | K27: N/A | L27: CONTENEDOR | M27: [ CONTENEDOR ] - AÑO: 2008; ESTADO: BUENO; COLOR: ROJO; ESTRUCTURA: METAL; COMPONENTE: ( SIN COMPONENTE ); LARGO: 600 CM; ANCHO: 240 CM; ALTO: 260 CM; CANTIDAD: 1 | N27: N/A | O27: N/A | P27: N/A | Q27: FLORENS | R27: 22G1 | S27: 385814 | T27: ROJO | U27: 28260 KG | V27: ND | W27: BUENO | X27: 2008 | Y27: PISO DE MADERA | Z27: MOMPICHE | AA27: 1 | AB27: 1 | AC27: =AA27-AB27 -> 0 | AD27: N/A | AE27: N/A | AF27: 5282 | AG27: 3697.4 | AH27: 6500 | AI27: =AH27*AB27 -> 6500 | AJ27: 2219.04 | AK27: =AJ27*AB27 -> 2219.04 | AL27: =AK27*0.12 -> 266.2848 | AM27: =AL27+AK27 -> 2485.3248 | AN27: =AJ27*0.9 -> 1997.136 | AO27: =AN27*AB27 -> 1997.136 | AP27: =AO27*0.12 -> 239.65632 | AQ27: =AO27+AP27 -> 2236.7923 | AR27: EQUIPOS DE EXPLORACIÓN Y MAQUINARIA DE PERFORACIÓN | AS27: MAQUINARIAS E ÍNSUMOS DE PERFORACIÓN | AT27: VENTA | AU27: PF | AZ27: IN
A28: 168 | B28: 80042000008956 | C28: BIEN0083 | D28: BODEGA CENTRAL | E28: ESTANTERIA 15 | F28: NIVEL 3 | G28: BODEGA CENTRAL | H28: ACTIVO FIJO | I28: MAQUINARIA Y EQUIPO PESADO | J28: N/A | K28: N/A | L28: ESTACION TOTAL | M28: [ ESTACION TOTAL ] - MARCA: SOKKIA; MODELO: SET550RX; SERIE: 117361; AÑO: 2007; ESTADO: BUENO; COLOR: VERDE; ESTRUCTURA: ( SIN ESTRUCTURA ); COMPONENTE: ( SIN COMPONENTE ); CANTIDAD: 1 | N28: N/A | O28: N/A | P28: N/A | Q28: SOKKIA | R28: SET550RX | S28: 117361 | T28: PLOMO | U28: ND | V28: ND | W28: BUENO | X28: 2007 | Y28: ND | Z28: MOMPICHE | AA28: 1 | AB28: 1 | AC28: =AA28-AB28 -> 0 | AD28: N/A | AE28: N/A | AF28: 3979 | AG28: 2785.1 | AH28: 5226 | AI28: =AH28*AB28 -> 5226 | AJ28: 2089.575 | AK28: =AJ28*AB28 -> 2089.575 | AL28: =AK28*0.12 -> 250.749 | AM28: =AL28+AK28 -> 2340.324 | AN28: =AJ28*0.9 -> 1880.6175 | AO28: =AN28*AB28 -> 1880.6175 | AP28: =AO28*0.12 -> 225.6741 | AQ28: =AO28+AP28 -> 2106.2916 | AR28: EQUIPOS DE EXPLORACIÓN Y MAQUINARIA DE PERFORACIÓN | AS28: EQUIPO DE TOPOGRAFÍA | AT28: VENTA | AU28: PF | AZ28: IN
A29: 182 | B29: 80042000000820 | C29: BIEN0163 | D29: BODEGA CENTRAL | E29: ARMARIO 1 | F29: NIVEL 2 | G29: BODEGA CENTRAL | H29: ACTIVO FIJO | I29: MAQUINARIA Y EQUIPO PESADO | J29: N/A | K29: N/A | L29: LUXOMETRO | M29: [ LUXOMETRO ] - MARCA: TESTO; MODELO: 545; AÑO: 2013; ESTADO: BUENO; COLOR: AZUL; ESTRUCTURA: ( SIN ESTRUCTURA ); COMPONENTE: ( SIN COMPONENTE ); CANTIDAD: 1 | N29: N/A | O29: N/A | P29: N/A | Q29: TESTO | R29: 545 | S29: 2548825 | T29: AZUL | U29: ND | V29: ND | W29: BUENO | X29: 2013 | Y29: ND | Z29: REVENTADOR | AA29: 1 | AB29: 1 | AC29: =AA29-AB29 -> 0 | AD29: N/A | AE29: N/A | AF29: 567 | AG29: 396.7 | AH29: 781 | AI29: =AH29*AB29 -> 781 | AJ29: 298.275 | AK29: =AJ29*AB29 -> 298.275 | AL29: =AK29*0.12 -> 35.793 | AM29: =AL29+AK29 -> 334.068 | AN29: =AJ29*0.9 -> 268.4475 | AO29: =AN29*AB29 -> 268.4475 | AP29: =AO29*0.12 -> 32.2137 | AQ29: =AO29+AP29 -> 300.6612 | AR29: EQUIPOS MEDICOS / MDEM / IM / RDT / PP / SEÑALETICA Y MS / EXTINTORES / MDGA | AS29: EQUIPO MÉDICO | AT29: SIN USO | AU29: INVTR | AZ29: IN
A30: 183 | B30: 80042000018566 | C30: INV00665 | D30: BODEGA CENTRAL | E30: ESTRUCTURA DE MADERA TRAS CONTENEDOR No 1 | F30: SOBRE ESTRUCTURA DE MADERA TRAS CONTENEDOR No 1 | G30: BODEGA CENTRAL | H30: ACTIVO FIJO | I30: MAQUINARIA Y EQUIPO PESADO | J30: N/A | K30: N/A | L30: BALANZA CON TALLIMETRO | M30: BASCULA ROMANA CON TALLIMETRO 200 KG. ADE M318800 | N30: N/A | O30: N/A | P30: N/A | Q30: ADE | R30: M318800 | S30: 16329-0000802 | T30: GRIS | U30: ND | V30: ND | W30: MUY BUENO | X30: 2017 | Y30: ND | Z30: MATRIZ | AA30: 1 | AB30: 1 | AC30: =AA30-AB30 -> 0 | AD30: N/A | AE30: N/A | AF30: 450 | AG30: 310.36 | AH30: 364.936 | AI30: =AH30*AB30 -> 364.936 | AJ30: 217.952 | AK30: =AJ30*AB30 -> 217.952 | AL30: =AK30*0.12 -> 26.15424 | AM30: =AL30+AK30 -> 244.10624 | AN30: =AJ30*0.9 -> 196.1568 | AO30: =AN30*AB30 -> 196.1568 | AP30: =AO30*0.12 -> 23.538816 | AQ30: =AO30+AP30 -> 219.69562 | AR30: EQUIPOS MEDICOS / MDEM / IM / RDT / PP / SEÑALETICA Y MS / EXTINTORES / MDGA | AS30: EQUIPO MÉDICO | AT30: VENTA | AU30: SAR | AZ30: IN
A31: 184 | B31: 80042000018573 | C31: INV00669 | D31: BODEGA CENTRAL | E31: ESTRUCTURA DE MADERA TRAS CONTENEDOR No 1 | F31: SOBRE ESTRUCTURA DE MADERA TRAS CONTENEDOR No 1 | G31: BODEGA CENTRAL | H31: ACTIVO FIJO | I31: MAQUINARIA Y EQUIPO PESADO | J31: N/A | K31: N/A | L31: BALANZA CON TALLIMETRO | M31: BASCULA ROMANA CON TALLIMETRO 200 KG. ADE M318800 | N31: N/A | O31: N/A | P31: N/A | Q31: ADE | R31: M318800 | S31: 16329-0005890 | T31: GRIS | U31: ND | V31: ND | W31: MUY BUENO | X31: 2017 | Y31: ND | Z31: MATRIZ | AA31: 1 | AB31: 1 | AC31: =AA31-AB31 -> 0 | AD31: N/A | AE31: N/A | AF31: 450 | AG31: 310.36 | AH31: 364.936 | AI31: =AH31*AB31 -> 364.936 | AJ31: 217.952 | AK31: =AJ31*AB31 -> 217.952 | AL31: =AK31*0.12 -> 26.15424 | AM31: =AL31+AK31 -> 244.10624 | AN31: =AJ31*0.9 -> 196.1568 | AO31: =AN31*AB31 -> 196.1568 | AP31: =AO31*0.12 -> 23.538816 | AQ31: =AO31+AP31 -> 219.69562 | AR31: EQUIPOS MEDICOS / MDEM / IM / RDT / PP / SEÑALETICA Y MS / EXTINTORES / MDGA | AS31: EQUIPO MÉDICO | AT31: VENTA | AU31: SAR | AZ31: IN
A32: 186 | B32: 80042000007782 | C32: BIEN0574 | D32: BODEGA CENTRAL | E32: ESTANTERIA 2 | F32: PASILLO ESTANTERIA 2 | G32: BODEGA CENTRAL | H32: ACTIVO FIJO | I32: MAQUINARIA Y EQUIPO PESADO | J32: N/A | K32: N/A | L32: BALANZA DE PLATAFORMA | M32: [ BALANZA DE PLATAFORMA ] - MODELO: A12E; AÑO: 2012; ESTADO: BUENO; COLOR: (SIN COLOR); ESTRUCTURA: ACERO INOXIDABLE; COMPONENTE: ( SIN COMPONENTE ); CAPACIDAD: 8 KG; CANTIDAD: 1 | N32: N/A | O32: N/A | P32: N/A | Q32: AC LOW BATERY | R32: A12E | S32: ND | T32: SIN COLOR | U32: 8 KG | V32: ND | W32: BUENO | X32: 2012 | Y32: ND | Z32: MOMPICHE | AA32: 1 | AB32: 1 | AC32: =AA32-AB32 -> 0 | AD32: N/A | AE32: N/A | AF32: 346 | AG32: 242.2 | AH32: 500 | AI32: =AH32*AB32 -> 500 | AJ32: 193.75 | AK32: =AJ32*AB32 -> 193.75 | AL32: =AK32*0.12 -> 23.25 | AM32: =AL32+AK32 -> 217 | AN32: =AJ32*0.9 -> 174.375 | AO32: =AN32*AB32 -> 174.375 | AP32: =AO32*0.12 -> 20.925 | AQ32: =AO32+AP32 -> 195.3 | AR32: EQUIPOS DE EXPLORACIÓN Y MAQUINARIA DE PERFORACIÓN | AS32: HERRAMIENTAS DE PERFORACIÓN | AT32: SIN USO | AU32: INVTR | AZ32: IN
A33: 187 | B33: 80042000018351 | C33: INV00664 | D33: BODEGA CENTRAL | E33: ESTRUCTURA DE MADERA TRAS CONTENEDOR No 1 | F33: SOBRE ESTRUCTURA DE MADERA TRAS CONTENEDOR No 1 | G33: BODEGA CENTRAL | H33: ACTIVO FIJO | I33: MAQUINARIA Y EQUIPO PESADO | J33: N/A | K33: N/A | L33: BALANZA CON TALLIMETRO | M33: BASCULA ROMANA CON TALLIMETRO 200 KG. ADE M318800 | N33: N/A | O33: N/A | P33: N/A | Q33: ADE | R33: M318800 | S33: 16329-0000588 | T33: GRIS | U33: ND | V33: ND | W33: BUENO | X33: 2017 | Y33: ND | Z33: MATRIZ | AA33: 1 | AB33: 1 | AC33: =AA33-AB33 -> 0 | AD33: N/A | AE33: N/A | AF33: 450 | AG33: 310.36 | AH33: 364.936 | AI33: =AH33*AB33 -> 364.936 | AJ33: 217.952 | AK33: =AJ33*AB33 -> 217.952 | AL33: =AK33*0.12 -> 26.15424 | AM33: =AL33+AK33 -> 244.10624 | AN33: =AJ33*0.9 -> 196.1568 | AO33: =AN33*AB33 -> 196.1568 | AP33: =AO33*0.12 -> 23.538816 | AQ33: =AO33+AP33 -> 219.69562 | AR33: EQUIPOS MEDICOS / MDEM / IM / RDT / PP / SEÑALETICA Y MS / EXTINTORES / MDGA | AS33: EQUIPO MÉDICO | AT33: VENTA | AU33: SAR | AZ33: IN
A34: 193 | B34: 80042000009656 | C34: BIEN0294 | D34: BODEGA CENTRAL | E34: ESTRUCTURA DE MADERA TRAS CONTENEDOR No 1 | F34: BAJO ESTRUCTURA DE MADERA TRAS CONTENEDOR No 1 | G34: BODEGA CENTRAL | H34: ACTIVO FIJO | I34: MAQUINARIA Y EQUIPO PESADO | J34: N/A | K34: N/A | L34: EXTINTOR PQS | M34: [ EXTINTOR PQS ] - AÑO: 2013; ESTADO: BUENO; COLOR: ROJO; ESTRUCTURA: ACERO; COMPONENTE: ( SIN COMPONENTE ); CAPACIDAD: 100 LB; CANTIDAD: 1 | N34: N/A | O34: N/A | P34: N/A | Q34: PREDEXE | R34: ND | S34: ND | T34: ROJO | U34: 100 lb | V34: ND | W34: BUENO | X34: 2013 | Y34: CON CARRO DE 2 RUEDAS, 100 LIBRAS | Z34: MOMPICHE | AA34: 1 | AB34: 1 | AC34: =AA34-AB34 -> 0 | AD34: N/A | AE34: N/A | AF34: 484 | AG34: 338.8 | AH34: 390 | AI34: =AH34*AB34 -> 390 | AJ34: 203.88 | AK34: =AJ34*AB34 -> 203.88 | AL34: =AK34*0.12 -> 24.4656 | AM34: =AL34+AK34 -> 228.3456 | AN34: =AJ34*0.9 -> 183.492 | AO34: =AN34*AB34 -> 183.492 | AP34: =AO34*0.12 -> 22.01904 | AQ34: =AO34+AP34 -> 205.51104 | AR34: EQUIPOS MEDICOS / MDEM / IM / RDT / PP / SEÑALETICA Y MS / EXTINTORES / MDGA | AS34: EXTINTORES | AT34: VENTA | AU34: SAR | AZ34: IN
A35: 194 | B35: 80042000009649 | C35: BIEN0295 | D35: BODEGA CENTRAL | E35: ESTRUCTURA DE MADERA TRAS CONTENEDOR No 1 | F35: BAJO ESTRUCTURA DE MADERA TRAS CONTENEDOR No 1 | G35: BODEGA CENTRAL | H35: ACTIVO FIJO | I35: MAQUINARIA Y EQUIPO PESADO | J35: N/A | K35: N/A | L35: EXTINTOR PQS | M35: [ EXTINTOR PQS ] - AÑO: 2013; ESTADO: BUENO; COLOR: ROJO; ESTRUCTURA: ACERO; COMPONENTE: ( SIN COMPONENTE ); CAPACIDAD: 100 LB; CANTIDAD: 1 | N35: N/A | O35: N/A | P35: N/A | Q35: PREDEXE | R35: ND | S35: ND | T35: ROJO | U35: 100 lb | V35: ND | W35: BUENO | X35: 2013 | Y35: CON CARRO DE 2 RUEDAS, 100 LIBRAS | Z35: MOMPICHE | AA35: 1 | AB35: 1 | AC35: =AA35-AB35 -> 0 | AD35: N/A | AE35: N/A | AF35: 484 | AG35: 338.8 | AH35: 390 | AI35: =AH35*AB35 -> 390 | AJ35: 203.88 | AK35: =AJ35*AB35 -> 203.88 | AL35: =AK35*0.12 -> 24.4656 | AM35: =AL35+AK35 -> 228.3456 | AN35: =AJ35*0.9 -> 183.492 | AO35: =AN35*AB35 -> 183.492 | AP35: =AO35*0.12 -> 22.01904 | AQ35: =AO35+AP35 -> 205.51104 | AR35: EQUIPOS MEDICOS / MDEM / IM / RDT / PP / SEÑALETICA Y MS / EXTINTORES / MDGA | AS35: EXTINTORES | AT35: VENTA | AU35: SAR | AZ35: IN
A36: 195 | B36: 80042000008512 | C36: BIEN0538 | D36: BODEGA CENTRAL | E36: MAQUINARIA | F36: PARED DERECHA CONTENEDOR No 2 MAQUINARIA | G36: BODEGA CENTRAL | H36: ACTIVO FIJO | I36: MAQUINARIA Y EQUIPO PESADO | J36: N/A | K36: N/A | L36: TABLERO DE CONTROL | M36: [ TABLERO DE CONTROL ] - AÑO: 2012; ESTADO: BUENO; COLOR: BEIGE; ESTRUCTURA: METAL; COMPONENTE: ( SIN COMPONENTE ); LARGO: 40 CM; ANCHO: 20 CM; ALTO: 60 CM; CANTIDAD: 1 | N36: N/A | O36: N/A | P36: N/A | Q36: ND | R36: ND | S36: ND | T36: BEIGE | U36: ND | V36: ND | W36: BUENO | X36: 2012 | Y36: ND | Z36: REVENTADOR | AA36: 1 | AB36: 1 | AC36: =AA36-AB36 -> 0 | AD36: N/A | AE36: N/A | AF36: 154 | AG36: 107.8 | AH36: 214.77 | AI36: =AH36*AB36 -> 214.77 | AJ36: 83.125 | AK36: =AJ36*AB36 -> 83.125 | AL36: =AK36*0.12 -> 9.975 | AM36: =AL36+AK36 -> 93.1 | AN36: =AJ36*0.9 -> 74.8125 | AO36: =AN36*AB36 -> 74.8125 | AP36: =AO36*0.12 -> 8.9775 | AQ36: =AO36+AP36 -> 83.79 | AR36: EQUIPOS DE EXPLORACIÓN Y MAQUINARIA DE PERFORACIÓN | AS36: MATERIALES DE FERRETERÍA | AT36: VENTA | AU36: PF | AZ36: IN
A37: 196 | B37: 80042000008147 | C37: BIEN0397 | D37: BODEGA CENTRAL | E37: ESTANTERIA 4 | F37: NIVEL 1 | G37: BODEGA CENTRAL | H37: ACTIVO FIJO | I37: MAQUINARIA Y EQUIPO PESADO | J37: N/A | K37: N/A | L37: SOPLADOR DE AIRE | M37: [ SOPLADOR DE AIRE ] - MARCA: MAKITA; MODELO: UB1100; SERIE: 00200057K; AÑO: 2013; ESTADO: BUENO; COLOR: VERDE; ESTRUCTURA: ( SIN ESTRUCTURA ); COMPONENTE: ( SIN COMPONENTE ); CANTIDAD: 1 | N37: N/A | O37: N/A | P37: N/A | Q37: MAKITA | R37: UB1101 | S37: 00200057K | T37: VERDE | U37: ND | V37: ND | W37: BUENO | X37: 2013 | Y37: ND | Z37: MATRIZ | AA37: 1 | AB37: 1 | AC37: =AA37-AB37 -> 0 | AD37: N/A | AE37: N/A | AF37: 110 | AG37: 77 | AH37: 238.8 | AI37: =AH37*AB37 -> 238.8 | AJ37: 77 | AK37: =AJ37*AB37 -> 77 | AL37: =AK37*0.12 -> 9.24 | AM37: =AL37+AK37 -> 86.24 | AN37: =AJ37*0.9 -> 69.3 | AO37: =AN37*AB37 -> 69.3 | AP37: =AO37*0.12 -> 8.316 | AQ37: =AO37+AP37 -> 77.616 | AR37: EQUIPOS DE COMPUTO | AS37: EQUIPOS DE COMPUTO | AT37: EN USO | AU37: EN USO | AZ37: IN
A38: 197 | B38: 80042000009267 | C38: BIEN0571 | D38: BODEGA CENTRAL | E38: ESTANTERIA 8 | F38: NIVEL 3 | G38: BODEGA CENTRAL | H38: ACTIVO FIJO | I38: MAQUINARIA Y EQUIPO PESADO | J38: N/A | K38: N/A | L38: BOMBA SUMERGIBLE | M38: [ BOMBA SUMERGIBLE ] - MARCA: LITTLE GIANT; MODELO: PE-2H; SERIE: 12D140201495W; AÑO: 2012; ESTADO: BUENO; COLOR: NEGRO; ESTRUCTURA: ( SIN ESTRUCTURA ); COMPONENTE: ( SIN COMPONENTE ); CANTIDAD: 1 | N38: N/A | O38: N/A | P38: N/A | Q38: LITTLE GIANT | R38: PE-2H | S38: 12D140201495W | T38: NEGRO | U38: ND | V38: ND | W38: BUENO | X38: 2012 | Y38: ND | Z38: REVENTADOR | AA38: 1 | AB38: 1 | AC38: =AA38-AB38 -> 0 | AD38: N/A | AE38: N/A | AF38: 115 | AG38: 80.3 | AH38: 124 | AI38: =AH38*AB38 -> 124 | AJ38: 48.78 | AK38: =AJ38*AB38 -> 48.78 | AL38: =AK38*0.12 -> 5.8536 | AM38: =AL38+AK38 -> 54.6336 | AN38: =AJ38*0.9 -> 43.902 | AO38: =AN38*AB38 -> 43.902 | AP38: =AO38*0.12 -> 5.26824 | AQ38: =AO38+AP38 -> 49.17024 | AR38: EQUIPOS DE EXPLORACIÓN Y MAQUINARIA DE PERFORACIÓN | AS38: EQUIPO DE EXPLORACIÓN | AT38: VENTA | AU38: PF | AZ38: IN
A39: 198 | B39: 80042000004293 | C39: BIEN0292 | D39: BODEGA CENTRAL | E39: ESTRUCTURA DE MADERA TRAS CONTENEDOR No 1 | F39: BAJO ESTRUCTURA DE MADERA TRAS CONTENEDOR No 1 | G39: BODEGA CENTRAL | H39: ACTIVO FIJO | I39: MAQUINARIA Y EQUIPO PESADO | J39: N/A | K39: N/A | L39: EXTINTOR CO2 | M39: [ EXTINTOR CO2 ] - AÑO: 2012; ESTADO: BUENO; COLOR: ROJO; ESTRUCTURA: ACERO; COMPONENTE: ( SIN COMPONENTE ); CAPACIDAD: 20 LB; CANTIDAD: 1 | N39: N/A | O39: N/A | P39: N/A | Q39: AC PLANETA | R39: ND | S39: ND | T39: ROJO | U39: 20 lb | V39: ND | W39: BUENO (VALOR ADQUISICION SOBREVALORADO) | X39: 2012 | Y39: CON COCHE DE 2 RUEDAS, CO2 , 20 LIBRAS | Z39: MATRIZ | AA39: 1 | AB39: 1 | AC39: =AA39-AB39 -> 0 | AD39: N/A | AE39: N/A | AF39: 135 | AG39: 94.3 | AH39: 50 | AI39: =AH39*AB39 -> 50 | AJ39: 12 | AK39: =AJ39*AB39 -> 12 | AL39: =AK39*0.12 -> 1.44 | AM39: =AL39+AK39 -> 13.44 | AN39: =AJ39*0.9 -> 10.8 | AO39: =AN39*AB39 -> 10.8 | AP39: =AO39*0.12 -> 1.296 | AQ39: =AO39+AP39 -> 12.096 | AR39: EQUIPOS MEDICOS / MDEM / IM / RDT / PP / SEÑALETICA Y MS / EXTINTORES / MDGA | AS39: EXTINTORES | AT39: VENTA | AU39: SAR | AZ39: IN
A40: 199 | B40: 80042000007362 | C40: BIEN0293 | D40: BODEGA CENTRAL | E40: ESTRUCTURA DE MADERA TRAS CONTENEDOR No 1 | F40: BAJO ESTRUCTURA DE MADERA TRAS CONTENEDOR No 1 | G40: BODEGA CENTRAL | H40: ACTIVO FIJO | I40: MAQUINARIA Y EQUIPO PESADO | J40: N/A | K40: N/A | L40: EXTINTOR CO2 | M40: [ EXTINTOR CO2 ] - MARCA: PREDEXE; AÑO: 2012; ESTADO: BUENO; COLOR: ROJO; ESTRUCTURA: ACERO; COMPONENTE: ( SIN COMPONENTE ); CAPACIDAD: 20 LB; CANTIDAD: 1 | N40: N/A | O40: N/A | P40: N/A | Q40: AC PLANETA | R40: ND | S40: ND | T40: ROJO | U40: 20 lb | V40: ND | W40: BUENO (VALOR ADQUISICION SOBREVALORADO) | X40: 2012 | Y40: CON COCHE DE 2 RUEDAS, CO2 , 20 LIBRAS | Z40: MOMPICHE | AA40: 1 | AB40: 1 | AC40: =AA40-AB40 -> 0 | AD40: N/A | AE40: N/A | AF40: 135 | AG40: 94.3 | AH40: 50 | AI40: =AH40*AB40 -> 50 | AJ40: 12 | AK40: =AJ40*AB40 -> 12 | AL40: =AK40*0.12 -> 1.44 | AM40: =AL40+AK40 -> 13.44 | AN40: =AJ40*0.9 -> 10.8 | AO40: =AN40*AB40 -> 10.8 | AP40: =AO40*0.12 -> 1.296 | AQ40: =AO40+AP40 -> 12.096 | AR40: EQUIPOS MEDICOS / MDEM / IM / RDT / PP / SEÑALETICA Y MS / EXTINTORES / MDGA | AS40: EXTINTORES | AT40: VENTA | AU40: SAR | AZ40: IN
A41: 200 | B41: 80042000018610 | C41: BIEN0568 | D41: BODEGA CENTRAL | E41: ESTANTERIA 58 | F41: PASILLO ESTANTERIA 58 | G41: BODEGA CENTRAL | H41: ACTIVO FIJO | I41: MUEBLES Y ENSERES | J41: N/A | K41: N/A | L41: ARCHIVADOR RODANTE | M41: ARCHIVADOR RODANTE | N41: N/A | O41: N/A | P41: N/A | Q41: ND | R41: ND | S41: ND | T41: PLOMO | U41: ND | V41: METAL Y MDF | W41: BUENO | X41: 2017 | Y41: DESARMADA | Z41: MATRIZ | AA41: 1 | AB41: 1 | AC41: =AA41-AB41 -> 0 | AD41: N/A | AE41: N/A | AF41: 3712 | AG41: 2784 | AH41: 2600 | AI41: =AH41*AB41 -> 2600 | AJ41: 1949.5 | AK41: =AJ41*AB41 -> 1949.5 | AL41: =AK41*0.12 -> 233.94 | AM41: =AL41+AK41 -> 2183.44 | AN41: =AJ41*0.9 -> 1754.55 | AO41: =AN41*AB41 -> 1754.55 | AP41: =AO41*0.12 -> 210.546 | AQ41: =AO41+AP41 -> 1965.096 | AR41: MOVILIARIO | AS41: MOVILIARIO | AT41: VENTA | AU41: MB | AZ41: IN
... A44: 206 | B44: 80042000005849 | C44: BIEN0608 | D44: BODEGA CENTRAL | E44: CONTENEDOR No 2 | F44: INTERIOR CONTENEDOR No 2 | G44: BODEGA CENTRAL | H44: ACTIVO FIJO | I44: MUEBLES Y ENSERES | J44: N/A | K44: N/A | L44: SET PUBLICITARIO PORTATIL | M44: [ SET PUBLICITARIO PORTATIL ] - AÑO: 2012; ESTADO: BUENO; COLOR: NEGRO; ESTRUCTURA: ALUMINIO; COMPONENTE: LONA; CANTIDAD: 1 | N44: N/A | O44: N/A | P44: N/A | Q44: ND | R44: ND | S44: ND | T44: NEGRO | U44: ND | V44: ND | W44: BUENO | X44: 2012 | Y44: ND | Z44: MATRIZ | AA44: 1 | AB44: 1 | AC44: =AA44-AB44 -> 0 | AD44: N/A | AE44: N/A | AF44: 550 | AG44: 329.8 | AH44: 1256.4045 | AI44: =AH44*AB44 -> 1256.4045 | AJ44: 417.03125 | AK44: =AJ44*AB44 -> 417.03125 | AL44: =AK44*0.12 -> 50.04375 | AM44: =AL44+AK44 -> 467.075 | AN44: =AJ44*0.9 -> 375.32812 | AO44: =AN44*AB44 -> 375.32812 | AP44: =AO44*0.12 -> 45.039375 | AQ44: =AO44+AP44 -> 420.3675 | AR44: MATERIALES DE PUBLICIDAD | AS44: MATERIALES DE PUBLICIDAD | AT44: SIN USO | AU44: INVTR | AZ44: IN
A45: 209 | B45: 80042000001384 | C45: BIEN0491 | D45: EDIFICIO MATRIZ | E45: ADMINISTRATIVO | F45: ADMINISTRATIVO | G45: USO OFICINA | H45: ACTIVO FIJO | I45: MUEBLES Y ENSERES | J45: N/A | K45: N/A | L45: RACK DE PISO TIPO GABINETE | M45: [ RACK DE PISO TIPO GABINETE ] - AÑO: 2012; ESTADO: BUENO; COLOR: NEGRO; ESTRUCTURA: METAL; COMPONENTE: VIDRIO; LARGO: 60 CM; ANCHO: 75 CM; ALTO: 204 CM; PUERTAS: 2; CANTIDAD: 1 | N45: N/A | O45: N/A | P45: N/A | Q45: ND | R45: ND | S45: ND | T45: NEGRO | U45: ND | V45: VIDRIO | W45: BUENO | X45: 2012 | Y45: USADO INCLUYE PATCH PANEL COD 003-001-0001 (42 U) PUERTA DE VIDRIO | Z45: MATRIZ | AA45: 1 | AB45: 1 | AC45: =AA45-AB45 -> 0 | AD45: N/A | AE45: N/A | AF45: 608 | AG45: 364.8 | AH45: 1039 | AI45: =AH45*AB45 -> 1039 | AJ45: 344.78125 | AK45: =AJ45*AB45 -> 344.78125 | AL45: =AK45*0.12 -> 41.37375 | AM45: =AL45+AK45 -> 386.155 | AN45: =AJ45*0.9 -> 310.30312 | AO45: =AN45*AB45 -> 310.30312 | AP45: =AO45*0.12 -> 37.236375 | AQ45: =AO45+AP45 -> 347.5395 | AR45: EQUIPOS DE COMPUTO | AS45: EQUIPOS DE COMPUTO | AT45: EN USO | AU45: EN USO | AV45: OFICINA EN USO | AZ45: IN
A46: 213 | B46: 80042000001629 | C46: BIEN0567 | D46: BODEGA CENTRAL | E46: ESTANTERIA 58 | F46: PASILLO ESTANTERIA 58 | G46: BODEGA CENTRAL | H46: ACTIVO FIJO | I46: MUEBLES Y ENSERES | J46: N/A | K46: N/A | L46: MESA DE REUNIONES | M46: [ MESA DE REUNIONES ] - AÑO: 2012; ESTADO: BUENO; COLOR: CAFE; ESTRUCTURA: METAL; COMPONENTE: MDF; LARGO: 480 CM; ANCHO: 120 CM; ALTO: 75 CM; CANTIDAD: 1 | N46: N/A | O46: N/A | P46: N/A | Q46: ND | R46: ND | S46: ND | T46: CAFE | U46: 480X120X75 | V46: MDF | W46: BUENO | X46: 2012 | Y46: DESARMADA | Z46: MATRIZ | AA46: 1 | AB46: 1 | AC46: =AA46-AB46 -> 0 | AD46: N/A | AE46: N/A | AF46: 885 | AG46: 530.9 | AH46: 476 | AI46: =AH46*AB46 -> 476 | AJ46: 425.52 | AK46: =AJ46*AB46 -> 425.52 | AL46: =AK46*0.12 -> 51.0624 | AM46: =AL46+AK46 -> 476.5824 | AN46: =AJ46*0.9 -> 382.968 | AO46: =AN46*AB46 -> 382.968 | AP46: =AO46*0.12 -> 45.95616 | AQ46: =AO46+AP46 -> 428.92416 | AR46: MOVILIARIO | AS46: MOVILIARIO | AT46: VENTA | AU46: MB | AZ46: IN
A47: 216 | B47: 80042000003968 | C47: BIEN0573 | D47: BODEGA CENTRAL | E47: ESTANTERIA 58 | F47: ESTANTERIA 58 | G47: BODEGA CENTRAL | H47: ACTIVO FIJO | I47: MUEBLES Y ENSERES | J47: N/A | K47: N/A | L47: COUNTER | M47: [ COUNTER ] - AÑO: 2012; ESTADO: BUENO; COLOR: CAFE; ESTRUCTURA: MDF; COMPONENTE: VIDRIO; LARGO: 180 CM; ANCHO: 70 CM; ALTO: 110 CM; CANTIDAD: 1 | N47: N/A | O47: N/A | P47: N/A | Q47: ND | R47: ND | S47: ND | T47: CAFE | U47: ND | V47: ND | W47: BUENO | X47: 2012 | Y47: DESARMADO | Z47: MATRIZ | AA47: 1 | AB47: 1 | AC47: =AA47-AB47 -> 0 | AD47: N/A | AE47: N/A | AF47: 247 | AG47: 148.3 | AH47: 502.46732 | AI47: =AH47*AB47 -> 502.46732 | AJ47: 166.8125 | AK47: =AJ47*AB47 -> 166.8125 | AL47: =AK47*0.12 -> 20.0175 | AM47: =AL47+AK47 -> 186.83 | AN47: =AJ47*0.9 -> 150.13125 | AO47: =AN47*AB47 -> 150.13125 | AP47: =AO47*0.12 -> 18.01575 | AQ47: =AO47+AP47 -> 168.147 | AR47: MOVILIARIO | AS47: MOVILIARIO | AT47: SIN USO | AU47: INVTR | AZ47: IN
A48: 217 | B48: 80042000018344 | C48: BIEN0168 | D48: BODEGA CENTRAL | E48: ARMARIO 3 | F48: NIVEL 1 | G48: BODEGA CENTRAL | H48: ACTIVO FIJO | I48: MUEBLES Y ENSERES | J48: N/A | K48: N/A | L48: SET DE LARINGOSCOPIO | M48: SET DE LARINGOSCOPIO | N48: N/A | O48: N/A | P48: N/A | Q48: RIESTER | R48: MRTE001 | S48: ND | T48: GRIS | U48: ND | V48: ND | W48: BUENO | X48: 2017 | Y48: ND | Z48: MATRIZ | AA48: 1 | AB48: 1 | AC48: =AA48-AB48 -> 0 | AD48: N/A | AE48: N/A | AF48: 155 | AG48: 107.02 | AH48: 350 | AI48: =AH48*AB48 -> 350 | AJ48: 139.1875 | AK48: =AJ48*AB48 -> 139.1875 | AL48: =AK48*0.12 -> 16.7025 | AM48: =AL48+AK48 -> 155.89 | AN48: =AJ48*0.9 -> 125.26875 | AO48: =AN48*AB48 -> 125.26875 | AP48: =AO48*0.12 -> 15.03225 | AQ48: =AO48+AP48 -> 140.301 | AR48: EQUIPOS MEDICOS / MDEM / IM / RDT / PP / SEÑALETICA Y MS / EXTINTORES / MDGA | AS48: EQUIPO MÉDICO | AT48: VENTA | AU48: SAR | AZ48: IN
A49: 218 | B49: 80042000018559 | C49: BIEN0169 | D49: BODEGA CENTRAL | E49: ARMARIO 3 | F49: NIVEL 1 | G49: BODEGA CENTRAL | H49: ACTIVO FIJO | I49: MUEBLES Y ENSERES | J49: N/A | K49: N/A | L49: SET DE LARINGOSCOPIO | M49: SET DE LARINGOSCOPIO | N49: N/A | O49: N/A | P49: N/A | Q49: RIESTER | R49: MRTE001 | S49: ND | T49: GRIS | U49: ND | V49: ND | W49: BUENO | X49: 2017 | Y49: ND | Z49: MATRIZ | AA49: 1 | AB49: 1 | AC49: =AA49-AB49 -> 0 | AD49: N/A | AE49: N/A | AF49: 155 | AG49: 107.02 | AH49: 350 | AI49: =AH49*AB49 -> 350 | AJ49: 139.1875 | AK49: =AJ49*AB49 -> 139.1875 | AL49: =AK49*0.12 -> 16.7025 | AM49: =AL49+AK49 -> 155.89 | AN49: =AJ49*0.9 -> 125.26875 | AO49: =AN49*AB49 -> 125.26875 | AP49: =AO49*0.12 -> 15.03225 | AQ49: =AO49+AP49 -> 140.301 | AR49: EQUIPOS MEDICOS / MDEM / IM / RDT / PP / SEÑALETICA Y MS / EXTINTORES / MDGA | AS49: EQUIPO MÉDICO | AT49: VENTA | AU49: SAR | AZ49: IN
A50: 219 | B50: 80042000018337 | C50: BIEN0147 | D50: BODEGA CENTRAL | E50: ARMARIO 3 | F50: NIVEL 1 | G50: BODEGA CENTRAL | H50: ACTIVO FIJO | I50: MUEBLES Y ENSERES | J50: N/A | K50: N/A | L50: SET DE DIAGNOSTICO PORTATIL | M50: SET DE DIAGNOSTICO PORTATIL | N50: N/A | O50: N/A | P50: N/A | Q50: RIESTER | R50: MRTE001 | S50: ND | T50: GRIS | U50: ND | V50: ND | W50: BUENO | X50: 2017 | Y50: ND | Z50: MATRIZ | AA50: 1 | AB50: 1 | AC50: =AA50-AB50 -> 0 | AD50: N/A | AE50: N/A | AF50: 199 | AG50: 137.38 | AH50: 215 | AI50: =AH50*AB50 -> 215 | AJ50: 121.42857 | AK50: =AJ50*AB50 -> 121.42857 | AL50: =AK50*0.12 -> 14.571429 | AM50: =AL50+AK50 -> 136 | AN50: =AJ50*0.9 -> 109.28571 | AO50: =AN50*AB50 -> 109.28571 | AP50: =AO50*0.12 -> 13.114286 | AQ50: =AO50+AP50 -> 122.4 | AR50: EQUIPOS MEDICOS / MDEM / IM / RDT / PP / SEÑALETICA Y MS / EXTINTORES / MDGA | AS50: EQUIPO MÉDICO | AT50: VENTA | AU50: SAR | AZ50: IN
A51: 220 | B51: 80042000018535 | C51: BIEN0148 | D51: BODEGA CENTRAL | E51: ARMARIO 3 | F51: NIVEL 1 | G51: BODEGA CENTRAL | H51: ACTIVO FIJO | I51: MUEBLES Y ENSERES | J51: N/A | K51: N/A | L51: SET DE DIAGNOSTICO PORTATIL | M51: SET DE DIAGNOSTICO PORTATIL | N51: N/A | O51: N/A | P51: N/A | Q51: RIESTER | R51: MRTE001 | S51: ND | T51: GRIS | U51: ND | V51: ND | W51: BUENO | X51: 2017 | Y51: ND | Z51: MATRIZ | AA51: 1 | AB51: 1 | AC51: =AA51-AB51 -> 0 | AD51: N/A | AE51: N/A | AF51: 199 | AG51: 137.38 | AH51: 215 | AI51: =AH51*AB51 -> 215 | AJ51: 121.42857 | AK51: =AJ51*AB51 -> 121.42857 | AL51: =AK51*0.12 -> 14.571429 | AM51: =AL51+AK51 -> 136 | AN51: =AJ51*0.9 -> 109.28571 | AO51: =AN51*AB51 -> 109.28571 | AP51: =AO51*0.12 -> 13.114286 | AQ51: =AO51+AP51 -> 122.4 | AR51: EQUIPOS MEDICOS / MDEM / IM / RDT / PP / SEÑALETICA Y MS / EXTINTORES / MDGA | AS51: EQUIPO MÉDICO | AT51: VENTA | AU51: SAR | AZ51: IN
A52: 221 | B52: 80042000018542 | C52: BIEN0149 | D52: BODEGA CENTRAL | E52: ARMARIO 3 | F52: NIVEL 1 | G52: BODEGA CENTRAL | H52: ACTIVO FIJO | I52: MUEBLES Y ENSERES | J52: N/A | K52: N/A | L52: SET DE DIAGNOSTICO PORTATIL | M52: SET DE DIAGNOSTICO PORTATIL | N52: N/A | O52: N/A | P52: N/A | Q52: RIESTER | R52: MRTE001 | S52: ND | T52: GRIS | U52: ND | V52: ND | W52: BUENO | X52: 2017 | Y52: ND | Z52: MATRIZ | AA52: 1 | AB52: 1 | AC52: =AA52-AB52 -> 0 | AD52: N/A | AE52: N/A | AF52: 199 | AG52: 137.38 | AH52: 215 | AI52: =AH52*AB52 -> 215 | AJ52: 121.42857 | AK52: =AJ52*AB52 -> 121.42857 | AL52: =AK52*0.12 -> 14.571429 | AM52: =AL52+AK52 -> 136 | AN52: =AJ52*0.9 -> 109.28571 | AO52: =AN52*AB52 -> 109.28571 | AP52: =AO52*0.12 -> 13.114286 | AQ52: =AO52+AP52 -> 122.4 | AR52: EQUIPOS MEDICOS / MDEM / IM / RDT / PP / SEÑALETICA Y MS / EXTINTORES / MDGA | AS52: EQUIPO MÉDICO | AT52: VENTA | AU52: SAR | AZ52: IN
A53: 222 | B53: 80042000000868 | C53: BIEN0310 | D53: BODEGA CENTRAL | E53: ESTRUCTURA DE MADERA TRAS CONTENEDOR No 1 | F53: MOBILIARIO 1 | G53: BODEGA CENTRAL | H53: ACTIVO FIJO | I53: MUEBLES Y ENSERES | J53: N/A | K53: N/A | L53: MESA DE REUNIONES | M53: [ MESA DE REUNIONES ] - AÑO: 2012; ESTADO: BUENO; COLOR: NEGRO; ESTRUCTURA: METAL; COMPONENTE: MDF; LARGO: 190 CM; ANCHO: 105 CM; ALTO: 71 CM; CANTIDAD: 1 | N53: N/A | O53: N/A | P53: N/A | Q53: ND | R53: ND | S53: ND | T53: NEGRO | U53: 190X105X75 | V53: MDF | W53: BUENO | X53: 2012 | Y53: SEMI OVALADA | Z53: MATRIZ | AA53: 1 | AB53: 1 | AC53: =AA53-AB53 -> 0 | AD53: N/A | AE53: N/A | AF53: 387 | AG53: 232.3 | AH53: 252 | AI53: =AH53*AB53 -> 252 | AJ53: 198.305 | AK53: =AJ53*AB53 -> 198.305 | AL53: =AK53*0.12 -> 23.7966 | AM53: =AL53+AK53 -> 222.1016 | AN53: =AJ53*0.9 -> 178.4745 | AO53: =AN53*AB53 -> 178.4745 | AP53: =AO53*0.12 -> 21.41694 | AQ53: =AO53+AP53 -> 199.89144 | AR53: MOVILIARIO | AS53: MOVILIARIO | AT53: VENTA | AU53: MB | AZ53: IN
A54: 224 | B54: 80042000001285 | C54: BIEN0356 | D54: BODEGA CENTRAL | E54: MOBILIARIO 2 | F54: MOBILIARIO 2 | G54: BODEGA CENTRAL | H54: ACTIVO FIJO | I54: MUEBLES Y ENSERES | J54: N/A | K54: N/A | L54: ESCRITORIO RECTANGULAR | M54: [ ESCRITORIO ] - AÑO: 2012; ESTADO: BUENO; COLOR: CAFE; ESTRUCTURA: METAL; COMPONENTE: MDF; LARGO: 150 CM; ANCHO: 60 CM; ALTO: 73 CM; CANTIDAD: 1 | N54: N/A | O54: N/A | P54: N/A | Q54: ND | R54: ND | S54: ND | T54: CAFE | U54: 150X75X60 | V54: MDF | W54: BUENO | X54: 2012 | Y54: GABRIELA DUARTE ESTA PRESTADO EN PLANIFICACION | Z54: MATRIZ | AA54: 1 | AB54: 1 | AC54: =AA54-AB54 -> 0 | AD54: N/A | AE54: N/A | AF54: 315 | AG54: 189.1 | AH54: 245 | AI54: =AH54*AB54 -> 245 | AJ54: 161.585 | AK54: =AJ54*AB54 -> 161.585 | AL54: =AK54*0.12 -> 19.3902 | AM54: =AL54+AK54 -> 180.9752 | AN54: =AJ54*0.9 -> 145.4265 | AO54: =AN54*AB54 -> 145.4265 | AP54: =AO54*0.12 -> 17.45118 | AQ54: =AO54+AP54 -> 162.87768 | AR54: MOVILIARIO | AS54: MOVILIARIO | AT54: VENTA | AU54: MB | AZ54: IN
A55: 225 | B55: 80042000007515 | C55: BIEN0309 | D55: BODEGA CENTRAL | E55: ESTRUCTURA DE MADERA TRAS CONTENEDOR No 1 | F55: MOBILIARIO 1 | G55: BODEGA CENTRAL | H55: ACTIVO FIJO | I55: MUEBLES Y ENSERES | J55: N/A | K55: N/A | L55: ESCRITORIO RECTANGULAR | M55: [ ESCRITORIO ] - AÑO: 2012; ESTADO: BUENO; COLOR: CAFE; ESTRUCTURA: METAL; COMPONENTE: MDF; LARGO: 150 CM; ANCHO: 60 CM; ALTO: 73 CM; CANTIDAD: 1 | N55: N/A | O55: N/A | P55: N/A | Q55: ND | R55: ND | S55: ND | T55: CAFE | U55: 150X75X60 | V55: MDF | W55: BUENO | X55: 2012 | Y55: 2 GAVETAS | Z55: REVENTADOR | AA55: 1 | AB55: 1 | AC55: =AA55-AB55 -> 0 | AD55: N/A | AE55: N/A | AF55: 315 | AG55: 189.1 | AH55: 245 | AI55: =AH55*AB55 -> 245 | AJ55: 161.585 | AK55: =AJ55*AB55 -> 161.585 | AL55: =AK55*0.12 -> 19.3902 | AM55: =AL55+AK55 -> 180.9752 | AN55: =AJ55*0.9 -> 145.4265 | AO55: =AN55*AB55 -> 145.4265 | AP55: =AO55*0.12 -> 17.45118 | AQ55: =AO55+AP55 -> 162.87768 | AR55: MOVILIARIO | AS55: MOVILIARIO | AT55: VENTA | AU55: MB | AZ55: IN
A56: 226 | B56: 80042000018382 | C56: BIEN0112 | D56: BODEGA CENTRAL | E56: ARMARIO 3 | F56: NIVEL 4 | G56: BODEGA CENTRAL | H56: ACTIVO FIJO | I56: MUEBLES Y ENSERES | J56: N/A | K56: N/A | L56: TENSIOMETRO DE PEDESTAL | M56: TENSIOMETRO DE PEDESTAL | N56: N/A | O56: N/A | P56: N/A | Q56: RIESTER | R56: BIG BEN SQUARE | S56: ND | T56: GRIS | U56: ND | V56: ND | W56: BUENO | X56: 2017 | Y56: ND | Z56: MATRIZ | AA56: 1 | AB56: 1 | AC56: =AA56-AB56 -> 0 | AD56: N/A | AE56: N/A | AF56: 193 | AG56: 133.1 | AH56: 186 | AI56: =AH56*AB56 -> 186 | AJ56: 113.985 | AK56: =AJ56*AB56 -> 113.985 | AL56: =AK56*0.12 -> 13.6782 | AM56: =AL56+AK56 -> 127.6632 | AN56: =AJ56*0.9 -> 102.5865 | AO56: =AN56*AB56 -> 102.5865 | AP56: =AO56*0.12 -> 12.31038 | AQ56: =AO56+AP56 -> 114.89688 | AR56: EQUIPOS MEDICOS / MDEM / IM / RDT / PP / SEÑALETICA Y MS / EXTINTORES / MDGA | AS56: EQUIPO MÉDICO | AT56: VENTA | AU56: SAR | AZ56: IN
A57: 227 | B57: 80042000007805 | C57: BIEN0549 | D57: BODEGA CENTRAL | E57: MANTENIMIENTO INFORMATICO Y CUSTODIO DE BODEGA | F57: MANTENIMIENTO INFORMATICO Y CUSTODIO DE BODEGA | G57: BODEGA CENTRAL | H57: ACTIVO FIJO | I57: MUEBLES Y ENSERES | J57: N/A | K57: N/A | L57: ESCRITORIO RECTANGULAR | M57: [ ESCRITORIO ] - AÑO: 2012; ESTADO: BUENO; COLOR: CAFE; ESTRUCTURA: METAL; COMPONENTE: MDF; LARGO: 116 CM; ANCHO: 60 CM; ALTO: 83 CM; CANTIDAD: 1 | N57: N/A | O57: N/A | P57: N/A | Q57: ND | R57: ND | S57: ND | T57: CAFE | U57: 115X75X60 | V57: MDF | W57: BUENO | X57: 2012 | Y57: 2 GAVETAS | Z57: REVENTADOR | AA57: 1 | AB57: 1 | AC57: =AA57-AB57 -> 0 | AD57: N/A | AE57: N/A | AF57: 205 | AG57: 122.9 | AH57: 220 | AI57: =AH57*AB57 -> 220 | AJ57: 105.315 | AK57: =AJ57*AB57 -> 105.315 | AL57: =AK57*0.12 -> 12.6378 | AM57: =AL57+AK57 -> 117.9528 | AN57: =AJ57*0.9 -> 94.7835 | AO57: =AN57*AB57 -> 94.7835 | AP57: =AO57*0.12 -> 11.37402 | AQ57: =AO57+AP57 -> 106.15752 | AR57: MOVILIARIO | AS57: MOVILIARIO | AT57: VENTA | AU57: MB | AZ57: IN
A58: 228 | B58: 80042000009526 | C58: BIEN0511 | D58: BODEGA CENTRAL | E58: MANTENIMIENTO INFORMATICO Y CUSTODIO DE BODEGA | F58: MANTENIMIENTO INFORMATICO Y CUSTODIO DE BODEGA | G58: BODEGA CENTRAL | H58: ACTIVO FIJO | I58: MUEBLES Y ENSERES | J58: N/A | K58: N/A | L58: DISPENSADOR DE AGUA | M58: [ DISPENSADOR DE AGUA ] - MARCA: ELECTROLUX; MODELO: EQC153MBHS; SERIE: 33700297; AÑO: 2013; ESTADO: BUENO; COLOR: BEIGE; ESTRUCTURA: ( SIN ESTRUCTURA ); COMPONENTE: ( SIN COMPONENTE ); LARGO: 30 CM; ANCHO: 35 CM; ALTO: 96 CM; CANTIDAD: 1 | N58: N/A | O58: N/A | P58: N/A | Q58: ELECTROLUX | R58: EQC153MBHS | S58: 33700297 | T58: BEIGE | U58: ND | V58: ND | W58: BUENO | X58: 2013 | Y58: PARA AGUA CALIENTE Y FRIA, CON NEVERA | Z58: MOMPICHE | AA58: 1 | AB58: 1 | AC58: =AA58-AB58 -> 0 | AD58: N/A | AE58: N/A | AF58: 165 | AG58: 98.9 | AH58: 206 | AI58: =AH58*AB58 -> 206 | AJ58: 100.9375 | AK58: =AJ58*AB58 -> 100.9375 | AL58: =AK58*0.12 -> 12.1125 | AM58: =AL58+AK58 -> 113.05 | AN58: =AJ58*0.9 -> 90.84375 | AO58: =AN58*AB58 -> 90.84375 | AP58: =AO58*0.12 -> 10.90125 | AQ58: =AO58+AP58 -> 101.745 | AR58: EQUIPOS DE OFICINA | AS58: EQUIPOS DE OFICINA | AT58: SIN USO | AU58: INVTR | AZ58: IN
A59: 229 | B59: 80042000001896 | C59: BIEN0349 | D59: BODEGA CENTRAL | E59: MOBILIARIO 2 | F59: MOBILIARIO 2 | G59: BODEGA CENTRAL | H59: ACTIVO FIJO | I59: MUEBLES Y ENSERES | J59: N/A | K59: N/A | L59: CREDENZA | M59: [ CREDENZA ] - AÑO: 2012; ESTADO: BUENO; COLOR: NEGRO; ESTRUCTURA: METAL; COMPONENTE: MDF; LARGO: 150 CM; ANCHO: 45 CM; ALTO: 72 CM; CANTIDAD: 1 | N59: N/A | O59: N/A | P59: N/A | Q59: ND | R59: ND | S59: ND | T59: NEGRO | U59: ND | V59: MDF | W59: BUENO | X59: 2012 | Y59: 2 PUERTAS A LOS EXTREMOS 2 SERVICIOS EN EL CENTRO | Z59: MATRIZ | AA59: 1 | AB59: 1 | AC59: =AA59-AB59 -> 0 | AD59: N/A | AE59: N/A | AF59: 160 | AG59: 96 | AH59: 210 | AI59: =AH59*AB59 -> 210 | AJ59: 99.419643 | AK59: =AJ59*AB59 -> 99.419643 | AL59: =AK59*0.12 -> 11.930357 | AM59: =AL59+AK59 -> 111.35 | AN59: =AJ59*0.9 -> 89.477679 | AO59: =AN59*AB59 -> 89.477679 | AP59: =AO59*0.12 -> 10.737321 | AQ59: =AO59+AP59 -> 100.215 | AR59: MOVILIARIO | AS59: MOVILIARIO | AT59: VENTA | AU59: MB | AZ59: IN
A60: 230 | B60: 80042000004552 | C60: BIEN0351 | D60: BODEGA CENTRAL | E60: MOBILIARIO 2 | F60: MOBILIARIO 2 | G60: BODEGA CENTRAL | H60: ACTIVO FIJO | I60: MUEBLES Y ENSERES | J60: N/A | K60: N/A | L60: CREDENZA | M60: [ CREDENZA ] - AÑO: 2012; ESTADO: BUENO; COLOR: NEGRO; ESTRUCTURA: METAL; COMPONENTE: MDF; LARGO: 150 CM; ANCHO: 45 CM; ALTO: 72 CM; CANTIDAD: 1 | N60: N/A | O60: N/A | P60: N/A | Q60: ND | R60: ND | S60: ND | T60: NEGRO | U60: ND | V60: MDF | W60: BUENO | X60: 2012 | Y60: 2 PUERTAS A LOS EXTREMOS 2 SERVICIOS EN EL CENTRO | Z60: MATRIZ | AA60: 1 | AB60: 1 | AC60: =AA60-AB60 -> 0 | AD60: N/A | AE60: N/A | AF60: 160 | AG60: 96 | AH60: 210 | AI60: =AH60*AB60 -> 210 | AJ60: 99.419643 | AK60: =AJ60*AB60 -> 99.419643 | AL60: =AK60*0.12 -> 11.930357 | AM60: =AL60+AK60 -> 111.35 | AN60: =AJ60*0.9 -> 89.477679 | AO60: =AN60*AB60 -> 89.477679 | AP60: =AO60*0.12 -> 10.737321 | AQ60: =AO60+AP60 -> 100.215 | AR60: MOVILIARIO | AS60: MOVILIARIO | AT60: VENTA | AU60: MB | AZ60: IN
A61: 231 | B61: 80042000009519 | C61: INV00697 | D61: BODEGA CENTRAL | E61: ESTRUCTURA DE MADERA TRAS CONTENEDOR No 1 | F61: SOBRE ESTRUCTURA DE MADERA TRAS CONTENEDOR No 1 | G61: BODEGA CENTRAL | H61: ACTIVO FIJO | I61: MUEBLES Y ENSERES | J61: N/A | K61: N/A | L61: CAMILLA TIPO CANASTA DE ALUMINIO | M61: [ CAMILLA ] - AÑO: 2013; ESTADO: BUENO; COLOR: (SIN COLOR); ESTRUCTURA: ALUMINIO; COMPONENTE: ACERO; LARGO: 60 CM; ANCHO: 25 CM; ALTO: 210 CM; CANTIDAD: 1 | N61: N/A | O61: N/A | P61: N/A | Q61: ND | R61: ND | S61: ND | T61: NEGRO | U61: ND | V61: CAMILLA DE RESCATE | W61: BUENO | X61: 2013 | Y61: ND | Z61: MOMPICHE | AA61: 1 | AB61: 1 | AC61: =AA61-AB61 -> 0 | AD61: N/A | AE61: N/A | AF61: 163 | AG61: 97.9 | AH61: 199.2 | AI61: =AH61*AB61 -> 199.2 | AJ61: 97.901786 | AK61: =AJ61*AB61 -> 97.901786 | AL61: =AK61*0.12 -> 11.748214 | AM61: =AL61+AK61 -> 109.65 | AN61: =AJ61*0.9 -> 88.111607 | AO61: =AN61*AB61 -> 88.111607 | AP61: =AO61*0.12 -> 10.573393 | AQ61: =AO61+AP61 -> 98.685 | AR61: EQUIPOS MEDICOS / MDEM / IM / RDT / PP / SEÑALETICA Y MS / EXTINTORES / MDGA | AS61: MATERIAL PARA ATENCIÓN DE EMERGENCIA MÉDICA | AT61: VENTA | AU61: SAR | AZ61: IN
A62: 232 | B62: 80042000018436 | C62: BIEN0115 | D62: BODEGA CENTRAL | E62: ARMARIO 3 | F62: NIVEL 4 | G62: BODEGA CENTRAL | H62: ACTIVO FIJO | I62: MUEBLES Y ENSERES | J62: N/A | K62: N/A | L62: TENSIOMETRO DE PEDESTAL | M62: TENSIOMETRO DE PEDESTAL | N62: N/A | O62: N/A | P62: N/A | Q62: RIESTER | R62: MRTE023 | S62: 14680000001603044773 | T62: GRIS | U62: ND | V62: ND | W62: BUENO | X62: 2017 | Y62: ND | Z62: MATRIZ | AA62: 1 | AB62: 1 | AC62: =AA62-AB62 -> 0 | AD62: N/A | AE62: N/A | AF62: 193 | AG62: 133.1 | AH62: 171 | AI62: =AH62*AB62 -> 171 | AJ62: 113.985 | AK62: =AJ62*AB62 -> 113.985 | AL62: =AK62*0.12 -> 13.6782 | AM62: =AL62+AK62 -> 127.6632 | AN62: =AJ62*0.9 -> 102.5865 | AO62: =AN62*AB62 -> 102.5865 | AP62: =AO62*0.12 -> 12.31038 | AQ62: =AO62+AP62 -> 114.89688 | AR62: EQUIPOS MEDICOS / MDEM / IM / RDT / PP / SEÑALETICA Y MS / EXTINTORES / MDGA | AS62: EQUIPO MÉDICO | AT62: VENTA | AU62: SAR | AZ62: IN
A63: 233 | B63: 80042000018443 | C63: BIEN0117 | D63: BODEGA CENTRAL | E63: ARMARIO 3 | F63: NIVEL 4 | G63: BODEGA CENTRAL | H63: ACTIVO FIJO | I63: MUEBLES Y ENSERES | J63: N/A | K63: N/A | L63: TENSIOMETRO DE PEDESTAL | M63: TENSIOMETRO DE PEDESTAL | N63: N/A | O63: N/A | P63: N/A | Q63: RIESTER | R63: MRTE023 | S63: 14680000001603044771 | T63: GRIS | U63: ND | V63: ND | W63: BUENO | X63: 2017 | Y63: ND | Z63: MATRIZ | AA63: 1 | AB63: 1 | AC63: =AA63-AB63 -> 0 | AD63: N/A | AE63: N/A | AF63: 193 | AG63: 133.1 | AH63: 171 | AI63: =AH63*AB63 -> 171 | AJ63: 113.985 | AK63: =AJ63*AB63 -> 113.985 | AL63: =AK63*0.12 -> 13.6782 | AM63: =AL63+AK63 -> 127.6632 | AN63: =AJ63*0.9 -> 102.5865 | AO63: =AN63*AB63 -> 102.5865 | AP63: =AO63*0.12 -> 12.31038 | AQ63: =AO63+AP63 -> 114.89688 | AR63: EQUIPOS MEDICOS / MDEM / IM / RDT / PP / SEÑALETICA Y MS / EXTINTORES / MDGA | AS63: EQUIPO MÉDICO | AT63: VENTA | AU63: SAR | AZ63: IN
A64: 234 | B64: 80042000005436 | C64: BIEN0190 | D64: BODEGA CENTRAL | E64: ESTRUCTURA DE MADERA TRAS CONTENEDOR No 1 | F64: MOBILIARIO 1 | G64: BODEGA CENTRAL | H64: ACTIVO FIJO | I64: MUEBLES Y ENSERES | J64: N/A | K64: N/A | L64: ESTACION DE TRABAJO EN L | M64: [ ESTACION DE TRABAJO EN L ] - AÑO: 2012; ESTADO: BUENO; COLOR: NEGRO; ESTRUCTURA: METAL; COMPONENTE: MDF; LARGO: 250 CM; ANCHO: 60 CM; ALTO: 73 CM; CANTIDAD: 1 | N64: N/A | O64: N/A | P64: N/A | Q64: ND | R64: ND | S64: ND | T64: NEGRO | U64: COJONERA METALICA 3 SERVICIOS | V64: INCLUYE: ARCHIVADOR METALICO 3 CAJONES | W64: BUENO | X64: 2012 | Y64: MDF Y METAL | Z64: MATRIZ | AA64: 1 | AB64: 1 | AC64: =AA64-AB64 -> 0 | AD64: N/A | AE64: N/A | AF64: 173 | AG64: 103.7 | AH64: 200 | AI64: =AH64*AB64 -> 200 | AJ64: 94.866071 | AK64: =AJ64*AB64 -> 94.866071 | AL64: =AK64*0.12 -> 11.383929 | AM64: =AL64+AK64 -> 106.25 | AN64: =AJ64*0.9 -> 85.379464 | AO64: =AN64*AB64 -> 85.379464 | AP64: =AO64*0.12 -> 10.245536 | AQ64: =AO64+AP64 -> 95.625 | AR64: MOVILIARIO | AS64: MOVILIARIO | AT64: VENTA | AU64: MB | AZ64: IN
A65: 235 | B65: 80042000001155 | C65: BIEN0192 | D65: BODEGA CENTRAL | E65: ESTRUCTURA DE MADERA TRAS CONTENEDOR No 1 | F65: MOBILIARIO 1 | G65: BODEGA CENTRAL | H65: ACTIVO FIJO | I65: MUEBLES Y ENSERES | J65: N/A | K65: N/A | L65: ESTACION DE TRABAJO EN L | M65: [ ESTACION DE TRABAJO EN L ] - AÑO: 2012; ESTADO: BUENO; COLOR: NEGRO; ESTRUCTURA: METAL; COMPONENTE: MDF; LARGO: 250 CM; ANCHO: 60 CM; ALTO: 73 CM; CAJONES/GAVETAS: 3; CANTIDAD: 1 | N65: N/A | O65: N/A | P65: N/A | Q65: ND | R65: ND | S65: ND | T65: NEGRO | U65: ND | V65: CON ARCHIVADOR DE 3 GAVETAS | W65: BUENO | X65: 2012 | Y65: MDF Y METAL | Z65: MATRIZ | AA65: 1 | AB65: 1 | AC65: =AA65-AB65 -> 0 | AD65: N/A | AE65: N/A | AF65: 173 | AG65: 103.7 | AH65: 200 | AI65: =AH65*AB65 -> 200 | AJ65: 94.866071 | AK65: =AJ65*AB65 -> 94.866071 | AL65: =AK65*0.12 -> 11.383929 | AM65: =AL65+AK65 -> 106.25 | AN65: =AJ65*0.9 -> 85.379464 | AO65: =AN65*AB65 -> 85.379464 | AP65: =AO65*0.12 -> 10.245536 | AQ65: =AO65+AP65 -> 95.625 | AR65: MOVILIARIO | AS65: MOVILIARIO | AT65: VENTA | AU65: MB | AZ65: IN
A66: 236 | B66: 80042000003715 | C66: BIEN0193 | D66: BODEGA CENTRAL | E66: ESTRUCTURA DE MADERA TRAS CONTENEDOR No 1 | F66: MOBILIARIO 1 | G66: BODEGA CENTRAL | H66: ACTIVO FIJO | I66: MUEBLES Y ENSERES | J66: N/A | K66: N/A | L66: ESTACION DE TRABAJO EN L | M66: [ ESTACION DE TRABAJO EN L ] - AÑO: 2012; ESTADO: BUENO; COLOR: NEGRO; ESTRUCTURA: METAL; COMPONENTE: MDF; LARGO: 240 CM; ANCHO: 60 CM; ALTO: 73 CM; CANTIDAD: 1 | N66: N/A | O66: N/A | P66: N/A | Q66: ND | R66: ND | S66: ND | T66: NEGRO | U66: ND | V66: GAVETA DE 3 CAJONES | W66: BUENO | X66: 2012 | Y66: MDF Y METAL | Z66: MATRIZ | AA66: 1 | AB66: 1 | AC66: =AA66-AB66 -> 0 | AD66: N/A | AE66: N/A | AF66: 126 | AG66: 75.4 | AH66: 200 | AI66: =AH66*AB66 -> 200 | AJ66: 94.866071 | AK66: =AJ66*AB66 -> 94.866071 | AL66: =AK66*0.12 -> 11.383929 | AM66: =AL66+AK66 -> 106.25 | AN66: =AJ66*0.9 -> 85.379464 | AO66: =AN66*AB66 -> 85.379464 | AP66: =AO66*0.12 -> 10.245536 | AQ66: =AO66+AP66 -> 95.625 | AR66: MOVILIARIO | AS66: MOVILIARIO | AT66: VENTA | AU66: MB | AZ66: IN
A67: 237 | B67: 80042000002800 | C67: BIEN0196 | D67: BODEGA CENTRAL | E67: ESTRUCTURA DE MADERA TRAS CONTENEDOR No 1 | F67: MOBILIARIO 1 | G67: BODEGA CENTRAL | H67: ACTIVO FIJO | I67: MUEBLES Y ENSERES | J67: N/A | K67: N/A | L67: ESTACION DE TRABAJO EN L | M67: [ ESTACION DE TRABAJO EN L ] - AÑO: 2012; ESTADO: BUENO; COLOR: NEGRO; ESTRUCTURA: METAL; COMPONENTE: MDF; LARGO: 240 CM; ANCHO: 60 CM; ALTO: 73 CM; CANTIDAD: 1 | N67: N/A | O67: N/A | P67: N/A | Q67: ND | R67: ND | S67: ND | T67: NEGRO | U67: ND | V67: INCLUYE: ARCHIVADOR METALICO 3 CAJONES | W67: BUENO | X67: 2012 | Y67: MDF Y METAL | Z67: MATRIZ | AA67: 1 | AB67: 1 | AC67: =AA67-AB67 -> 0 | AD67: N/A | AE67: N/A | AF67: 165 | AG67: 98.9 | AH67: 200 | AI67: =AH67*AB67 -> 200 | AJ67: 94.866071 | AK67: =AJ67*AB67 -> 94.866071 | AL67: =AK67*0.12 -> 11.383929 | AM67: =AL67+AK67 -> 106.25 | AN67: =AJ67*0.9 -> 85.379464 | AO67: =AN67*AB67 -> 85.379464 | AP67: =AO67*0.12 -> 10.245536 | AQ67: =AO67+AP67 -> 95.625 | AR67: MOVILIARIO | AS67: MOVILIARIO | AT67: VENTA | AU67: MB | AZ67: IN
A68: 238 | B68: 80042000000523 | C68: BIEN0197 | D68: BODEGA CENTRAL | E68: ESTRUCTURA DE MADERA TRAS CONTENEDOR No 1 | F68: MOBILIARIO 1 | G68: BODEGA CENTRAL | H68: ACTIVO FIJO | I68: MUEBLES Y ENSERES | J68: N/A | K68: N/A | L68: ESTACION DE TRABAJO EN L | M68: [ ESTACION DE TRABAJO EN L ] - AÑO: 2012; ESTADO: BUENO; COLOR: NEGRO; ESTRUCTURA: METAL; COMPONENTE: MDF; LARGO: 240 CM; ANCHO: 60 CM; ALTO: 73 CM; CAJONES/GAVETAS: 3; CANTIDAD: 1 | N68: N/A | O68: N/A | P68: N/A | Q68: ND | R68: ND | S68: ND | T68: NEGRO | U68: ND | V68: ARCHIVADOR DE 3 GAVETAS | W68: BUENO | X68: 2012 | Y68: MDF Y METAL | Z68: MATRIZ | AA68: 1 | AB68: 1 | AC68: =AA68-AB68 -> 0 | AD68: N/A | AE68: N/A | AF68: 165 | AG68: 98.9 | AH68: 200 | AI68: =AH68*AB68 -> 200 | AJ68: 94.866071 | AK68: =AJ68*AB68 -> 94.866071 | AL68: =AK68*0.12 -> 11.383929 | AM68: =AL68+AK68 -> 106.25 | AN68: =AJ68*0.9 -> 85.379464 | AO68: =AN68*AB68 -> 85.379464 | AP68: =AO68*0.12 -> 10.245536 | AQ68: =AO68+AP68 -> 95.625 | AR68: MOVILIARIO | AS68: MOVILIARIO | AT68: VENTA | AU68: MB | AZ68: IN
A69: 239 | B69: 80042000000141 | C69: BIEN0198 | D69: BODEGA CENTRAL | E69: ESTRUCTURA DE MADERA TRAS CONTENEDOR No 1 | F69: MOBILIARIO 1 | G69: BODEGA CENTRAL | H69: ACTIVO FIJO | I69: MUEBLES Y ENSERES | J69: N/A | K69: N/A | L69: ESTACION DE TRABAJO EN L | M69: [ ESTACION DE TRABAJO EN L ] - AÑO: 2012; ESTADO: BUENO; COLOR: NEGRO; ESTRUCTURA: METAL; COMPONENTE: MDF; LARGO: 240 CM; ANCHO: 60 CM; ALTO: 73 CM; CANTIDAD: 1 | N69: N/A | O69: N/A | P69: N/A | Q69: ND | R69: ND | S69: ND | T69: NEGRO | U69: ND | V69: CON ARCHIVADOR DE 3 GAVETAS. ESTA CERRADO CON LLAVE | W69: BUENO | X69: 2012 | Y69: MDF Y METAL | Z69: MATRIZ | AA69: 1 | AB69: 1 | AC69: =AA69-AB69 -> 0 | AD69: N/A | AE69: N/A | AF69: 165 | AG69: 98.9 | AH69: 200 | AI69: =AH69*AB69 -> 200 | AJ69: 94.866071 | AK69: =AJ69*AB69 -> 94.866071 | AL69: =AK69*0.12 -> 11.383929 | AM69: =AL69+AK69 -> 106.25 | AN69: =AJ69*0.9 -> 85.379464 | AO69: =AN69*AB69 -> 85.379464 | AP69: =AO69*0.12 -> 10.245536 | AQ69: =AO69+AP69 -> 95.625 | AR69: MOVILIARIO | AS69: MOVILIARIO | AT69: VENTA | AU69: MB | AZ69: IN
A70: 240 | B70: 80042000005979 | C70: BIEN0277 | D70: BODEGA CENTRAL | E70: ESTRUCTURA DE MADERA TRAS CONTENEDOR No 1 | F70: MOBILIARIO 1 | G70: BODEGA CENTRAL | H70: ACTIVO FIJO | I70: MUEBLES Y ENSERES | J70: N/A | K70: N/A | L70: ESTACION DE TRABAJO EN L | M70: [ ESTACION DE TRABAJO EN L ] - AÑO: 2012; ESTADO: BUENO; COLOR: CAFE; ESTRUCTURA: METAL; COMPONENTE: MDF; LARGO: 230 CM; ANCHO: 60 CM; ALTO: 74 CM; CANTIDAD: 1 | N70: N/A | O70: N/A | P70: N/A | Q70: ND | R70: ND | S70: ND | T70: CAFE | U70: ND | V70: INCLUYE ARCHIVADOR METALICO DE TRES CAJONES CHAPA DAÑADA | W70: BUENO | X70: 2012 | Y70: MDF Y METAL | Z70: MATRIZ | AA70: 1 | AB70: 1 | AC70: =AA70-AB70 -> 0 | AD70: N/A | AE70: N/A | AF70: 159 | AG70: 95.5 | AH70: 200 | AI70: =AH70*AB70 -> 200 | AJ70: 94.866071 | AK70: =AJ70*AB70 -> 94.866071 | AL70: =AK70*0.12 -> 11.383929 | AM70: =AL70+AK70 -> 106.25 | AN70: =AJ70*0.9 -> 85.379464 | AO70: =AN70*AB70 -> 85.379464 | AP70: =AO70*0.12 -> 10.245536 | AQ70: =AO70+AP70 -> 95.625 | AR70: MOVILIARIO | AS70: MOVILIARIO | AT70: VENTA | AU70: MB | AZ70: IN
... A74: 244 | B74: 80042000000875 | C74: BIEN0320 | D74: BODEGA CENTRAL | E74: MOBILIARIO 2 | F74: MOBILIARIO 2 | G74: BODEGA CENTRAL | H74: ACTIVO FIJO | I74: MUEBLES Y ENSERES | J74: N/A | K74: N/A | L74: ESTACION DE TRABAJO EN L | M74: [ ESTACION DE TRABAJO EN L ] - AÑO: 2012; ESTADO: BUENO; COLOR: NEGRO; ESTRUCTURA: METAL; COMPONENTE: MDF; LARGO: 250 CM; ANCHO: 60 CM; ALTO: 73 CM; CAJONES/GAVETAS: 3; CANTIDAD: 1 | N74: N/A | O74: N/A | P74: N/A | Q74: ND | R74: ND | S74: ND | T74: NEGRO | U74: ND | V74: CON ARCHIVADOR DE 3 GAVETAS | W74: BUENO | X74: 2012 | Y74: MDF Y METAL | Z74: MATRIZ | AA74: 1 | AB74: 1 | AC74: =AA74-AB74 -> 0 | AD74: N/A | AE74: N/A | AF74: 173 | AG74: 103.7 | AH74: 200 | AI74: =AH74*AB74 -> 200 | AJ74: 94.866071 | AK74: =AJ74*AB74 -> 94.866071 | AL74: =AK74*0.12 -> 11.383929 | AM74: =AL74+AK74 -> 106.25 | AN74: =AJ74*0.9 -> 85.379464 | AO74: =AN74*AB74 -> 85.379464 | AP74: =AO74*0.12 -> 10.245536 | AQ74: =AO74+AP74 -> 95.625 | AR74: MOVILIARIO | AS74: MOVILIARIO | AT74: VENTA | AU74: MB | AZ74: IN
A75: 245 | B75: 80042000002060 | C75: BIEN0322 | D75: BODEGA CENTRAL | E75: MOBILIARIO 2 | F75: MOBILIARIO 2 | G75: BODEGA CENTRAL | H75: ACTIVO FIJO | I75: MUEBLES Y ENSERES | J75: N/A | K75: N/A | L75: ESTACION DE TRABAJO EN L | M75: [ ESTACION DE TRABAJO EN L ] - AÑO: 2012; ESTADO: BUENO; COLOR: NEGRO; ESTRUCTURA: METAL; LARGO: 240 CM; ANCHO: 60 CM; ALTO: 73 CM; CANTIDAD: 1 | N75: N/A | O75: N/A | P75: N/A | Q75: ND | R75: ND | S75: ND | T75: NEGRO | U75: ND | V75: INCLUYE: ARCHIVADOR METALICO 3 CAJONES | W75: BUENO | X75: 2012 | Y75: MDF Y METAL | Z75: MATRIZ | AA75: 1 | AB75: 1 | AC75: =AA75-AB75 -> 0 | AD75: N/A | AE75: N/A | AF75: 165 | AG75: 98.9 | AH75: 200 | AI75: =AH75*AB75 -> 200 | AJ75: 94.866071 | AK75: =AJ75*AB75 -> 94.866071 | AL75: =AK75*0.12 -> 11.383929 | AM75: =AL75+AK75 -> 106.25 | AN75: =AJ75*0.9 -> 85.379464 | AO75: =AN75*AB75 -> 85.379464 | AP75: =AO75*0.12 -> 10.245536 | AQ75: =AO75+AP75 -> 95.625 | AR75: MOVILIARIO | AS75: MOVILIARIO | AT75: EN USO | AU75: EN USO | AV75: OFICINA EN USO | AZ75: IN
A76: 246 | B76: 80042000000301 | C76: BIEN0328 | D76: BODEGA CENTRAL | E76: MOBILIARIO 2 | F76: MOBILIARIO 2 | G76: BODEGA CENTRAL | H76: ACTIVO FIJO | I76: MUEBLES Y ENSERES | J76: N/A | K76: N/A | L76: ESTACION DE TRABAJO EN L | M76: [ ESTACION DE TRABAJO EN L ] - AÑO: 2012; ESTADO: BUENO; COLOR: NEGRO; ESTRUCTURA: METAL; COMPONENTE: MDF; LARGO: 240 CM; ANCHO: 60 CM; ALTO: 73 CM; CANTIDAD: 1 | N76: N/A | O76: N/A | P76: N/A | Q76: ND | R76: ND | S76: ND | T76: NEGRO | U76: ND | V76: CON ARCHIVADOR DE 3 GAVETAS | W76: BUENO | X76: 2012 | Y76: MDF Y METAL | Z76: MATRIZ | AA76: 1 | AB76: 1 | AC76: =AA76-AB76 -> 0 | AD76: N/A | AE76: N/A | AF76: 165 | AG76: 98.9 | AH76: 200 | AI76: =AH76*AB76 -> 200 | AJ76: 94.866071 | AK76: =AJ76*AB76 -> 94.866071 | AL76: =AK76*0.12 -> 11.383929 | AM76: =AL76+AK76 -> 106.25 | AN76: =AJ76*0.9 -> 85.379464 | AO76: =AN76*AB76 -> 85.379464 | AP76: =AO76*0.12 -> 10.245536 | AQ76: =AO76+AP76 -> 95.625 | AR76: MOVILIARIO | AS76: MOVILIARIO | AT76: VENTA | AU76: MB | AZ76: IN
A77: 247 | B77: 80042000003395 | C77: BIEN0329 | D77: BODEGA CENTRAL | E77: MOBILIARIO 2 | F77: MOBILIARIO 2 | G77: BODEGA CENTRAL | H77: ACTIVO FIJO | I77: MUEBLES Y ENSERES | J77: N/A | K77: N/A | L77: ESTACION DE TRABAJO EN L | M77: [ ESTACION DE TRABAJO EN L ] - AÑO: 2012; ESTADO: BUENO; COLOR: NEGRO; ESTRUCTURA: METAL; COMPONENTE: MDF; LARGO: 240 CM; ANCHO: 60 CM; ALTO: 73 CM; CAJONES/GAVETAS: 3; CANTIDAD: 1 | N77: N/A | O77: N/A | P77: N/A | Q77: ND | R77: ND | S77: ND | T77: NEGRO | U77: ND | V77: CON ARCHIVADOR 3 GAVETAS | W77: BUENO | X77: 2012 | Y77: MDF Y METAL | Z77: MATRIZ | AA77: 1 | AB77: 1 | AC77: =AA77-AB77 -> 0 | AD77: N/A | AE77: N/A | AF77: 165 | AG77: 98.9 | AH77: 200 | AI77: =AH77*AB77 -> 200 | AJ77: 94.866071 | AK77: =AJ77*AB77 -> 94.866071 | AL77: =AK77*0.12 -> 11.383929 | AM77: =AL77+AK77 -> 106.25 | AN77: =AJ77*0.9 -> 85.379464 | AO77: =AN77*AB77 -> 85.379464 | AP77: =AO77*0.12 -> 10.245536 | AQ77: =AO77+AP77 -> 95.625 | AR77: MOVILIARIO | AS77: MOVILIARIO | AT77: VENTA | AU77: MB | AZ77: IN
A78: 248 | B78: 80042000005085 | C78: BIEN0330 | D78: BODEGA CENTRAL | E78: MOBILIARIO 2 | F78: MOBILIARIO 2 | G78: BODEGA CENTRAL | H78: ACTIVO FIJO | I78: MUEBLES Y ENSERES | J78: N/A | K78: N/A | L78: ESTACION DE TRABAJO EN L | M78: [ ESTACION DE TRABAJO EN L ] - AÑO: 2012; ESTADO: BUENO; COLOR: NEGRO; ESTRUCTURA: METAL; COMPONENTE: MDF; LARGO: 250 CM; ANCHO: 60 CM; ALTO: 73 CM; CANTIDAD: 1 | N78: N/A | O78: N/A | P78: N/A | Q78: ND | R78: ND | S78: ND | T78: NEGRO | U78: ND | V78: INCLUYE: ARCHIVADOR METALICO 3 CAJONES | W78: BUENO | X78: 2012 | Y78: MDF Y METAL | Z78: MATRIZ | AA78: 1 | AB78: 1 | AC78: =AA78-AB78 -> 0 | AD78: N/A | AE78: N/A | AF78: 173 | AG78: 103.7 | AH78: 200 | AI78: =AH78*AB78 -> 200 | AJ78: 94.866071 | AK78: =AJ78*AB78 -> 94.866071 | AL78: =AK78*0.12 -> 11.383929 | AM78: =AL78+AK78 -> 106.25 | AN78: =AJ78*0.9 -> 85.379464 | AO78: =AN78*AB78 -> 85.379464 | AP78: =AO78*0.12 -> 10.245536 | AQ78: =AO78+AP78 -> 95.625 | AR78: MOVILIARIO | AS78: MOVILIARIO | AT78: VENTA | AU78: MB | AZ78: IN
A79: 249 | B79: 80042000000226 | C79: BIEN0331 | D79: BODEGA CENTRAL | E79: MOBILIARIO 2 | F79: MOBILIARIO 2 | G79: BODEGA CENTRAL | H79: ACTIVO FIJO | I79: MUEBLES Y ENSERES | J79: N/A | K79: N/A | L79: ESTACION DE TRABAJO EN L | M79: [ ESTACION DE TRABAJO EN L ] - AÑO: 2012; ESTADO: BUENO; COLOR: NEGRO; ESTRUCTURA: METAL; COMPONENTE: MDF; LARGO: 240 CM; ANCHO: 60 CM; ALTO: 73 CM; CANTIDAD: 1 | N79: N/A | O79: N/A | P79: N/A | Q79: ND | R79: ND | S79: ND | T79: NEGRO | U79: ND | V79: CON ARCHIVADOR 3 GVETAS Y 1 PORTA TECLADO | W79: BUENO | X79: 2012 | Y79: MDF Y METAL | Z79: MATRIZ | AA79: 1 | AB79: 1 | AC79: =AA79-AB79 -> 0 | AD79: N/A | AE79: N/A | AF79: 165 | AG79: 98.9 | AH79: 200 | AI79: =AH79*AB79 -> 200 | AJ79: 94.866071 | AK79: =AJ79*AB79 -> 94.866071 | AL79: =AK79*0.12 -> 11.383929 | AM79: =AL79+AK79 -> 106.25 | AN79: =AJ79*0.9 -> 85.379464 | AO79: =AN79*AB79 -> 85.379464 | AP79: =AO79*0.12 -> 10.245536 | AQ79: =AO79+AP79 -> 95.625 | AR79: MOVILIARIO | AS79: MOVILIARIO | AT79: VENTA | AU79: MB | AZ79: IN
A80: 250 | B80: 80042000000660 | C80: BIEN0332 | D80: BODEGA CENTRAL | E80: MOBILIARIO 2 | F80: MOBILIARIO 2 | G80: BODEGA CENTRAL | H80: ACTIVO FIJO | I80: MUEBLES Y ENSERES | J80: N/A | K80: N/A | L80: ESTACION DE TRABAJO EN L | M80: [ ESTACION DE TRABAJO EN L ] - AÑO: 2012; ESTADO: BUENO; COLOR: NEGRO; ESTRUCTURA: METAL; COMPONENTE: MDF; LARGO: 250 CM; ANCHO: 60 CM; ALTO: 73 CM; CAJONES/GAVETAS: 3; CANTIDAD: 1 | N80: N/A | O80: N/A | P80: N/A | Q80: ND | R80: ND | S80: ND | T80: NEGRO | U80: ND | V80: CON ARCHIVADOR DE 3 GAVETAS | W80: BUENO | X80: 2012 | Y80: MDF Y METAL | Z80: MATRIZ | AA80: 1 | AB80: 1 | AC80: =AA80-AB80 -> 0 | AD80: N/A | AE80: N/A | AF80: 173 | AG80: 103.7 | AH80: 200 | AI80: =AH80*AB80 -> 200 | AJ80: 94.866071 | AK80: =AJ80*AB80 -> 94.866071 | AL80: =AK80*0.12 -> 11.383929 | AM80: =AL80+AK80 -> 106.25 | AN80: =AJ80*0.9 -> 85.379464 | AO80: =AN80*AB80 -> 85.379464 | AP80: =AO80*0.12 -> 10.245536 | AQ80: =AO80+AP80 -> 95.625 | AR80: MOVILIARIO | AS80: MOVILIARIO | AT80: VENTA | AU80: MB | AZ80: IN
A81: 251 | B81: 80042000001728 | C81: BIEN0333 | D81: BODEGA CENTRAL | E81: MOBILIARIO 2 | F81: MOBILIARIO 2 | G81: BODEGA CENTRAL | H81: ACTIVO FIJO | I81: MUEBLES Y ENSERES | J81: N/A | K81: N/A | L81: ESTACION DE TRABAJO EN L | M81: [ ESTACION DE TRABAJO EN L ] - AÑO: 2012; ESTADO: BUENO; COLOR: NEGRO; ESTRUCTURA: METAL; COMPONENTE: MDF; LARGO: 240 CM; ANCHO: 65 CM; ALTO: 72 CM; CANTIDAD: 1 | N81: N/A | O81: N/A | P81: N/A | Q81: ND | R81: ND | S81: ND | T81: NEGRO | U81: ND | V81: INCLUYE ARCHIVADOR METALICO 3 CAJONES | W81: BUENO | X81: 2012 | Y81: MDF Y METAL | Z81: MATRIZ | AA81: 1 | AB81: 1 | AC81: =AA81-AB81 -> 0 | AD81: N/A | AE81: N/A | AF81: 179 | AG81: 107.5 | AH81: 200 | AI81: =AH81*AB81 -> 200 | AJ81: 94.866071 | AK81: =AJ81*AB81 -> 94.866071 | AL81: =AK81*0.12 -> 11.383929 | AM81: =AL81+AK81 -> 106.25 | AN81: =AJ81*0.9 -> 85.379464 | AO81: =AN81*AB81 -> 85.379464 | AP81: =AO81*0.12 -> 10.245536 | AQ81: =AO81+AP81 -> 95.625 | AR81: MOVILIARIO | AS81: MOVILIARIO | AT81: VENTA | AU81: MB | AZ81: IN
A82: 252 | B82: 80042000004514 | C82: BIEN0352 | D82: BODEGA CENTRAL | E82: MOBILIARIO 2 | F82: MOBILIARIO 2 | G82: BODEGA CENTRAL | H82: ACTIVO FIJO | I82: MUEBLES Y ENSERES | J82: N/A | K82: N/A | L82: ESTACION DE TRABAJO EN L | M82: [ ESTACION DE TRABAJO EN L ] - AÑO: 2012; ESTADO: BUENO; COLOR: NEGRO; ESTRUCTURA: METAL; COMPONENTE: MDF; LARGO: 280 CM; ANCHO: 79 CM; ALTO: 74 CM; CANTIDAD: 1 | N82: N/A | O82: N/A | P82: N/A | Q82: ND | R82: ND | S82: ND | T82: NEGRO | U82: ND | V82: INCLUYE: ARCHIVADOR METALICO 2 CAJONES, CON EXTESION DE TRABAJO Y MADERA DE PINO | W82: BUENO | X82: 2012 | Y82: MDF Y METAL | Z82: MATRIZ | AA82: 1 | AB82: 1 | AC82: =AA82-AB82 -> 0 | AD82: N/A | AE82: N/A | AF82: 254 | AG82: 152.2 | AH82: 200 | AI82: =AH82*AB82 -> 200 | AJ82: 130.22 | AK82: =AJ82*AB82 -> 130.22 | AL82: =AK82*0.12 -> 15.6264 | AM82: =AL82+AK82 -> 145.8464 | AN82: =AJ82*0.9 -> 117.198 | AO82: =AN82*AB82 -> 117.198 | AP82: =AO82*0.12 -> 14.06376 | AQ82: =AO82+AP82 -> 131.26176 | AR82: MOVILIARIO | AS82: MOVILIARIO | AT82: EN USO | AU82: EN USO | AV82: OFICINA EN USO | AZ82: IN
A83: 253 | B83: 80042000001834 | C83: BIEN0353 | D83: BODEGA CENTRAL | E83: MOBILIARIO 2 | F83: MOBILIARIO 2 | G83: BODEGA CENTRAL | H83: ACTIVO FIJO | I83: MUEBLES Y ENSERES | J83: N/A | K83: N/A | L83: ESTACION DE TRABAJO EN L | M83: [ ESTACION DE TRABAJO EN L ] - AÑO: 2012; ESTADO: BUENO; COLOR: NEGRO; ESTRUCTURA: METAL; COMPONENTE: MDF; LARGO: 320 CM; ANCHO: 80 CM; ALTO: 72 CM; CANTIDAD: 1 | N83: N/A | O83: N/A | P83: N/A | Q83: ND | R83: ND | S83: ND | T83: NEGRO | U83: ND | V83: INCLUYE UN ARCHIVADOR DE 2 CAJONES DE METAL, CON EXTESION DE TRABAJO Y MADERA DE PINO | W83: BUENO | X83: 2012 | Y83: MDF Y METAL | Z83: MATRIZ | AA83: 1 | AB83: 1 | AC83: =AA83-AB83 -> 0 | AD83: N/A | AE83: N/A | AF83: 294 | AG83: 176.2 | AH83: 200 | AI83: =AH83*AB83 -> 200 | AJ83: 150.62 | AK83: =AJ83*AB83 -> 150.62 | AL83: =AK83*0.12 -> 18.0744 | AM83: =AL83+AK83 -> 168.6944 | AN83: =AJ83*0.9 -> 135.558 | AO83: =AN83*AB83 -> 135.558 | AP83: =AO83*0.12 -> 16.26696 | AQ83: =AO83+AP83 -> 151.82496 | AR83: MOVILIARIO | AS83: MOVILIARIO | AT83: EN USO | AU83: EN USO | AV83: OFICINA EN USO | AZ83: IN
A84: 254 | B84: 80042000003616 | C84: BIEN0357 | D84: BODEGA CENTRAL | E84: MOBILIARIO 2 | F84: MOBILIARIO 2 | G84: BODEGA CENTRAL | H84: ACTIVO FIJO | I84: MUEBLES Y ENSERES | J84: N/A | K84: N/A | L84: ESTACION DE TRABAJO EN L | M84: [ ESTACION DE TRABAJO EN L ] - AÑO: 2012; ESTADO: BUENO; COLOR: NEGRO; ESTRUCTURA: METAL; COMPONENTE: MDF; LARGO: 240 CM; ANCHO: 60 CM; ALTO: 72 CM; CANTIDAD: 1 | N84: N/A | O84: N/A | P84: N/A | Q84: ND | R84: ND | S84: ND | T84: NEGRO | U84: ND | V84: INCLUYE 1 ARCHIVADOR DE TRES CAJONES, Y UN PORTA TECLADO | W84: BUENO | X84: 2012 | Y84: MDF Y METAL | Z84: MATRIZ | AA84: 1 | AB84: 1 | AC84: =AA84-AB84 -> 0 | AD84: N/A | AE84: N/A | AF84: 165 | AG84: 98.9 | AH84: 200 | AI84: =AH84*AB84 -> 200 | AJ84: 94.866071 | AK84: =AJ84*AB84 -> 94.866071 | AL84: =AK84*0.12 -> 11.383929 | AM84: =AL84+AK84 -> 106.25 | AN84: =AJ84*0.9 -> 85.379464 | AO84: =AN84*AB84 -> 85.379464 | AP84: =AO84*0.12 -> 10.245536 | AQ84: =AO84+AP84 -> 95.625 | AR84: MOVILIARIO | AS84: MOVILIARIO | AT84: EN USO | AU84: EN USO | AV84: OFICINA EN USO | AZ84: IN
A85: 255 | B85: 80042000003166 | C85: BIEN0358 | D85: BODEGA CENTRAL | E85: MOBILIARIO 2 | F85: MOBILIARIO 2 | G85: BODEGA CENTRAL | H85: ACTIVO FIJO | I85: MUEBLES Y ENSERES | J85: N/A | K85: N/A | L85: ESTACION DE TRABAJO EN L | M85: [ ESTACION DE TRABAJO EN L ] - AÑO: 2012; ESTADO: BUENO; COLOR: NEGRO; ESTRUCTURA: METAL; COMPONENTE: MDF; LARGO: 240 CM; ANCHO: 60 CM; ALTO: 73 CM; CAJONES/GAVETAS: 3; CANTIDAD: 1 | N85: N/A | O85: N/A | P85: N/A | Q85: ND | R85: ND | S85: ND | T85: NEGRO | U85: ND | V85: CON ARCHIVADOR DE 3 GAVETAS Y 1 PORTATECLADO | W85: BUENO | X85: 2012 | Y85: MDF Y METAL | Z85: MATRIZ | AA85: 1 | AB85: 1 | AC85: =AA85-AB85 -> 0 | AD85: N/A | AE85: N/A | AF85: 165 | AG85: 98.9 | AH85: 200 | AI85: =AH85*AB85 -> 200 | AJ85: 94.866071 | AK85: =AJ85*AB85 -> 94.866071 | AL85: =AK85*0.12 -> 11.383929 | AM85: =AL85+AK85 -> 106.25 | AN85: =AJ85*0.9 -> 85.379464 | AO85: =AN85*AB85 -> 85.379464 | AP85: =AO85*0.12 -> 10.245536 | AQ85: =AO85+AP85 -> 95.625 | AR85: MOVILIARIO | AS85: MOVILIARIO | AT85: VENTA | AU85: MB | AZ85: IN
A86: 256 | B86: 80042000000011 | C86: BIEN0378 | D86: BODEGA CENTRAL | E86: MOBILIARIO 2 | F86: MOBILIARIO 2 | G86: BODEGA CENTRAL | H86: ACTIVO FIJO | I86: MUEBLES Y ENSERES | J86: N/A | K86: N/A | L86: ESTACION DE TRABAJO EN L | M86: [ ESTACION DE TRABAJO EN L ] - AÑO: 2012; ESTADO: BUENO; COLOR: NEGRO; ESTRUCTURA: METAL; COMPONENTE: MDF; LARGO: 250 CM; ANCHO: 60 CM; ALTO: 73 CM; CAJONES/GAVETAS: 3; CANTIDAD: 1 | N86: N/A | O86: N/A | P86: N/A | Q86: ND | R86: ND | S86: ND | T86: NEGRO | U86: ND | V86: CON ARCHIVADOR DE 3 GAVETAS Y 1 PORTA TECLADO | W86: BUENO | X86: 2012 | Y86: MDF Y METAL | Z86: MATRIZ | AA86: 1 | AB86: 1 | AC86: =AA86-AB86 -> 0 | AD86: N/A | AE86: N/A | AF86: 173 | AG86: 103.7 | AH86: 200 | AI86: =AH86*AB86 -> 200 | AJ86: 94.866071 | AK86: =AJ86*AB86 -> 94.866071 | AL86: =AK86*0.12 -> 11.383929 | AM86: =AL86+AK86 -> 106.25 | AN86: =AJ86*0.9 -> 85.379464 | AO86: =AN86*AB86 -> 85.379464 | AP86: =AO86*0.12 -> 10.245536 | AQ86: =AO86+AP86 -> 95.625 | AR86: MOVILIARIO | AS86: MOVILIARIO | AT86: EN USO | AU86: EN USO | AV86: OFICINA EN USO | AZ86: IN
A87: 257 | B87: 80042000002329 | C87: BIEN0380 | D87: BODEGA CENTRAL | E87: MOBILIARIO 2 | F87: MOBILIARIO 2 | G87: BODEGA CENTRAL | H87: ACTIVO FIJO | I87: MUEBLES Y ENSERES | J87: N/A | K87: N/A | L87: ESTACION DE TRABAJO EN L | M87: [ ESTACION DE TRABAJO EN L ] - AÑO: 2012; ESTADO: BUENO; COLOR: NEGRO; ESTRUCTURA: METAL; COMPONENTE: MDF; LARGO: 240 CM; ANCHO: 60 CM; ALTO: 73 CM; CANTIDAD: 1 | N87: N/A | O87: N/A | P87: N/A | Q87: ND | R87: ND | S87: ND | T87: NEGRO | U87: ND | V87: INCLUYE: ARCHIVADOR METALICO DE 3 CAJONES | W87: BUENO | X87: 2012 | Y87: MDF Y METAL | Z87: MATRIZ | AA87: 1 | AB87: 1 | AC87: =AA87-AB87 -> 0 | AD87: N/A | AE87: N/A | AF87: 165 | AG87: 98.9 | AH87: 200 | AI87: =AH87*AB87 -> 200 | AJ87: 94.866071 | AK87: =AJ87*AB87 -> 94.866071 | AL87: =AK87*0.12 -> 11.383929 | AM87: =AL87+AK87 -> 106.25 | AN87: =AJ87*0.9 -> 85.379464 | AO87: =AN87*AB87 -> 85.379464 | AP87: =AO87*0.12 -> 10.245536 | AQ87: =AO87+AP87 -> 95.625 | AR87: MOVILIARIO | AS87: MOVILIARIO | AT87: VENTA | AU87: MB | AZ87: IN
A88: 258 | B88: 80042000004774 | C88: BIEN0321 | D88: BODEGA CENTRAL | E88: MOBILIARIO 2 | F88: MOBILIARIO 2 | G88: BODEGA CENTRAL | H88: ACTIVO FIJO | I88: MUEBLES Y ENSERES | J88: N/A | K88: N/A | L88: ESTACION DE TRABAJO EN L | M88: [ ESTACION DE TRABAJO EN L ] - AÑO: 2012; ESTADO: BUENO; COLOR: NEGRO; ESTRUCTURA: METAL; COMPONENTE: MDF; LARGO: 250 CM; ANCHO: 60 CM; ALTO: 73 CM; CANTIDAD: 1 | N88: N/A | O88: N/A | P88: N/A | Q88: ND | R88: ND | S88: ND | T88: NEGRO | U88: ND | V88: INCLUYE: ARCHIVADOR METALICO 3 CAJONES | W88: BUENO | X88: 2012 | Y88: MDF Y METAL | Z88: MOMPICHE | AA88: 1 | AB88: 1 | AC88: =AA88-AB88 -> 0 | AD88: N/A | AE88: N/A | AF88: 173 | AG88: 103.7 | AH88: 200 | AI88: =AH88*AB88 -> 200 | AJ88: 94.866071 | AK88: =AJ88*AB88 -> 94.866071 | AL88: =AK88*0.12 -> 11.383929 | AM88: =AL88+AK88 -> 106.25 | AN88: =AJ88*0.9 -> 85.379464 | AO88: =AN88*AB88 -> 85.379464 | AP88: =AO88*0.12 -> 10.245536 | AQ88: =AO88+AP88 -> 95.625 | AR88: MOVILIARIO | AS88: MOVILIARIO | AT88: VENTA | AU88: MB | AZ88: IN
A89: 259 | B89: 80042000004835 | C89: BIEN0188 | D89: BODEGA CENTRAL | E89: ESTRUCTURA DE MADERA TRAS CONTENEDOR No 1 | F89: MOBILIARIO 1 | G89: BODEGA CENTRAL | H89: ACTIVO FIJO | I89: MUEBLES Y ENSERES | J89: N/A | K89: N/A | L89: ESTACION DE TRABAJO EN L | M89: [ ESTACION DE TRABAJO EN L ] - AÑO: 2012; ESTADO: BUENO; COLOR: NEGRO; ESTRUCTURA: METAL; COMPONENTE: MDF; LARGO: 250 CM; ANCHO: 60 CM; ALTO: 73 CM; CANTIDAD: 1 | N89: N/A | O89: N/A | P89: N/A | Q89: ND | R89: ND | S89: ND | T89: NEGRO | U89: CAJONERA METAL 3 SERVICIOS | V89: INCLUYE: ARCHIVADOR METALICO 3 CAJONES | W89: BUENO | X89: 2012 | Y89: MDF Y METAL | Z89: REVENTADOR | AA89: 1 | AB89: 1 | AC89: =AA89-AB89 -> 0 | AD89: N/A | AE89: N/A | AF89: 173 | AG89: 103.7 | AH89: 200 | AI89: =AH89*AB89 -> 200 | AJ89: 94.866071 | AK89: =AJ89*AB89 -> 94.866071 | AL89: =AK89*0.12 -> 11.383929 | AM89: =AL89+AK89 -> 106.25 | AN89: =AJ89*0.9 -> 85.379464 | AO89: =AN89*AB89 -> 85.379464 | AP89: =AO89*0.12 -> 10.245536 | AQ89: =AO89+AP89 -> 95.625 | AR89: MOVILIARIO | AS89: MOVILIARIO | AT89: VENTA | AU89: MB | AZ89: IN
A90: 260 | B90: 80042000005313 | C90: BIEN0194 | D90: BODEGA CENTRAL | E90: ESTRUCTURA DE MADERA TRAS CONTENEDOR No 1 | F90: MOBILIARIO 1 | G90: BODEGA CENTRAL | H90: ACTIVO FIJO | I90: MUEBLES Y ENSERES | J90: N/A | K90: N/A | L90: ESTACION DE TRABAJO EN L | M90: [ ESTACION DE TRABAJO EN L ] - AÑO: 2012; ESTADO: BUENO; COLOR: NEGRO; ESTRUCTURA: METAL; COMPONENTE: MDF; LARGO: 250 CM; ANCHO: 60 CM; ALTO: 73 CM; CANTIDAD: 1 | N90: N/A | O90: N/A | P90: N/A | Q90: ND | R90: ND | S90: ND | T90: NEGRO | U90: ND | V90: INCLUYE: ARCHIVADOR METALICO 3 CAJONES | W90: BUENO | X90: 2012 | Y90: MDF Y METAL | Z90: REVENTADOR | AA90: 1 | AB90: 1 | AC90: =AA90-AB90 -> 0 | AD90: N/A | AE90: N/A | AF90: 173 | AG90: 103.7 | AH90: 200 | AI90: =AH90*AB90 -> 200 | AJ90: 94.866071 | AK90: =AJ90*AB90 -> 94.866071 | AL90: =AK90*0.12 -> 11.383929 | AM90: =AL90+AK90 -> 106.25 | AN90: =AJ90*0.9 -> 85.379464 | AO90: =AN90*AB90 -> 85.379464 | AP90: =AO90*0.12 -> 10.245536 | AQ90: =AO90+AP90 -> 95.625 | AR90: MOVILIARIO | AS90: MOVILIARIO | AT90: VENTA | AU90: MB | AZ90: IN
A91: 261 | B91: 80042000003258 | C91: BIEN0195 | D91: BODEGA CENTRAL | E91: ESTRUCTURA DE MADERA TRAS CONTENEDOR No 1 | F91: MOBILIARIO 1 | G91: BODEGA CENTRAL | H91: ACTIVO FIJO | I91: MUEBLES Y ENSERES | J91: N/A | K91: N/A | L91: ESTACION DE TRABAJO EN L | M91: [ ESTACION DE TRABAJO EN L ] - AÑO: 2012; ESTADO: BUENO; COLOR: NEGRO; ESTRUCTURA: METAL; COMPONENTE: MDF; LARGO: 240 CM; ANCHO: 60 CM; ALTO: 73 CM; CANTIDAD: 1 | N91: N/A | O91: N/A | P91: N/A | Q91: ND | R91: ND | S91: ND | T91: NEGRO | U91: ND | V91: CON ARCHIVADOR DE 3 GAVETAS | W91: BUENO | X91: 2012 | Y91: MDF Y METAL | Z91: REVENTADOR | AA91: 1 | AB91: 1 | AC91: =AA91-AB91 -> 0 | AD91: N/A | AE91: N/A | AF91: 165 | AG91: 98.9 | AH91: 200 | AI91: =AH91*AB91 -> 200 | AJ91: 94.866071 | AK91: =AJ91*AB91 -> 94.866071 | AL91: =AK91*0.12 -> 11.383929 | AM91: =AL91+AK91 -> 106.25 | AN91: =AJ91*0.9 -> 85.379464 | AO91: =AN91*AB91 -> 85.379464 | AP91: =AO91*0.12 -> 10.245536 | AQ91: =AO91+AP91 -> 95.625 | AR91: MOVILIARIO | AS91: MOVILIARIO | AT91: VENTA | AU91: MB | AZ91: IN
A92: 262 | B92: 80042000002640 | C92: BIEN0308 | D92: BODEGA CENTRAL | E92: ESTRUCTURA DE MADERA TRAS CONTENEDOR No 1 | F92: MOBILIARIO 1 | G92: BODEGA CENTRAL | H92: ACTIVO FIJO | I92: MUEBLES Y ENSERES | J92: N/A | K92: N/A | L92: ESTACION DE TRABAJO EN L | M92: [ ESTACION DE TRABAJO EN L ] - AÑO: 2012; ESTADO: BUENO; COLOR: NEGRO; ESTRUCTURA: METAL; COMPONENTE: MDF; LARGO: 240 CM; ANCHO: 60 CM; ALTO: 73 CM; CANTIDAD: 1 | N92: N/A | O92: N/A | P92: N/A | Q92: ND | R92: ND | S92: ND | T92: NEGRO | U92: ND | V92: INCLUYE: ARCHIVADOR METALICO 3 CAJONES SIN LLAVE | W92: BUENO | X92: 2012 | Y92: MDF Y METAL | Z92: REVENTADOR | AA92: 1 | AB92: 1 | AC92: =AA92-AB92 -> 0 | AD92: N/A | AE92: N/A | AF92: 165 | AG92: 98.9 | AH92: 200 | AI92: =AH92*AB92 -> 200 | AJ92: 94.866071 | AK92: =AJ92*AB92 -> 94.866071 | AL92: =AK92*0.12 -> 11.383929 | AM92: =AL92+AK92 -> 106.25 | AN92: =AJ92*0.9 -> 85.379464 | AO92: =AN92*AB92 -> 85.379464 | AP92: =AO92*0.12 -> 10.245536 | AQ92: =AO92+AP92 -> 95.625 | AR92: MOVILIARIO | AS92: MOVILIARIO | AT92: VENTA | AU92: MB | AZ92: IN
A93: 263 | B93: 80042000005535 | C93: BIEN0348 | D93: BODEGA CENTRAL | E93: MOBILIARIO 2 | F93: MOBILIARIO 2 | G93: BODEGA CENTRAL | H93: ACTIVO FIJO | I93: MUEBLES Y ENSERES | J93: N/A | K93: N/A | L93: ESTACION DE TRABAJO EN L | M93: [ ESTACION DE TRABAJO EN L ] - AÑO: 2012; ESTADO: BUENO; COLOR: NEGRO; ESTRUCTURA: METAL; COMPONENTE: MDF; LARGO: 250 CM; ANCHO: 60 CM; ALTO: 73 CM; CANTIDAD: 1 | N93: N/A | O93: N/A | P93: N/A | Q93: ND | R93: ND | S93: ND | T93: NEGRO | U93: ND | V93: INCLUYE: ARCHIVADOR METALICO 3 CAJONES | W93: BUENO | X93: 2012 | Y93: MDF Y METAL | Z93: REVENTADOR | AA93: 1 | AB93: 1 | AC93: =AA93-AB93 -> 0 | AD93: N/A | AE93: N/A | AF93: 173 | AG93: 103.7 | AH93: 200 | AI93: =AH93*AB93 -> 200 | AJ93: 94.866071 | AK93: =AJ93*AB93 -> 94.866071 | AL93: =AK93*0.12 -> 11.383929 | AM93: =AL93+AK93 -> 106.25 | AN93: =AJ93*0.9 -> 85.379464 | AO93: =AN93*AB93 -> 85.379464 | AP93: =AO93*0.12 -> 10.245536 | AQ93: =AO93+AP93 -> 95.625 | AR93: MOVILIARIO | AS93: MOVILIARIO | AT93: VENTA | AU93: MB | AZ93: IN
A94: 264 | B94: 80042000003951 | C94: BIEN0524 | D94: EDIFICIO MATRIZ | E94: ADMINISTRATIVO | F94: ADMINISTRATIVO | G94: USO OFICINA | H94: ACTIVO FIJO | I94: MUEBLES Y ENSERES | J94: N/A | K94: N/A | L94: SILLA TRIPERSONAL CON APOYA BRAZOS | M94: [ SILLA TRIPERSONAL CON APOYA BRAZOS ] - AÑO: 2012; ESTADO: BUENO; COLOR: NEGRO; ESTRUCTURA: METAL; COMPONENTE: ( SIN COMPONENTE ); CANTIDAD: 1 | N94: N/A | O94: N/A | P94: N/A | Q94: ND | R94: ND | S94: ND | T94: NEGRO | U94: ND | V94: ND | W94: BUENO | X94: 2012 | Y94: ND | Z94: MATRIZ | AA94: 1 | AB94: 1 | AC94: =AA94-AB94 -> 0 | AD94: N/A | AE94: N/A | AF94: 138 | AG94: 82.6 | AH94: 269 | AI94: =AH94*AB94 -> 269 | AJ94: 89.25 | AK94: =AJ94*AB94 -> 89.25 | AL94: =AK94*0.12 -> 10.71 | AM94: =AL94+AK94 -> 99.96 | AN94: =AJ94*0.9 -> 80.325 | AO94: =AN94*AB94 -> 80.325 | AP94: =AO94*0.12 -> 9.639 | AQ94: =AO94+AP94 -> 89.964 | AR94: MOVILIARIO | AS94: MOVILIARIO | AT94: EN USO | AU94: EN USO | AV94: OFICINA EN USO | AZ94: IN
A95: 265 | B95: 80042000002176 | C95: BIEN0504 | D95: EDIFICIO MATRIZ | E95: ADMINISTRATIVO | F95: ADMINISTRATIVO | G95: USO OFICINA | H95: ACTIVO FIJO | I95: MUEBLES Y ENSERES | J95: N/A | K95: N/A | L95: DISPENSADOR DE AGUA | M95: [ DISPENSADOR DE AGUA ] - MARCA: ELECTROLUX; MODELO: EQC153MBHW; SERIE: 13500375; AÑO: 2012; ESTADO: BUENO; COLOR: BLANCO; ESTRUCTURA: ( SIN ESTRUCTURA ); COMPONENTE: ( SIN COMPONENTE ); LARGO: 31 CM; ANCHO: 30 CM; ALTO: 93 CM; CANTIDAD: 1 | N95: N/A | O95: N/A | P95: N/A | Q95: ELECTROLUX | R95: EQC153MBHW | S95: 13500375 | T95: BLANCO | U95: ND | V95: ND | W95: BUENO | X95: 2012 | Y95: USADO PARA AGUA CALIENTE Y AGUA FRIA, CON NEVERA | Z95: MATRIZ | AA95: 1 | AB95: 1 | AC95: =AA95-AB95 -> 0 | AD95: N/A | AE95: N/A | AF95: 132 | AG95: 79.2 | AH95: 175 | AI95: =AH95*AB95 -> 175 | AJ95: 82.723214 | AK95: =AJ95*AB95 -> 82.723214 | AL95: =AK95*0.12 -> 9.9267857 | AM95: =AL95+AK95 -> 92.65 | AN95: =AJ95*0.9 -> 74.450893 | AO95: =AN95*AB95 -> 74.450893 | AP95: =AO95*0.12 -> 8.9341071 | AQ95: =AO95+AP95 -> 83.385 | AR95: EQUIPOS DE COMPUTO | AS95: EQUIPO ELECTRÓNICO | AT95: EN USO | AU95: EN USO | AV95: KAREN ZAMBRANO EN USO | AZ95: IN
A96: 266 | B96: 80042000003944 | C96: INV01787 | D96: BODEGA CENTRAL | E96: MAQUINARIA | F96: PARED DERECHA CONTENEDOR No 2 MAQUINARIA | G96: BODEGA CENTRAL | H96: ACTIVO FIJO | I96: MUEBLES Y ENSERES | J96: N/A | K96: N/A | L96: SILLA BIPERSONAL CON APOYA BRA | M96: [ SILLA BIPERSONAL CON APOYA BRAZOS ] - AÑO: 2012; ESTADO: BUENO; COLOR: NEGRO; ESTRUCTURA: METAL; COMPONENTE: ( SIN COMPONENTE ); CANTIDAD: 1 | N96: N/A | O96: N/A | P96: N/A | Q96: ND | R96: ND | S96: ND | T96: NEGRO | U96: ND | V96: ND | W96: BUENO | X96: 2012 | Y96: ND | Z96: MATRIZ | AA96: 1 | AB96: 1 | AC96: =AA96-AB96 -> 0 | AD96: N/A | AE96: N/A | AF96: 138 | AG96: 82.6 | AH96: 249 | AI96: =AH96*AB96 -> 249 | AJ96: 82.34375 | AK96: =AJ96*AB96 -> 82.34375 | AL96: =AK96*0.12 -> 9.88125 | AM96: =AL96+AK96 -> 92.225 | AN96: =AJ96*0.9 -> 74.109375 | AO96: =AN96*AB96 -> 74.109375 | AP96: =AO96*0.12 -> 8.893125 | AQ96: =AO96+AP96 -> 83.0025 | AR96: MOVILIARIO | AS96: MOVILIARIO | AT96: VENTA | AU96: MB | AZ96: IN
A97: 268 | B97: 80042000003548 | C97: BIEN0313 | D97: BODEGA CENTRAL | E97: MOBILIARIO 2 | F97: MOBILIARIO 2 | G97: BODEGA CENTRAL | H97: ACTIVO FIJO | I97: MUEBLES Y ENSERES | J97: N/A | K97: N/A | L97: ARCHIVADOR VERTICAL TIPO ARMARIO | M97: [ ARCHIVADOR VERTICAL ] - AÑO: 2012; ESTADO: BUENO; COLOR: NEGRO; ESTRUCTURA: METAL; COMPONENTE: VIDRIO; LARGO: 90 CM; ANCHO: 40 CM; ALTO: 170 CM; PUERTAS: 4; CANTIDAD: 1 | N97: N/A | O97: N/A | P97: N/A | Q97: ND | R97: ND | S97: ND | T97: NEGRO | U97: 90X170X40 | V97: 4 PUERTAS DE VIDRIO Y MDF 2 SERVICIOS, LATERALES DE METAL | W97: BUENO | X97: 2012 | Y97: ND | Z97: MATRIZ | AA97: 1 | AB97: 1 | AC97: =AA97-AB97 -> 0 | AD97: N/A | AE97: N/A | AF97: 109 | AG97: 65.3 | AH97: 160 | AI97: =AH97*AB97 -> 160 | AJ97: 75.892857 | AK97: =AJ97*AB97 -> 75.892857 | AL97: =AK97*0.12 -> 9.1071429 | AM97: =AL97+AK97 -> 85 | AN97: =AJ97*0.9 -> 68.303571 | AO97: =AN97*AB97 -> 68.303571 | AP97: =AO97*0.12 -> 8.1964286 | AQ97: =AO97+AP97 -> 76.5 | AR97: MOVILIARIO | AS97: MOVILIARIO | AT97: VENTA | AU97: MB | AZ97: IN
A98: 269 | B98: 80042000002503 | C98: BIEN0314 | D98: BODEGA CENTRAL | E98: MOBILIARIO 2 | F98: MOBILIARIO 2 | G98: BODEGA CENTRAL | H98: ACTIVO FIJO | I98: MUEBLES Y ENSERES | J98: N/A | K98: N/A | L98: ARCHIVADOR VERTICAL TIPO ARMARIO | M98: [ ARCHIVADOR VERTICAL ] - AÑO: 2012; ESTADO: BUENO; COLOR: NEGRO; ESTRUCTURA: METAL; COMPONENTE: MDF; LARGO: 90 CM; ANCHO: 40 CM; ALTO: 170 CM; CANTIDAD: 1 | N98: N/A | O98: N/A | P98: N/A | Q98: ND | R98: ND | S98: ND | T98: NEGRO | U98: 90X170X40 | V98: 4 PUERTAS DE VIDRIO Y MDF 2 SERVICIOS, LATERALES DE METAL | W98: BUENO | X98: 2012 | Y98: ND | Z98: MATRIZ | AA98: 1 | AB98: 1 | AC98: =AA98-AB98 -> 0 | AD98: N/A | AE98: N/A | AF98: 109 | AG98: 65.3 | AH98: 160 | AI98: =AH98*AB98 -> 160 | AJ98: 75.892857 | AK98: =AJ98*AB98 -> 75.892857 | AL98: =AK98*0.12 -> 9.1071429 | AM98: =AL98+AK98 -> 85 | AN98: =AJ98*0.9 -> 68.303571 | AO98: =AN98*AB98 -> 68.303571 | AP98: =AO98*0.12 -> 8.1964286 | AQ98: =AO98+AP98 -> 76.5 | AR98: MOVILIARIO | AS98: MOVILIARIO | AT98: VENTA | AU98: MB | AZ98: IN
A99: 270 | B99: 80042000000967 | C99: BIEN0315 | D99: BODEGA CENTRAL | E99: MOBILIARIO 2 | F99: MOBILIARIO 2 | G99: BODEGA CENTRAL | H99: ACTIVO FIJO | I99: MUEBLES Y ENSERES | J99: N/A | K99: N/A | L99: ARCHIVADOR VERTICAL TIPO ARMARIO | M99: [ ARCHIVADOR VERTICAL ] - AÑO: 2012; ESTADO: BUENO; COLOR: NEGRO; ESTRUCTURA: METAL; COMPONENTE: VIDRIO; LARGO: 90 CM; ANCHO: 40 CM; ALTO: 170 CM; DIVISIONES/SERVICIOS/NIVELES: 2; PUERTAS: 4; CANTIDAD: 1 | N99: N/A | O99: N/A | P99: N/A | Q99: ND | R99: ND | S99: ND | T99: NEGRO | U99: 90X170X40 | V99: 4 PUERTAS DE VIDRIO Y MDF 2 SERVICIOS, LATERALES DE METAL | W99: BUENO | X99: 2012 | Y99: ND | Z99: MATRIZ | AA99: 1 | AB99: 1 | AC99: =AA99-AB99 -> 0 | AD99: N/A | AE99: N/A | AF99: 109 | AG99: 65.3 | AH99: 160 | AI99: =AH99*AB99 -> 160 | AJ99: 75.892857 | AK99: =AJ99*AB99 -> 75.892857 | AL99: =AK99*0.12 -> 9.1071429 | AM99: =AL99+AK99 -> 85 | AN99: =AJ99*0.9 -> 68.303571 | AO99: =AN99*AB99 -> 68.303571 | AP99: =AO99*0.12 -> 8.1964286 | AQ99: =AO99+AP99 -> 76.5 | AR99: MOVILIARIO | AS99: MOVILIARIO | AT99: VENTA | AU99: MB | AZ99: IN
A100: 271 | B100: 80042000000110 | C100: BIEN0316 | D100: BODEGA CENTRAL | E100: MOBILIARIO 2 | F100: MOBILIARIO 2 | G100: BODEGA CENTRAL | H100: ACTIVO FIJO | I100: MUEBLES Y ENSERES | J100: N/A | K100: N/A | L100: ARCHIVADOR VERTICAL TIPO ARMARIO | M100: [ ARCHIVADOR VERTICAL ] - AÑO: 2012; ESTADO: BUENO; COLOR: NEGRO; ESTRUCTURA: METAL; COMPONENTE: VIDRIO; LARGO: 90 CM; ANCHO: 40 CM; ALTO: 170 CM; CANTIDAD: 1 | N100: N/A | O100: N/A | P100: N/A | Q100: ND | R100: ND | S100: ND | T100: NEGRO | U100: 90X170X40 | V100: 4 PUERTAS DE VIDRIO Y MDF 2 SERVICIOS, LATERALES DE METAL | W100: BUENO | X100: 2012 | Y100: ND | Z100: MATRIZ | AA100: 1 | AB100: 1 | AC100: =AA100-AB100 -> 0 | AD100: N/A | AE100: N/A | AF100: 109 | AG100: 65.3 | AH100: 160 | AI100: =AH100*AB100 -> 160 | AJ100: 75.892857 | AK100: =AJ100*AB100 -> 75.892857 | AL100: =AK100*0.12 -> 9.1071429 | AM100: =AL100+AK100 -> 85 | AN100: =AJ100*0.9 -> 68.303571 | AO100: =AN100*AB100 -> 68.303571 | AP100: =AO100*0.12 -> 8.1964286 | AQ100: =AO100+AP100 -> 76.5 | AR100: MOVILIARIO | AS100: MOVILIARIO | AT100: VENTA | AU100: MB | AZ100: IN
A101: 272 | B101: 80042000000608 | C101: BIEN0317 | D101: BODEGA CENTRAL | E101: MOBILIARIO 2 | F101: MOBILIARIO 2 | G101: BODEGA CENTRAL | H101: ACTIVO FIJO | I101: MUEBLES Y ENSERES | J101: N/A | K101: N/A | L101: ARCHIVADOR VERTICAL TIPO ARMARIO | M101: [ ARCHIVADOR VERTICAL ] - AÑO: 2012; ESTADO: BUENO; COLOR: NEGRO; ESTRUCTURA: METAL; COMPONENTE: VIDRIO; LARGO: 90 CM; ANCHO: 40 CM; ALTO: 170 CM; DIVISIONES/SERVICIOS/NIVELES: 2; PUERTAS: 4; CANTIDAD: 1 | N101: N/A | O101: N/A | P101: N/A | Q101: ND | R101: ND | S101: ND | T101: NEGRO | U101: 90X170X40 | V101: 4 PUERTAS DE VIDRIO Y MDF 2 SERVICIOS, LATERALES DE METAL | W101: BUENO | X101: 2012 | Y101: ND | Z101: MATRIZ | AA101: 1 | AB101: 1 | AC101: =AA101-AB101 -> 0 | AD101: N/A | AE101: N/A | AF101: 109 | AG101: 65.3 | AH101: 160 | AI101: =AH101*AB101 -> 160 | AJ101: 75.892857 | AK101: =AJ101*AB101 -> 75.892857 | AL101: =AK101*0.12 -> 9.1071429 | AM101: =AL101+AK101 -> 85 | AN101: =AJ101*0.9 -> 68.303571 | AO101: =AN101*AB101 -> 68.303571 | AP101: =AO101*0.12 -> 8.1964286 | AQ101: =AO101+AP101 -> 76.5 | AR101: MOVILIARIO | AS101: MOVILIARIO | AT101: VENTA | AU101: MB | AZ101: IN
A102: 273 | B102: 80042000002121 | C102: BIEN0318 | D102: BODEGA CENTRAL | E102: MOBILIARIO 2 | F102: MOBILIARIO 2 | G102: BODEGA CENTRAL | H102: ACTIVO FIJO | I102: MUEBLES Y ENSERES | J102: N/A | K102: N/A | L102: ARCHIVADOR VERTICAL TIPO ARMARIO | M102: [ ARCHIVADOR VERTICAL ] - AÑO: 2012; ESTADO: BUENO; COLOR: NEGRO; ESTRUCTURA: METAL; COMPONENTE: MDF; LARGO: 90 CM; ANCHO: 40 CM; ALTO: 170 CM; CANTIDAD: 1 | N102: N/A | O102: N/A | P102: N/A | Q102: ND | R102: ND | S102: ND | T102: NEGRO | U102: 90X170X40 | V102: 4 PUERTAS DE VIDRIO Y MDF 2 SERVICIOS, LATERALES DE METAL | W102: BUENO | X102: 2012 | Y102: ND | Z102: MATRIZ | AA102: 1 | AB102: 1 | AC102: =AA102-AB102 -> 0 | AD102: N/A | AE102: N/A | AF102: 109 | AG102: 65.3 | AH102: 160 | AI102: =AH102*AB102 -> 160 | AJ102: 75.892857 | AK102: =AJ102*AB102 -> 75.892857 | AL102: =AK102*0.12 -> 9.1071429 | AM102: =AL102+AK102 -> 85 | AN102: =AJ102*0.9 -> 68.303571 | AO102: =AN102*AB102 -> 68.303571 | AP102: =AO102*0.12 -> 8.1964286 | AQ102: =AO102+AP102 -> 76.5 | AR102: MOVILIARIO | AS102: MOVILIARIO | AT102: VENTA | AU102: MB | AZ102: IN
A103: 274 | B103: 80042000005672 | C103: BIEN0319 | D103: BODEGA CENTRAL | E103: MOBILIARIO 2 | F103: MOBILIARIO 2 | G103: BODEGA CENTRAL | H103: ACTIVO FIJO | I103: MUEBLES Y ENSERES | J103: N/A | K103: N/A | L103: ARCHIVADOR VERTICAL TIPO ARMARIO | M103: [ ARCHIVADOR VERTICAL ] - AÑO: 2012; ESTADO: BUENO; COLOR: NEGRO; ESTRUCTURA: METAL; COMPONENTE: MDF; LARGO: 90 CM; ANCHO: 40 CM; ALTO: 170 CM; CANTIDAD: 1 | N103: N/A | O103: N/A | P103: N/A | Q103: ND | R103: ND | S103: ND | T103: NEGRO | U103: 90X170X40 | V103: 4 PUERTAS DE VIDRIO Y MDF 2 SERVICIOS, LATERALES DE METAL | W103: BUENO | X103: 2012 | Y103: ND | Z103: MATRIZ | AA103: 1 | AB103: 1 | AC103: =AA103-AB103 -> 0 | AD103: N/A | AE103: N/A | AF103: 109 | AG103: 65.3 | AH103: 160 | AI103: =AH103*AB103 -> 160 | AJ103: 75.892857 | AK103: =AJ103*AB103 -> 75.892857 | AL103: =AK103*0.12 -> 9.1071429 | AM103: =AL103+AK103 -> 85 | AN103: =AJ103*0.9 -> 68.303571 | AO103: =AN103*AB103 -> 68.303571 | AP103: =AO103*0.12 -> 8.1964286 | AQ103: =AO103+AP103 -> 76.5 | AR103: MOVILIARIO | AS103: MOVILIARIO | AT103: VENTA | AU103: MB | AZ103: IN
A104: 275 | B104: 80042000002145 | C104: BIEN0547 | D104: BODEGA CENTRAL | E104: ARMARIO 3 | F104: FRENTE DE BAÑOS ARMARIO 3 | G104: BODEGA CENTRAL | H104: ACTIVO FIJO | I104: MUEBLES Y ENSERES | J104: N/A | K104: N/A | L104: ARCHIVADOR VERTICAL TIPO ARMARIO | M104: [ ARCHIVADOR VERTICAL ] - AÑO: 2012; ESTADO: BUENO; COLOR: NEGRO; ESTRUCTURA: METAL; COMPONENTE: MDF; LARGO: 90 CM; ANCHO: 40 CM; ALTO: 170 CM; CANTIDAD: 1 | N104: N/A | O104: N/A | P104: N/A | Q104: ND | R104: ND | S104: ND | T104: NEGRO | U104: 90X170X40 | V104: 4 PUERTAS DE VIDRIO Y MDF 2 SERVICIOS, LATERALES DE METAL | W104: BUENO | X104: 2012 | Y104: ND | Z104: MATRIZ | AA104: 1 | AB104: 1 | AC104: =AA104-AB104 -> 0 | AD104: N/A | AE104: N/A | AF104: 109 | AG104: 65.3 | AH104: 160 | AI104: =AH104*AB104 -> 160 | AJ104: 75.892857 | AK104: =AJ104*AB104 -> 75.892857 | AL104: =AK104*0.12 -> 9.1071429 | AM104: =AL104+AK104 -> 85 | AN104: =AJ104*0.9 -> 68.303571 | AO104: =AN104*AB104 -> 68.303571 | AP104: =AO104*0.12 -> 8.1964286 | AQ104: =AO104+AP104 -> 76.5 | AR104: MOVILIARIO | AS104: MOVILIARIO | AT104: VENTA | AU104: MB | AZ104: IN
A105: 276 | B105: 80042000003531 | C105: BIEN0548 | D105: BODEGA CENTRAL | E105: ARMARIO 2 | F105: FRENTE DE BAÑOS ARMARIO 2 | G105: BODEGA CENTRAL | H105: ACTIVO FIJO | I105: MUEBLES Y ENSERES | J105: N/A | K105: N/A | L105: ARCHIVADOR VERTICAL TIPO ARMARIO | M105: [ ARCHIVADOR VERTICAL ] - AÑO: 2012; ESTADO: BUENO; COLOR: NEGRO; ESTRUCTURA: METAL; COMPONENTE: VIDRIO; LARGO: 90 CM; ANCHO: 40 CM; ALTO: 170 CM; PUERTAS: 4; CANTIDAD: 1 | N105: N/A | O105: N/A | P105: N/A | Q105: ND | R105: ND | S105: ND | T105: NEGRO | U105: 90X170X40 | V105: 4 PUERTAS DE VIDRIO Y MDF 2 SERVICIOS, LATERALES DE METAL | W105: BUENO | X105: 2012 | Y105: ND | Z105: MATRIZ | AA105: 1 | AB105: 1 | AC105: =AA105-AB105 -> 0 | AD105: N/A | AE105: N/A | AF105: 109 | AG105: 65.3 | AH105: 160 | AI105: =AH105*AB105 -> 160 | AJ105: 75.892857 | AK105: =AJ105*AB105 -> 75.892857 | AL105: =AK105*0.12 -> 9.1071429 | AM105: =AL105+AK105 -> 85 | AN105: =AJ105*0.9 -> 68.303571 | AO105: =AN105*AB105 -> 68.303571 | AP105: =AO105*0.12 -> 8.1964286 | AQ105: =AO105+AP105 -> 76.5 | AR105: MOVILIARIO | AS105: MOVILIARIO | AT105: VENTA | AU105: MB | AZ105: IN
A106: 277 | B106: 80042000000394 | C106: BIEN0454 | D106: EDIFICIO MATRIZ | E106: ADMINISTRATIVO | F106: ADMINISTRATIVO | G106: USO OFICINA | H106: ACTIVO FIJO | I106: MUEBLES Y ENSERES | J106: N/A | K106: N/A | L106: ARCHIVADOR VERTICAL TIPO ARMARIO | M106: [ ARCHIVADOR VERTICAL ] - AÑO: 2012; ESTADO: BUENO; COLOR: NEGRO; ESTRUCTURA: METAL; COMPONENTE: VIDRIO; LARGO: 90 CM; ANCHO: 40 CM; ALTO: 170 CM; DIVISIONES/SERVICIOS/NIVELES: 2; PUERTAS: 4; CANTIDAD: 1 | N106: N/A | O106: N/A | P106: N/A | Q106: ND | R106: ND | S106: ND | T106: NEGRO | U106: 90X170X40 | V106: 4 PUERTAS DE VIDRIO Y MDF 2 SERVICIOS, LATERALES DE METAL | W106: BUENO | X106: 2012 | Y106: ND | Z106: MATRIZ | AA106: 1 | AB106: 1 | AC106: =AA106-AB106 -> 0 | AD106: N/A | AE106: N/A | AF106: 109 | AG106: 65.3 | AH106: 160 | AI106: =AH106*AB106 -> 160 | AJ106: 75.892857 | AK106: =AJ106*AB106 -> 75.892857 | AL106: =AK106*0.12 -> 9.1071429 | AM106: =AL106+AK106 -> 85 | AN106: =AJ106*0.9 -> 68.303571 | AO106: =AN106*AB106 -> 68.303571 | AP106: =AO106*0.12 -> 8.1964286 | AQ106: =AO106+AP106 -> 76.5 | AR106: MOVILIARIO | AS106: MOVILIARIO | AT106: EN USO | AU106: EN USO | AV106: OFICINA EN USO | AZ106: IN
A107: 278 | B107: 80042000004545 | C107: BIEN0455 | D107: EDIFICIO MATRIZ | E107: ADMINISTRATIVO | F107: ADMINISTRATIVO | G107: USO OFICINA | H107: ACTIVO FIJO | I107: MUEBLES Y ENSERES | J107: N/A | K107: N/A | L107: ARCHIVADOR VERTICAL TIPO ARMARIO | M107: [ ARCHIVADOR VERTICAL ] - AÑO: 2012; ESTADO: BUENO; COLOR: NEGRO; ESTRUCTURA: METAL; COMPONENTE: MDF; LARGO: 90 CM; ANCHO: 40 CM; ALTO: 170 CM; CANTIDAD: 1 | N107: N/A | O107: N/A | P107: N/A | Q107: ND | R107: ND | S107: ND | T107: NEGRO | U107: 90X170X40 | V107: 4 PUERTAS DE VIDRIO Y MDF 2 SERVICIOS, LATERALES DE METAL | W107: BUENO | X107: 2012 | Y107: ND | Z107: MATRIZ | AA107: 1 | AB107: 1 | AC107: =AA107-AB107 -> 0 | AD107: N/A | AE107: N/A | AF107: 109 | AG107: 65.3 | AH107: 160 | AI107: =AH107*AB107 -> 160 | AJ107: 75.892857 | AK107: =AJ107*AB107 -> 75.892857 | AL107: =AK107*0.12 -> 9.1071429 | AM107: =AL107+AK107 -> 85 | AN107: =AJ107*0.9 -> 68.303571 | AO107: =AN107*AB107 -> 68.303571 | AP107: =AO107*0.12 -> 8.1964286 | AQ107: =AO107+AP107 -> 76.5 | AR107: MOVILIARIO | AS107: MOVILIARIO | AT107: EN USO | AU107: EN USO | AV107: OFICINA EN USO | AZ107: IN
A108: 279 | B108: 80042000002138 | C108: BIEN0465 | D108: EDIFICIO MATRIZ | E108: ADMINISTRATIVO | F108: ADMINISTRATIVO | G108: USO OFICINA | H108: ACTIVO FIJO | I108: MUEBLES Y ENSERES | J108: N/A | K108: N/A | L108: ARCHIVADOR VERTICAL TIPO ARMARIO | M108: [ ARCHIVADOR VERTICAL ] - AÑO: 2012; ESTADO: BUENO; COLOR: NEGRO; ESTRUCTURA: METAL; COMPONENTE: MDF; LARGO: 90 CM; ANCHO: 40 CM; ALTO: 170 CM; CANTIDAD: 1 | N108: N/A | O108: N/A | P108: N/A | Q108: ND | R108: ND | S108: ND | T108: NEGRO | U108: 90X170X40 | V108: 4 PUERTAS DE VIDRIO Y MDF 2 SERVICIOS, LATERALES DE METAL | W108: BUENO | X108: 2012 | Y108: ND | Z108: MATRIZ | AA108: 1 | AB108: 1 | AC108: =AA108-AB108 -> 0 | AD108: N/A | AE108: N/A | AF108: 109 | AG108: 65.3 | AH108: 160 | AI108: =AH108*AB108 -> 160 | AJ108: 75.892857 | AK108: =AJ108*AB108 -> 75.892857 | AL108: =AK108*0.12 -> 9.1071429 | AM108: =AL108+AK108 -> 85 | AN108: =AJ108*0.9 -> 68.303571 | AO108: =AN108*AB108 -> 68.303571 | AP108: =AO108*0.12 -> 8.1964286 | AQ108: =AO108+AP108 -> 76.5 | AR108: MOVILIARIO | AS108: MOVILIARIO | AT108: EN USO | AU108: EN USO | AV108: KAREN ZAMBRANO EN USO | AZ108: IN
A109: 280 | B109: 80042000004699 | C109: BIEN0475 | D109: EDIFICIO MATRIZ | E109: ADMINISTRATIVO | F109: ADMINISTRATIVO | G109: ELIN KRISTENSEN | H109: ACTIVO FIJO | I109: MUEBLES Y ENSERES | J109: N/A | K109: N/A | L109: ARCHIVADOR VERTICAL TIPO ARMARIO | M109: [ ARCHIVADOR VERTICAL ] - AÑO: 2012; ESTADO: BUENO; COLOR: NEGRO; ESTRUCTURA: METAL; COMPONENTE: MDF; LARGO: 90 CM; ANCHO: 40 CM; ALTO: 170 CM; DIVISIONES/SERVICIOS/NIVELES: 4; PUERTAS: 4; CANTIDAD: 1 | N109: N/A | O109: N/A | P109: N/A | Q109: ND | R109: ND | S109: ND | T109: NEGRO | U109: 90X170X40 | V109: 4 PUERTAS DE VIDRIO Y MDF 2 SERVICIOS, LATERALES DE METAL | W109: BUENO | X109: 2012 | Y109: ND | Z109: MATRIZ | AA109: 1 | AB109: 1 | AC109: =AA109-AB109 -> 0 | AD109: N/A | AE109: N/A | AF109: 109 | AG109: 65.3 | AH109: 160 | AI109: =AH109*AB109 -> 160 | AJ109: 75.892857 | AK109: =AJ109*AB109 -> 75.892857 | AL109: =AK109*0.12 -> 9.1071429 | AM109: =AL109+AK109 -> 85 | AN109: =AJ109*0.9 -> 68.303571 | AO109: =AN109*AB109 -> 68.303571 | AP109: =AO109*0.12 -> 8.1964286 | AQ109: =AO109+AP109 -> 76.5 | AR109: MOVILIARIO | AS109: MOVILIARIO | AT109: EN USO | AU109: EN USO | AV109: ELIN KRISTENSEN EN USO | AZ109: IN
A110: 281 | B110: 80042000003593 | C110: BIEN0476 | D110: EDIFICIO MATRIZ | E110: ADMINISTRATIVO | F110: ADMINISTRATIVO | G110: MARCO DAVALOS | H110: ACTIVO FIJO | I110: MUEBLES Y ENSERES | J110: N/A | K110: N/A | L110: ARCHIVADOR VERTICAL TIPO ARMARIO | M110: [ ARCHIVADOR VERTICAL ] - AÑO: 2012; ESTADO: BUENO; COLOR: NEGRO; ESTRUCTURA: METAL; COMPONENTE: VIDRIO; LARGO: 90 CM; ANCHO: 40 CM; ALTO: 170 CM; PUERTAS: 4; CANTIDAD: 1 | N110: N/A | O110: N/A | P110: N/A | Q110: ND | R110: ND | S110: ND | T110: NEGRO | U110: 90X170X40 | V110: 4 PUERTAS DE VIDRIO Y MDF 2 SERVICIOS, LATERALES DE METAL | W110: BUENO | X110: 2012 | Y110: ND | Z110: MATRIZ | AA110: 1 | AB110: 1 | AC110: =AA110-AB110 -> 0 | AD110: N/A | AE110: N/A | AF110: 109 | AG110: 65.3 | AH110: 160 | AI110: =AH110*AB110 -> 160 | AJ110: 75.892857 | AK110: =AJ110*AB110 -> 75.892857 | AL110: =AK110*0.12 -> 9.1071429 | AM110: =AL110+AK110 -> 85 | AN110: =AJ110*0.9 -> 68.303571 | AO110: =AN110*AB110 -> 68.303571 | AP110: =AO110*0.12 -> 8.1964286 | AQ110: =AO110+AP110 -> 76.5 | AR110: MOVILIARIO | AS110: MOVILIARIO | AT110: EN USO | AU110: EN USO | AV110: MARCO DAVALOS EN USO | AZ110: IN
A111: 282 | B111: 80042000001810 | C111: BIEN0525 | D111: EDIFICIO MATRIZ | E111: ADMINISTRATIVO | F111: ADMINISTRATIVO | G111: ZAHER CHMAIT | H111: ACTIVO FIJO | I111: MUEBLES Y ENSERES | J111: N/A | K111: N/A | L111: ARCHIVADOR VERTICAL TIPO ARMARIO | M111: [ ARCHIVADOR VERTICAL ] - AÑO: 2012; ESTADO: BUENO; COLOR: NEGRO; ESTRUCTURA: METAL; COMPONENTE: MDF; LARGO: 90 CM; ANCHO: 42 CM; ALTO: 171 CM; CANTIDAD: 1 | N111: N/A | O111: N/A | P111: N/A | Q111: ND | R111: ND | S111: ND | T111: NEGRO | U111: 90X170X40 | V111: 4 PUERTAS DE VIDRIO Y MDF 2 SERVICIOS, LATERALES DE METAL | W111: BUENO | X111: 2012 | Y111: ND | Z111: MATRIZ | AA111: 1 | AB111: 1 | AC111: =AA111-AB111 -> 0 | AD111: N/A | AE111: N/A | AF111: 109 | AG111: 65.3 | AH111: 160 | AI111: =AH111*AB111 -> 160 | AJ111: 75.892857 | AK111: =AJ111*AB111 -> 75.892857 | AL111: =AK111*0.12 -> 9.1071429 | AM111: =AL111+AK111 -> 85 | AN111: =AJ111*0.9 -> 68.303571 | AO111: =AN111*AB111 -> 68.303571 | AP111: =AO111*0.12 -> 8.1964286 | AQ111: =AO111+AP111 -> 76.5 | AR111: MOVILIARIO | AS111: MOVILIARIO | AT111: EN USO | AU111: EN USO | AV111: ZAHER CHMAIT EN USO | AZ111: IN
A112: 283 | B112: 80042000004682 | C112: BIEN0201 | D112: BODEGA CENTRAL | E112: ESTANTERIA 21 | F112: PASILLO ESTANTERIA 21 | G112: BODEGA CENTRAL | H112: ACTIVO FIJO | I112: MUEBLES Y ENSERES | J112: N/A | K112: N/A | L112: SILLON GERENCIAL | M112: [ SILLA GERENCIAL ] - AÑO: 2012; ESTADO: REGULAR; COLOR: NEGRO; ESTRUCTURA: METAL; COMPONENTE: CUERINA; CANTIDAD: 1 | N112: N/A | O112: N/A | P112: N/A | Q112: ND | R112: ND | S112: ND | T112: SIN COLOR | U112: ND | V112: CUERINA | W112: REGULAR | X112: 2012 | Y112: APOYABRAZOS DESGASTADOS | Z112: MATRIZ | AA112: 1 | AB112: 1 | AC112: =AA112-AB112 -> 0 | AD112: N/A | AE112: N/A | AF112: 123 | AG112: 73.9 | AH112: 210 | AI112: =AH112*AB112 -> 210 | AJ112: 71.339286 | AK112: =AJ112*AB112 -> 71.339286 | AL112: =AK112*0.12 -> 8.5607143 | AM112: =AL112+AK112 -> 79.9 | AN112: =AJ112*0.9 -> 64.205357 | AO112: =AN112*AB112 -> 64.205357 | AP112: =AO112*0.12 -> 7.7046429 | AQ112: =AO112+AP112 -> 71.91 | AR112: MOVILIARIO | AS112: MOVILIARIO | AT112: VENTA | AU112: MB | AZ112: IN
A113: 284 | B113: 80042000018405 | C113: INV00705 | D113: BODEGA CENTRAL | E113: ESTRUCTURA DE MADERA TRAS CONTENEDOR No 1 | F113: SOBRE ESTRUCTURA DE MADERA TRAS CONTENEDOR No 1 | G113: BODEGA CENTRAL | H113: ACTIVO FIJO | I113: MUEBLES Y ENSERES | J113: N/A | K113: N/A | L113: BOTIQUIN TIPO MOCHILA | M113: MOCHILA DE EMERGENCIA , GUANTES GASAS, ALGONDON, COTONETES, INMOVILIZADOR | N113: N/A | O113: N/A | P113: N/A | Q113: RIESTER | R113: MVRA3916 | S113: ND | T113: ROJO | U113: ND | V113: ND | W113: BUENO | X113: 2017 | Y113: ND | Z113: MATRIZ | AA113: 1 | AB113: 1 | AC113: =AA113-AB113 -> 0 | AD113: N/A | AE113: N/A | AF113: 165 | AG113: 113.78 | AH113: 125 | AI113: =AH113*AB113 -> 125 | AJ113: 97.563 | AK113: =AJ113*AB113 -> 97.563 | AL113: =AK113*0.12 -> 11.70756 | AM113: =AL113+AK113 -> 109.27056 | AN113: =AJ113*0.9 -> 87.8067 | AO113: =AN113*AB113 -> 87.8067 | AP113: =AO113*0.12 -> 10.536804 | AQ113: =AO113+AP113 -> 98.343504 | AR113: EQUIPOS MEDICOS / MDEM / IM / RDT / PP / SEÑALETICA Y MS / EXTINTORES / MDGA | AS113: MATERIAL PARA ATENCIÓN DE EMERGENCIA MÉDICA | AT113: VENTA | AU113: SAR | AZ113: IN
A114: 285 | B114: 80042000018498 | C114: INV00706 | D114: BODEGA CENTRAL | E114: ESTRUCTURA DE MADERA TRAS CONTENEDOR No 1 | F114: SOBRE ESTRUCTURA DE MADERA TRAS CONTENEDOR No 1 | G114: BODEGA CENTRAL | H114: ACTIVO FIJO | I114: MUEBLES Y ENSERES | J114: N/A | K114: N/A | L114: BOTIQUIN TIPO MOCHILA | M114: MOCHILA DE EMERGENCIA , GUANTES GASAS, ALGONDON, COTONETES, INMOVILIZADOR | N114: N/A | O114: N/A | P114: N/A | Q114: RIESTER | R114: MVRA3916 | S114: ND | T114: ROJO | U114: ND | V114: ND | W114: BUENO | X114: 2017 | Y114: ND | Z114: MATRIZ | AA114: 1 | AB114: 1 | AC114: =AA114-AB114 -> 0 | AD114: N/A | AE114: N/A | AF114: 165 | AG114: 113.78 | AH114: 125 | AI114: =AH114*AB114 -> 125 | AJ114: 97.563 | AK114: =AJ114*AB114 -> 97.563 | AL114: =AK114*0.12 -> 11.70756 | AM114: =AL114+AK114 -> 109.27056 | AN114: =AJ114*0.9 -> 87.8067 | AO114: =AN114*AB114 -> 87.8067 | AP114: =AO114*0.12 -> 10.536804 | AQ114: =AO114+AP114 -> 98.343504 | AR114: EQUIPOS MEDICOS / MDEM / IM / RDT / PP / SEÑALETICA Y MS / EXTINTORES / MDGA | AS114: MATERIAL PARA ATENCIÓN DE EMERGENCIA MÉDICA | AT114: VENTA | AU114: SAR | AZ114: IN
...

Sheet ROTURA MAQUINARIA
A4: No. | B4: COD. | C4: CODIGO PERITO | D4: UBICACIÓN GEOGRAFICA | E4: UBICACIÓN ORGANICA | F4: UBICACIÓN ADMINISTRATIVA | G4: UBICACIÓN GENERAL | H4: TIPO DE BIEN | I4: TIPO DE ACTIVO GNMMS | J4: CLASIFICACION | K4: SUBCLASIFICACION | L4: NOM. /DESCRIPCION | M4: NOMINACION LARGA | N4: EST. | O4: UNIDAD | P4: MODULO | Q4: MARCA | R4: MODELO | S4: SERIE | T4: COLOR | U4: CAPACIDAD | V4: COMPONENTES | W4: ESTADO | X4: AÑO | Y4: OBSERVACION | Z4: PROYECTO | AA4: CANTIDAD GNMMS | AB4: CANTIDAD PERITO | AC4: DIFERENCIA ENTRE GNMMS Y PERITO | AD4: VALOR DE COMPRA UNITARIO GNMMS (USD | AE4: VALOR DE COMPRA TOTAL GNMMS (USD) | AF4: V. REVALORIZADO | AG4: VAL. ACT. | AH4: VALOR DE REPOSICION UNITARIO (USD) | AI4: VALOR DE REPOSICION TOTAL (USD) | AJ4: VALOR COMERCIAL UNITARIO (USD) | AK4: SUBTOTAL VALOR COMERCIAL (USD) | AL4: IVA 12% | AM4: VALOR COMERCIAL INCLUIDO IVA (USD) | AN4: VALOR DE REALIZACION UNITARIO (USD) | AO4: SUBTOTAL VALOR REALIZACION (USD) | AP4: IVA 12% | AQ4: VALOR DE REALIZACION TOTAL INCLUIDO IVA (USD) | AR4: LOTE INFORME | AS4: SUB LOTE INFORME | AT4: PRIMER INFORME ESTADO / BIENE E INVENTARIO | AU4: INFORME / LOTE PARA VENTA | AV4: OBSERVACIÓN / BIENES E INVENTARIO VENDIDOS Y EN USO | AW4: CONTEO | AX4: OBSERVACION | AY4: VERIFICADO | AZ4: RAMO
A5: 158 | B5: 80042000006198 | C5: BIEN0517 | D5: BODEGA CENTRAL | E5: MAQUINARIA | F5: PARED DERECHA CONTENEDOR No 2 MAQUINARIA | G5: BODEGA CENTRAL | H5: ACTIVO FIJO | I5: MAQUINARIA Y EQUIPO PESADO | J5: N/A | K5: N/A | L5: PERFORADORA INDUSTRIAL ACKER | M5: [ PERFORADORA ] - MARCA: ACKER; MODELO: ACE; SERIE: 18635; AÑO: 2012; ESTADO: BUENO; COLOR: NARANJA; ESTRUCTURA: ACERO; LARGO: 220 CM; ANCHO: 85 CM; ALTO: 135 CM; CANTIDAD: 1 | N5: N/A | O5: N/A | P5: N/A | Q5: ACKER | R5: ACKER-ACE | S5: 18635 | T5: SIN COLOR | U5: ND | V5: ND | W5: BUENO | X5: 2012 | Y5: ND | Z5: MOMPICHE | AA5: 1 | AB5: 1 | AC5: =AA5-AB5 -> 0 | AD5: N/A | AE5: N/A | AF5: 160788 | AG5: 112551.6 | AH5: 204493.26 | AI5: =AH5*AB5 -> 204493.26 | AJ5: 90636.429 | AK5: =AJ5*AB5 -> 90636.429 | AL5: =AK5*0.12 -> 10876.371 | AM5: =AL5+AK5 -> 101512.8 | AN5: =AJ5*0.9 -> 81572.786 | AO5: =AN5*AB5 -> 81572.786 | AP5: =AO5*0.12 -> 9788.7343 | AQ5: =AO5+AP5 -> 91361.52 | AR5: EQUIPOS DE EXPLORACIÓN Y MAQUINARIA DE PERFORACIÓN | AS5: MAQUINARIAS E ÍNSUMOS DE PERFORACIÓN | AT5: VENTA | AU5: PF | AZ5: RM
A6: 159 | B6: 80042000006204 | C6: BIEN0520 | D6: BODEGA CENTRAL | E6: MAQUINARIA | F6: PARED DERECHA CONTENEDOR No 2 MAQUINARIA | G6: BODEGA CENTRAL | H6: ACTIVO FIJO | I6: MAQUINARIA Y EQUIPO PESADO | J6: N/A | K6: N/A | L6: PERFORADORA INDUSTRIAL ACKER | M6: [ PERFORADORA ] - MARCA: ACKER; MODELO: ACE; SERIE: 18634; AÑO: 2012; ESTADO: BUENO; COLOR: NARANJA; ESTRUCTURA: ACERO; LARGO: 220 CM; ANCHO: 85 CM; ALTO: 135 CM; CANTIDAD: 1 | N6: N/A | O6: N/A | P6: N/A | Q6: ACKER | R6: ACKER-ACE | S6: 18634 | T6: SIN COLOR | U6: ND | V6: ND | W6: BUENO | X6: 2012 | Y6: ND | Z6: MOMPICHE | AA6: 1 | AB6: 1 | AC6: =AA6-AB6 -> 0 | AD6: N/A | AE6: N/A | AF6: 160788 | AG6: 112551.6 | AH6: 204493.26 | AI6: =AH6*AB6 -> 204493.26 | AJ6: 90636.429 | AK6: =AJ6*AB6 -> 90636.429 | AL6: =AK6*0.12 -> 10876.371 | AM6: =AL6+AK6 -> 101512.8 | AN6: =AJ6*0.9 -> 81572.786 | AO6: =AN6*AB6 -> 81572.786 | AP6: =AO6*0.12 -> 9788.7343 | AQ6: =AO6+AP6 -> 91361.52 | AR6: EQUIPOS DE EXPLORACIÓN Y MAQUINARIA DE PERFORACIÓN | AS6: MAQUINARIAS E ÍNSUMOS DE PERFORACIÓN | AT6: VENTA | AU6: PF | AZ6: RM
A7: 161 | B7: 80042000006228 | C7: BIEN0518 | D7: BODEGA CENTRAL | E7: MAQUINARIA | F7: PARED DERECHA CONTENEDOR No 2 MAQUINARIA | G7: BODEGA CENTRAL | H7: ACTIVO FIJO | I7: MAQUINARIA Y EQUIPO PESADO | J7: N/A | K7: N/A | L7: MOTOBOMBA | M7: [ MOTOBOMBA ] - MARCA: ACKER; MODELO: APS 8-20; SERIE: 19553; AÑO: 2012; ESTADO: BUENO; COLOR: NARANJA; ESTRUCTURA: FUNDICION; COMPONENTE: ACERO; LARGO: 150 CM; ANCHO: 90 CM; ALTO: 90 CM; CANTIDAD: 1 | N7: N/A | O7: N/A | P7: N/A | Q7: ACKER | R7: APS 8-20 | S7: 19553 | T7: NEGRO | U7: ND | V7: ND | W7: BUENO | X7: 2012 | Y7: ND | Z7: MOMPICHE | AA7: 1 | AB7: 1 | AC7: =AA7-AB7 -> 0 | AD7: N/A | AE7: N/A | AF7: 12178 | AG7: 8524.6 | AH7: 16107.75 | AI7: =AH7*AB7 -> 16107.75 | AJ7: 6693.0804 | AK7: =AJ7*AB7 -> 6693.0804 | AL7: =AK7*0.12 -> 803.16964 | AM7: =AL7+AK7 -> 7496.25 | AN7: =AJ7*0.9 -> 6023.7723 | AO7: =AN7*AB7 -> 6023.7723 | AP7: =AO7*0.12 -> 722.85268 | AQ7: =AO7+AP7 -> 6746.625 | AR7: EQUIPOS DE EXPLORACIÓN Y MAQUINARIA DE PERFORACIÓN | AS7: MAQUINARIAS E ÍNSUMOS DE PERFORACIÓN | AT7: VENTA | AU7: PF | AZ7: RM
A8: 162 | B8: 80042000006211 | C8: BIEN0519 | D8: BODEGA CENTRAL | E8: MAQUINARIA | F8: PARED DERECHA CONTENEDOR No 2 MAQUINARIA | G8: BODEGA CENTRAL | H8: ACTIVO FIJO | I8: MAQUINARIA Y EQUIPO PESADO | J8: N/A | K8: N/A | L8: MOTOBOMBA | M8: [ MOTOBOMBA ] - MARCA: ACKER; MODELO: APS 8-20; SERIE: 19552; AÑO: 2012; ESTADO: BUENO; COLOR: NARANJA; ESTRUCTURA: FUNDICION; COMPONENTE: ACERO; LARGO: 150 CM; ANCHO: 90 CM; ALTO: 90 CM; CANTIDAD: 1 | N8: N/A | O8: N/A | P8: N/A | Q8: ACKER | R8: APS 8-20 | S8: 19552 | T8: NEGRO | U8: ND | V8: ND | W8: BUENO | X8: 2012 | Y8: ND | Z8: MOMPICHE | AA8: 1 | AB8: 1 | AC8: =AA8-AB8 -> 0 | AD8: N/A | AE8: N/A | AF8: 12178 | AG8: 8524.6 | AH8: 16107.75 | AI8: =AH8*AB8 -> 16107.75 | AJ8: 6693.0804 | AK8: =AJ8*AB8 -> 6693.0804 | AL8: =AK8*0.12 -> 803.16964 | AM8: =AL8+AK8 -> 7496.25 | AN8: =AJ8*0.9 -> 6023.7723 | AO8: =AN8*AB8 -> 6023.7723 | AP8: =AO8*0.12 -> 722.85268 | AQ8: =AO8+AP8 -> 6746.625 | AR8: EQUIPOS DE EXPLORACIÓN Y MAQUINARIA DE PERFORACIÓN | AS8: MAQUINARIAS E ÍNSUMOS DE PERFORACIÓN | AT8: VENTA | AU8: PF | AZ8: RM
A9: 170 | B9: 80042000013141 | C9: BIEN0182 | D9: BODEGA CENTRAL | E9: ARMARIO 1 | F9: NIVEL 1 | G9: BODEGA CENTRAL | H9: ACTIVO FIJO | I9: MAQUINARIA Y EQUIPO PESADO | J9: N/A | K9: N/A | L9: PARARRAYOS | M9: [ PARARRAYOS ] - AÑO: 2012; ESTADO: BUENO; ESTRUCTURA: METAL; CANTIDAD: 1 | N9: N/A | O9: N/A | P9: N/A | Q9: ND | R9: ND | S9: ND | T9: SIN COLOR | U9: ND | V9: ND | W9: BUENO | X9: 2012 | Y9: ND | Z9: MOMPICHE | AA9: 1 | AB9: 1 | AC9: =AA9-AB9 -> 0 | AD9: N/A | AE9: N/A | AF9: 2322 | AG9: 1625.4 | AH9: 2040 | AI9: =AH9*AB9 -> 2040 | AJ9: 1138.48 | AK9: =AJ9*AB9 -> 1138.48 | AL9: =AK9*0.12 -> 136.6176 | AM9: =AL9+AK9 -> 1275.0976 | AN9: =AJ9*0.9 -> 1024.632 | AO9: =AN9*AB9 -> 1024.632 | AP9: =AO9*0.12 -> 122.95584 | AQ9: =AO9+AP9 -> 1147.5878 | AR9: EQUIPOS DE EXPLORACIÓN Y MAQUINARIA DE PERFORACIÓN | AS9: ÍNSUMOS DE PERFORACIÓN | AT9: VENTA | AU9: PF | AZ9: RM
A10: 174 | B10: 80042000006280 | C10: BIEN0566 | D10: BODEGA CENTRAL | E10: MAQUINARIA | F10: PARED DERECHA CONTENEDOR No 2 MAQUINARIA | G10: BODEGA CENTRAL | H10: ACTIVO FIJO | I10: MAQUINARIA Y EQUIPO PESADO | J10: N/A | K10: N/A | L10: SURTIDOR DE COMBUSTIBLE | M10: [ SURTIDOR DE COMBUSTIBLE ] - MARCA: FILL-RITE; MODELO: SERIES 900; AÑO: 2012; ESTADO: BUENO; COLOR: ROJO; ESTRUCTURA: FUNDICION; COMPONENTE: ( SIN COMPONENTE ); CANTIDAD: 1 | N10: N/A | O10: N/A | P10: N/A | Q10: FILL-RITE | R10: SERIES 900 | S10: CD-82210 | T10: ROJO | U10: ND | V10: ND | W10: BUENO | X10: 2012 | Y10: ND | Z10: MOMPICHE | AA10: 1 | AB10: 1 | AC10: =AA10-AB10 -> 0 | AD10: N/A | AE10: N/A | AF10: 837 | AG10: 585.7 | AH10: 1214 | AI10: =AH10*AB10 -> 1214 | AJ10: 470.625 | AK10: =AJ10*AB10 -> 470.625 | AL10: =AK10*0.12 -> 56.475 | AM10: =AL10+AK10 -> 527.1 | AN10: =AJ10*0.9 -> 423.5625 | AO10: =AN10*AB10 -> 423.5625 | AP10: =AO10*0.12 -> 50.8275 | AQ10: =AO10+AP10 -> 474.39 | AR10: EQUIPOS DE EXPLORACIÓN Y MAQUINARIA DE PERFORACIÓN | AS10: MAQUINARIAS E ÍNSUMOS DE PERFORACIÓN | AT10: VENTA | AU10: PF | AZ10: RM
A11: 175 | B11: 80042000006174 | C11: BIEN0565 | D11: BODEGA CENTRAL | E11: MAQUINARIA | F11: PARED DERECHA CONTENEDOR No 2 MAQUINARIA | G11: BODEGA CENTRAL | H11: ACTIVO FIJO | I11: MAQUINARIA Y EQUIPO PESADO | J11: N/A | K11: N/A | L11: SURTIDOR DE COMBUSTIBLE | M11: [ SURTIDOR DE COMBUSTIBLE ] - MARCA: FILL-RITE; MODELO: SERIES 900; AÑO: 2012; ESTADO: BUENO; COLOR: ROJO; ESTRUCTURA: METAL; COMPONENTE: ( SIN COMPONENTE ); CANTIDAD: 1 | N11: N/A | O11: N/A | P11: N/A | Q11: FILL-RITE | R11: SERIES 900 | S11: CD-82205 | T11: ROJO | U11: ND | V11: ND | W11: BUENO | X11: 2012 | Y11: ND | Z11: REVENTADOR | AA11: 1 | AB11: 1 | AC11: =AA11-AB11 -> 0 | AD11: N/A | AE11: N/A | AF11: 837 | AG11: 585.7 | AH11: 1214 | AI11: =AH11*AB11 -> 1214 | AJ11: 470.625 | AK11: =AJ11*AB11 -> 470.625 | AL11: =AK11*0.12 -> 56.475 | AM11: =AL11+AK11 -> 527.1 | AN11: =AJ11*0.9 -> 423.5625 | AO11: =AN11*AB11 -> 423.5625 | AP11: =AO11*0.12 -> 50.8275 | AQ11: =AO11+AP11 -> 474.39 | AR11: EQUIPOS DE EXPLORACIÓN Y MAQUINARIA DE PERFORACIÓN | AS11: MAQUINARIAS E ÍNSUMOS DE PERFORACIÓN | AT11: VENTA | AU11: PF | AZ11: RM
A12: 176 | B12: 80042000006167 | C12: BIEN0400 | D12: BODEGA CENTRAL | E12: MAQUINARIA | F12: PARED DERECHA CONTENEDOR No 2 MAQUINARIA | G12: BODEGA CENTRAL | H12: ACTIVO FIJO | I12: MAQUINARIA Y EQUIPO PESADO | J12: N/A | K12: N/A | L12: MOTOGENERADOR | M12: [ MOTOGENERADOR ] - MARCA: ROBOT; MODELO: KJ3000A; AÑO: 2012; ESTADO: BUENO; COLOR: AMARILLO; ESTRUCTURA: METAL; COMPONENTE: ( SIN COMPONENTE ); CAPACIDAD: 6.5 HP; CANTIDAD: 1 | N12: N/A | O12: N/A | P12: N/A | Q12: ROBOT GENERATION | R12: KJ3000A | S12: 130100044 | T12: AMARILLO | U12: 6.5 HP | V12: ND | W12: BUENO | X12: 2012 | Y12: MODELO 168 F | Z12: MOMPICHE | AA12: 1 | AB12: 1 | AC12: =AA12-AB12 -> 0 | AD12: N/A | AE12: N/A | AF12: 846 | AG12: 592.2 | AH12: 699.6 | AI12: =AH12*AB12 -> 699.6 | AJ12: 444.9 | AK12: =AJ12*AB12 -> 444.9 | AL12: =AK12*0.12 -> 53.388 | AM12: =AL12+AK12 -> 498.288 | AN12: =AJ12*0.9 -> 400.41 | AO12: =AN12*AB12 -> 400.41 | AP12: =AO12*0.12 -> 48.0492 | AQ12: =AO12+AP12 -> 448.4592 | AR12: EQUIPOS DE EXPLORACIÓN Y MAQUINARIA DE PERFORACIÓN | AS12: MAQUINARIAS E ÍNSUMOS DE PERFORACIÓN | AT12: VENTA | AU12: PF | AZ12: RM
A13: 177 | B13: 80042000006150 | C13: BIEN0401 | D13: BODEGA CENTRAL | E13: MAQUINARIA | F13: PARED DERECHA CONTENEDOR No 2 MAQUINARIA | G13: BODEGA CENTRAL | H13: ACTIVO FIJO | I13: MAQUINARIA Y EQUIPO PESADO | J13: N/A | K13: N/A | L13: MOTOGENERADOR | M13: [ MOTOGENERADOR ] - MARCA: ROBOT; MODELO: KJ3000A; AÑO: 2012; ESTADO: BUENO; COLOR: AMARILLO; ESTRUCTURA: METAL; COMPONENTE: ( SIN COMPONENTE ); CAPACIDAD: 6.5 HP; CANTIDAD: 1 | N13: N/A | O13: N/A | P13: N/A | Q13: ROBOT GENERATION | R13: KJ3000A | S13: 130100005 | T13: AMARILLO | U13: 6.5 HP | V13: ND | W13: BUENO | X13: 2012 | Y13: MODELO 168 F | Z13: MOMPICHE | AA13: 1 | AB13: 1 | AC13: =AA13-AB13 -> 0 | AD13: N/A | AE13: N/A | AF13: 846 | AG13: 592.2 | AH13: 699.6 | AI13: =AH13*AB13 -> 699.6 | AJ13: 444.9 | AK13: =AJ13*AB13 -> 444.9 | AL13: =AK13*0.12 -> 53.388 | AM13: =AL13+AK13 -> 498.288 | AN13: =AJ13*0.9 -> 400.41 | AO13: =AN13*AB13 -> 400.41 | AP13: =AO13*0.12 -> 48.0492 | AQ13: =AO13+AP13 -> 448.4592 | AR13: EQUIPOS DE EXPLORACIÓN Y MAQUINARIA DE PERFORACIÓN | AS13: MAQUINARIAS E ÍNSUMOS DE PERFORACIÓN | AT13: VENTA | AU13: PF | AZ13: RM
A14: 178 | B14: 80042000006136 | C14: BIEN0402 | D14: BODEGA CENTRAL | E14: MAQUINARIA | F14: PARED DERECHA CONTENEDOR No 2 MAQUINARIA | G14: BODEGA CENTRAL | H14: ACTIVO FIJO | I14: MAQUINARIA Y EQUIPO PESADO | J14: N/A | K14: N/A | L14: MOTOGENERADOR | M14: [ MOTOGENERADOR ] - MARCA: ROBOT; MODELO: KJ3000A; AÑO: 2012; ESTADO: BUENO; COLOR: AMARILLO; ESTRUCTURA: ( SIN ESTRUCTURA ); COMPONENTE: ( SIN COMPONENTE ); CANTIDAD: 1 | N14: N/A | O14: N/A | P14: N/A | Q14: ROBOT GENERATOR | R14: KJ300A | S14: 130100049 | T14: AMARILLO | U14: 6.5 HP | V14: ND | W14: BUENO | X14: 2012 | Y14: MODELO 168F | Z14: REVENTADOR | AA14: 1 | AB14: 1 | AC14: =AA14-AB14 -> 0 | AD14: N/A | AE14: N/A | AF14: 846 | AG14: 592.2 | AH14: 699.6 | AI14: =AH14*AB14 -> 699.6 | AJ14: 444.9 | AK14: =AJ14*AB14 -> 444.9 | AL14: =AK14*0.12 -> 53.388 | AM14: =AL14+AK14 -> 498.288 | AN14: =AJ14*0.9 -> 400.41 | AO14: =AN14*AB14 -> 400.41 | AP14: =AO14*0.12 -> 48.0492 | AQ14: =AO14+AP14 -> 448.4592 | AR14: EQUIPOS DE EXPLORACIÓN Y MAQUINARIA DE PERFORACIÓN | AS14: MAQUINARIAS E ÍNSUMOS DE PERFORACIÓN | AT14: VENTA | AU14: PF | AZ14: RM
A15: 179 | B15: 80042000006129 | C15: BIEN0403 | D15: BODEGA CENTRAL | E15: MAQUINARIA | F15: PARED DERECHA CONTENEDOR No 2 MAQUINARIA | G15: BODEGA CENTRAL | H15: ACTIVO FIJO | I15: MAQUINARIA Y EQUIPO PESADO | J15: N/A | K15: N/A | L15: MOTOGENERADOR | M15: [ MOTOGENERADOR ] - MARCA: ROBOT; MODELO: KJ3000A; AÑO: 2012; ESTADO: BUENO; COLOR: AMARILLO; ESTRUCTURA: ( SIN ESTRUCTURA ); COMPONENTE: ( SIN COMPONENTE ); CANTIDAD: 1 | N15: N/A | O15: N/A | P15: N/A | Q15: ROBOT GENERATOR | R15: KJ300A | S15: 130100028 | T15: AMARILLO | U15: 6.5 HP | V15: ND | W15: REGULAR | X15: 2012 | Y15: MODELO 168F | Z15: REVENTADOR | AA15: 1 | AB15: 1 | AC15: =AA15-AB15 -> 0 | AD15: N/A | AE15: N/A | AF15: 846 | AG15: 592.2 | AH15: 699.6 | AI15: =AH15*AB15 -> 699.6 | AJ15: 444.9 | AK15: =AJ15*AB15 -> 444.9 | AL15: =AK15*0.12 -> 53.388 | AM15: =AL15+AK15 -> 498.288 | AN15: =AJ15*0.9 -> 400.41 | AO15: =AN15*AB15 -> 400.41 | AP15: =AO15*0.12 -> 48.0492 | AQ15: =AO15+AP15 -> 448.4592 | AR15: EQUIPOS DE EXPLORACIÓN Y MAQUINARIA DE PERFORACIÓN | AS15: MAQUINARIAS E ÍNSUMOS DE PERFORACIÓN | AT15: VENTA | AU15: PF | AZ15: RM
A16: 180 | B16: 80042000007386 | C16: BIEN0536 | D16: BODEGA CENTRAL | E16: MAQUINARIA | F16: PARED DERECHA CONTENEDOR No 2 MAQUINARIA | G16: BODEGA CENTRAL | H16: ACTIVO FIJO | I16: MAQUINARIA Y EQUIPO PESADO | J16: N/A | K16: N/A | L16: MOTOSIERRA | M16: [ MOTOSIERRA ] - MARCA: STHIL; MODELO: MS361; AÑO: 2012; ESTADO: BUENO; COLOR: NARANJA; ESTRUCTURA: ( SIN ESTRUCTURA ); COMPONENTE: ( SIN COMPONENTE ); CANTIDAD: 1 | N16: N/A | O16: N/A | P16: N/A | Q16: STHIL | R16: MS361 | S16: ND | T16: TOMATE | U16: ND | V16: ND | W16: BUENO | X16: 2012 | Y16: ND | Z16: MOMPICHE | AA16: 1 | AB16: 1 | AC16: =AA16-AB16 -> 0 | AD16: N/A | AE16: N/A | AF16: 453 | AG16: 316.9 | AH16: 620 | AI16: =AH16*AB16 -> 620 | AJ16: 257.14286 | AK16: =AJ16*AB16 -> 257.14286 | AL16: =AK16*0.12 -> 30.857143 | AM16: =AL16+AK16 -> 288 | AN16: =AJ16*0.9 -> 231.42857 | AO16: =AN16*AB16 -> 231.42857 | AP16: =AO16*0.12 -> 27.771429 | AQ16: =AO16+AP16 -> 259.2 | AR16: EQUIPOS DE EXPLORACIÓN Y MAQUINARIA DE PERFORACIÓN | AS16: EQUIPO DE TOPOGRAFÍA | AT16: VENTA | AU16: PF | AZ16: RM
A17: 181 | B17: 80042000007379 | C17: BIEN0537 | D17: BODEGA CENTRAL | E17: MAQUINARIA | F17: PARED DERECHA CONTENEDOR No 2 MAQUINARIA | G17: BODEGA CENTRAL | H17: ACTIVO FIJO | I17: MAQUINARIA Y EQUIPO PESADO | J17: N/A | K17: N/A | L17: MOTOSIERRA | M17: [ MOTOSIERRA ] - MARCA: STHIL; MODELO: MS361; AÑO: 2012; ESTADO: BUENO; COLOR: NARANJA; ESTRUCTURA: ( SIN ESTRUCTURA ); COMPONENTE: ( SIN COMPONENTE ); CANTIDAD: 1 | N17: N/A | O17: N/A | P17: N/A | Q17: STHIL | R17: MS361 | S17: ND | T17: TOMATE | U17: ND | V17: ND | W17: BUENO | X17: 2012 | Y17: ND | Z17: MOMPICHE | AA17: 1 | AB17: 1 | AC17: =AA17-AB17 -> 0 | AD17: N/A | AE17: N/A | AF17: 453 | AG17: 316.9 | AH17: 620 | AI17: =AH17*AB17 -> 620 | AJ17: 257.14286 | AK17: =AJ17*AB17 -> 257.14286 | AL17: =AK17*0.12 -> 30.857143 | AM17: =AL17+AK17 -> 288 | AN17: =AJ17*0.9 -> 231.42857 | AO17: =AN17*AB17 -> 231.42857 | AP17: =AO17*0.12 -> 27.771429 | AQ17: =AO17+AP17 -> 259.2 | AR17: EQUIPOS DE EXPLORACIÓN Y MAQUINARIA DE PERFORACIÓN | AS17: EQUIPO DE TOPOGRAFÍA | AT17: VENTA | AU17: PF | AZ17: RM
A18: 185 | B18: 80042000006181 | C18: BIEN0404 | D18: BODEGA CENTRAL | E18: MAQUINARIA | F18: PARED DERECHA CONTENEDOR No 2 MAQUINARIA | G18: BODEGA CENTRAL | H18: ACTIVO FIJO | I18: MAQUINARIA Y EQUIPO PESADO | J18: N/A | K18: N/A | L18: MOTOBOMBA | M18: [ MOTOBOMBA ] - MARCA: BRIGGS & STRATTON; MODELO: WP2-55; AÑO: 2012; ESTADO: BUENO; COLOR: NEGRO; ESTRUCTURA: ( SIN ESTRUCTURA ); COMPONENTE: ( SIN COMPONENTE ); CANTIDAD: 1 | N18: N/A | O18: N/A | P18: N/A | Q18: BRIGGS & STRATION | R18: WP2-55 | S18: 1012232151 | T18: NEGRO-ROJO | U18: ND | V18: ND | W18: MUY BUENO | X18: 2012 | Y18: ND | Z18: MOMPICHE | AA18: 1 | AB18: 1 | AC18: =AA18-AB18 -> 0 | AD18: N/A | AE18: N/A | AF18: 481 | AG18: 336.5 | AH18: 415.2 | AI18: =AH18*AB18 -> 415.2 | AJ18: 253.125 | AK18: =AJ18*AB18 -> 253.125 | AL18: =AK18*0.12 -> 30.375 | AM18: =AL18+AK18 -> 283.5 | AN18: =AJ18*0.9 -> 227.8125 | AO18: =AN18*AB18 -> 227.8125 | AP18: =AO18*0.12 -> 27.3375 | AQ18: =AO18+AP18 -> 255.15 | AR18: EQUIPOS DE EXPLORACIÓN Y MAQUINARIA DE PERFORACIÓN | AS18: MAQUINARIAS E ÍNSUMOS DE PERFORACIÓN | AT18: VENTA | AU18: PF | AZ18: RM
A19: 188 | B19: 80042000006082 | C19: BIEN0393 | D19: BODEGA CENTRAL | E19: MAQUINARIA | F19: PARED DERECHA CONTENEDOR No 2 MAQUINARIA | G19: BODEGA CENTRAL | H19: ACTIVO FIJO | I19: MAQUINARIA Y EQUIPO PESADO | J19: N/A | K19: N/A | L19: MOTOBOMBA | M19: [ MOTOBOMBA ] - MARCA: BRIGGS & STRATTON; MODELO: 73609; SERIE: 1012232136; AÑO: 2012; ESTADO: BUENO; COLOR: NEGRO; ESTRUCTURA: ( SIN ESTRUCTURA ); COMPONENTE: ( SIN COMPONENTE ); CANTIDAD: 1 | N19: N/A | O19: N/A | P19: N/A | Q19: BRIGGS & STRATION | R19: WP2-55 | S19: 1012232136 | T19: NEGRO-ROJO | U19: ND | V19: ND | W19: BUENO | X19: 2012 | Y19: ND | Z19: MOMPICHE | AA19: 1 | AB19: 1 | AC19: =AA19-AB19 -> 0 | AD19: N/A | AE19: N/A | AF19: 481 | AG19: 336.5 | AH19: 415.2 | AI19: =AH19*AB19 -> 415.2 | AJ19: 253.125 | AK19: =AJ19*AB19 -> 253.125 | AL19: =AK19*0.12 -> 30.375 | AM19: =AL19+AK19 -> 283.5 | AN19: =AJ19*0.9 -> 227.8125 | AO19: =AN19*AB19 -> 227.8125 | AP19: =AO19*0.12 -> 27.3375 | AQ19: =AO19+AP19 -> 255.15 | AR19: EQUIPOS DE EXPLORACIÓN Y MAQUINARIA DE PERFORACIÓN | AS19: MAQUINARIAS E ÍNSUMOS DE PERFORACIÓN | AT19: VENTA | AU19: PF | AZ19: RM
A20: 189 | B20: 80042000006266 | C20: BIEN0394 | D20: BODEGA CENTRAL | E20: MAQUINARIA | F20: PARED DERECHA CONTENEDOR No 2 MAQUINARIA | G20: BODEGA CENTRAL | H20: ACTIVO FIJO | I20: MAQUINARIA Y EQUIPO PESADO | J20: N/A | K20: N/A | L20: MOTOBOMBA | M20: [ MOTOBOMBA ] - MARCA: BRIGGS & STRATTON; MODELO: WP2-55; AÑO: 2012; ESTADO: BUENO; COLOR: NEGRO; ESTRUCTURA: ( SIN ESTRUCTURA ); COMPONENTE: ( SIN COMPONENTE ); CANTIDAD: 1 | N20: N/A | O20: N/A | P20: N/A | Q20: BRIGGS & STRATION | R20: WP2-55 | S20: 1012232158 | T20: NEGRO-ROJO | U20: ND | V20: ND | W20: BUENO | X20: 2012 | Y20: ND | Z20: MOMPICHE | AA20: 1 | AB20: 1 | AC20: =AA20-AB20 -> 0 | AD20: N/A | AE20: N/A | AF20: 481 | AG20: 336.5 | AH20: 415.2 | AI20: =AH20*AB20 -> 415.2 | AJ20: 253.125 | AK20: =AJ20*AB20 -> 253.125 | AL20: =AK20*0.12 -> 30.375 | AM20: =AL20+AK20 -> 283.5 | AN20: =AJ20*0.9 -> 227.8125 | AO20: =AN20*AB20 -> 227.8125 | AP20: =AO20*0.12 -> 27.3375 | AQ20: =AO20+AP20 -> 255.15 | AR20: EQUIPOS DE EXPLORACIÓN Y MAQUINARIA DE PERFORACIÓN | AS20: MAQUINARIAS E ÍNSUMOS DE PERFORACIÓN | AT20: VENTA | AU20: PF | AZ20: RM
A21: 190 | B21: 80042000006143 | C21: BIEN0396 | D21: BODEGA CENTRAL | E21: MAQUINARIA | F21: PARED DERECHA CONTENEDOR No 2 MAQUINARIA | G21: BODEGA CENTRAL | H21: ACTIVO FIJO | I21: MAQUINARIA Y EQUIPO PESADO | J21: N/A | K21: N/A | L21: MOTOBOMBA | M21: [ MOTOBOMBA ] - MARCA: BRIGGS & STRATTON; MODELO: WP2-55; SERIE: 1012232137; AÑO: 2012; ESTADO: BUENO; COLOR: NEGRO; ESTRUCTURA: ( SIN ESTRUCTURA ); COMPONENTE: ( SIN COMPONENTE ); CANTIDAD: 1 | N21: N/A | O21: N/A | P21: N/A | Q21: BRIGGS & STRATION | R21: WP2-55 | S21: 1012232137 | T21: NEGRO-ROJO | U21: ND | V21: ND | W21: BUENO | X21: 2012 | Y21: ND | Z21: MOMPICHE | AA21: 1 | AB21: 1 | AC21: =AA21-AB21 -> 0 | AD21: N/A | AE21: N/A | AF21: 481 | AG21: 336.5 | AH21: 415.2 | AI21: =AH21*AB21 -> 415.2 | AJ21: 253.125 | AK21: =AJ21*AB21 -> 253.125 | AL21: =AK21*0.12 -> 30.375 | AM21: =AL21+AK21 -> 283.5 | AN21: =AJ21*0.9 -> 227.8125 | AO21: =AN21*AB21 -> 227.8125 | AP21: =AO21*0.12 -> 27.3375 | AQ21: =AO21+AP21 -> 255.15 | AR21: EQUIPOS DE EXPLORACIÓN Y MAQUINARIA DE PERFORACIÓN | AS21: MAQUINARIAS E ÍNSUMOS DE PERFORACIÓN | AT21: VENTA | AU21: PF | AZ21: RM
A22: 191 | B22: 80042000006099 | C22: BIEN0398 | D22: BODEGA CENTRAL | E22: MAQUINARIA | F22: PARED DERECHA CONTENEDOR No 2 MAQUINARIA | G22: BODEGA CENTRAL | H22: ACTIVO FIJO | I22: MAQUINARIA Y EQUIPO PESADO | J22: N/A | K22: N/A | L22: MOTOBOMBA | M22: [ MOTOBOMBA ] - MARCA: BRIGGS & STRATTON; MODELO: 73609; SERIE: 1012232129; AÑO: 2012; ESTADO: BUENO; COLOR: NEGRO; ESTRUCTURA: ( SIN ESTRUCTURA ); COMPONENTE: ( SIN COMPONENTE ); CANTIDAD: 1 | N22: N/A | O22: N/A | P22: N/A | Q22: BRIGGS & STRATION | R22: WP2-55 | S22: 1012232129 | T22: NEGRO-ROJO | U22: ND | V22: ND | W22: BUENO | X22: 2012 | Y22: ND | Z22: MOMPICHE | AA22: 1 | AB22: 1 | AC22: =AA22-AB22 -> 0 | AD22: N/A | AE22: N/A | AF22: 481 | AG22: 336.5 | AH22: 415.2 | AI22: =AH22*AB22 -> 415.2 | AJ22: 253.125 | AK22: =AJ22*AB22 -> 253.125 | AL22: =AK22*0.12 -> 30.375 | AM22: =AL22+AK22 -> 283.5 | AN22: =AJ22*0.9 -> 227.8125 | AO22: =AN22*AB22 -> 227.8125 | AP22: =AO22*0.12 -> 27.3375 | AQ22: =AO22+AP22 -> 255.15 | AR22: EQUIPOS DE EXPLORACIÓN Y MAQUINARIA DE PERFORACIÓN | AS22: MAQUINARIAS E ÍNSUMOS DE PERFORACIÓN | AT22: VENTA | AU22: PF | AZ22: RM
A23: 192 | B23: 80042000006105 | C23: BIEN0399 | D23: BODEGA CENTRAL | E23: MAQUINARIA | F23: PARED DERECHA CONTENEDOR No 2 MAQUINARIA | G23: BODEGA CENTRAL | H23: ACTIVO FIJO | I23: MAQUINARIA Y EQUIPO PESADO | J23: N/A | K23: N/A | L23: MOTOBOMBA | M23: [ MOTOBOMBA ] - MARCA: BRIGGS & STRATTON; MODELO: 73609; SERIE: 1012232139; AÑO: 2012; ESTADO: BUENO; COLOR: NEGRO; ESTRUCTURA: ( SIN ESTRUCTURA ); COMPONENTE: ( SIN COMPONENTE ); CANTIDAD: 1 | N23: N/A | O23: N/A | P23: N/A | Q23: BRIGGS & STRATTON | R23: 73609 | S23: 1012232139 | T23: NEGRO-ROJO | U23: ND | V23: ND | W23: BUENO | X23: 2012 | Y23: ND | Z23: MOMPICHE | AA23: 1 | AB23: 1 | AC23: =AA23-AB23 -> 0 | AD23: N/A | AE23: N/A | AF23: 481 | AG23: 336.5 | AH23: 415.2 | AI23: =AH23*AB23 -> 415.2 | AJ23: 253.125 | AK23: =AJ23*AB23 -> 253.125 | AL23: =AK23*0.12 -> 30.375 | AM23: =AL23+AK23 -> 283.5 | AN23: =AJ23*0.9 -> 227.8125 | AO23: =AN23*AB23 -> 227.8125 | AP23: =AO23*0.12 -> 27.3375 | AQ23: =AO23+AP23 -> 255.15 | AR23: EQUIPOS DE EXPLORACIÓN Y MAQUINARIA DE PERFORACIÓN | AS23: MAQUINARIAS E ÍNSUMOS DE PERFORACIÓN | AT23: VENTA | AU23: PF | AZ23: RM
AM25: =SUM(AM5:AM24) -> 224617.55

Sheet EQUIPO ELECTRONICO
A4: No. | B4: COD. | C4: CODIGO PERITO | D4: UBICACIÓN GEOGRAFICA | E4: UBICACIÓN ORGANICA | F4: UBICACIÓN ADMINISTRATIVA | G4: UBICACIÓN GENERAL | H4: TIPO DE BIEN | I4: TIPO DE ACTIVO GNMMS | J4: CLASIFICACION | K4: SUBCLASIFICACION | L4: NOM. /DESCRIPCION | M4: NOMINACION LARGA | N4: EST. | O4: UNIDAD | P4: MODULO | Q4: MARCA | R4: MODELO | S4: SERIE | T4: COLOR | U4: CAPACIDAD | V4: COMPONENTES | W4: ESTADO | X4: AÑO | Y4: OBSERVACION | Z4: PROYECTO | AA4: CANTIDAD GNMMS | AB4: CANTIDAD PERITO | AC4: DIFERENCIA ENTRE GNMMS Y PERITO | AD4: VALOR DE COMPRA UNITARIO GNMMS (USD | AE4: VALOR DE COMPRA TOTAL GNMMS (USD) | AF4: V. REVALORIZADO | AG4: VAL. ACT. | AH4: VALOR DE REPOSICION UNITARIO (USD) | AI4: VALOR DE REPOSICION TOTAL (USD) | AJ4: VALOR COMERCIAL UNITARIO (USD) | AK4: SUBTOTAL VALOR COMERCIAL (USD) | AL4: IVA 12% | AM4: VALOR COMERCIAL INCLUIDO IVA (USD) | AN4: VALOR DE REALIZACION UNITARIO (USD) | AO4: SUBTOTAL VALOR REALIZACION (USD) | AP4: IVA 12% | AQ4: VALOR DE REALIZACION TOTAL INCLUIDO IVA (USD) | AR4: LOTE INFORME | AS4: SUB LOTE INFORME | AT4: PRIMER INFORME ESTADO / BIENE E INVENTARIO | AU4: INFORME / LOTE PARA VENTA | AV4: OBSERVACIÓN / BIENES E INVENTARIO VENDIDOS Y EN USO | AW4: CONTEO | AX4: OBSERVACION | AY4: VERIFICADO | AZ4: RAMO
A5: 1 | B5: 80042000017156 | C5: BIEN0085 | D5: BODEGA CENTRAL | E5: ESTANTERIA 15 | F5: NIVEL 2 | G5: BODEGA CENTRAL | H5: ACTIVO FIJO | I5: ACTIVOS DE EXPLORACION | J5: N/A | K5: N/A | L5: ANTENA DE GPS TRIDIMENCIONAL (BASE) | M5: [ ANTENA DE GPS TRIDIMENCIONAL ] - MARCA: SOUTH; MODELO: S82-T; SERIE: W1282748168GEM; AÑO: 2012; ESTADO: BUENO; COLOR: BLANCO; ESTRUCTURA: ( SIN ESTRUCTURA ); COMPONENTE: ( SIN COMPONENTE ); CANTIDAD: 1 | N5: N/A | O5: N/A | P5: N/A | Q5: SOUTH | R5: S82-T | S5: W1282748168GEM | T5: PLOMO | U5: ND | V5: ND | W5: BUENO | X5: 2012 | Y5: SIN CODIGO MINERIA | Z5: MATRIZ | AA5: 1 | AB5: 1 | AC5: =AA5-AB5 -> 0 | AD5: N/A | AE5: N/A | AF5: 6636 | AG5: 3981.6 | AH5: 7550 | AI5: =AH5*AB5 -> 7550 | AJ5: 2718.3929 | AK5: =AJ5*AB5 -> 2718.3929 | AL5: =AK5*0.12 -> 326.20714 | AM5: =AL5+AK5 -> 3044.6 | AN5: =AJ5*0.9 -> 2446.5536 | AO5: =AN5*AB5 -> 2446.5536 | AP5: =AO5*0.12 -> 293.58643 | AQ5: =AO5+AP5 -> 2740.14 | AR5: EQUIPOS DE EXPLORACIÓN Y MAQUINARIA DE PERFORACIÓN | AS5: EQUIPO DE TOPOGRAFÍA | AT5: VENTA | AU5: PF | AZ5: EE
A6: 2 | B6: 80042000017149 | C6: BIEN0086 | D6: BODEGA CENTRAL | E6: ESTANTERIA 15 | F6: NIVEL 2 | G6: BODEGA CENTRAL | H6: ACTIVO FIJO | I6: ACTIVOS DE EXPLORACION | J6: N/A | K6: N/A | L6: ANTENA DE GPS TRIDIMENCIONAL (BASE) | M6: [ ANTENA DE GPS TRIDIMENCIONAL ] - MARCA: SOUTH; MODELO: S82-T; SERIE: W1282748153GEM; AÑO: 2012; ESTADO: BUENO; COLOR: BLANCO; ESTRUCTURA: ( SIN COMPONENTE ); COMPONENTE: ( SIN ESTRUCTURA ); CANTIDAD: 1 | N6: N/A | O6: N/A | P6: N/A | Q6: SOUTH | R6: S82-T | S6: W1282748153GEM | T6: PLOMO | U6: ND | V6: ND | W6: BUENO | X6: 2012 | Y6: SIN CODIGO MINERIA | Z6: MATRIZ | AA6: 1 | AB6: 1 | AC6: =AA6-AB6 -> 0 | AD6: N/A | AE6: N/A | AF6: 6636 | AG6: 3981.6 | AH6: 7550 | AI6: =AH6*AB6 -> 7550 | AJ6: 2718.3929 | AK6: =AJ6*AB6 -> 2718.3929 | AL6: =AK6*0.12 -> 326.20714 | AM6: =AL6+AK6 -> 3044.6 | AN6: =AJ6*0.9 -> 2446.5536 | AO6: =AN6*AB6 -> 2446.5536 | AP6: =AO6*0.12 -> 293.58643 | AQ6: =AO6+AP6 -> 2740.14 | AR6: EQUIPOS DE EXPLORACIÓN Y MAQUINARIA DE PERFORACIÓN | AS6: EQUIPO DE TOPOGRAFÍA | AT6: VENTA | AU6: PF | AZ6: EE
A7: 4 | B7: 80042000008932 | C7: BIEN0087 | D7: BODEGA CENTRAL | E7: ESTANTERIA 15 | F7: NIVEL 2 | G7: BODEGA CENTRAL | H7: ACTIVO FIJO | I7: ACTIVOS DE EXPLORACION | J7: N/A | K7: N/A | L7: ANTENA DE GPS TRIDIMENCIONAL | M7: [ ANTENA DE GPS TRIDIMENCIONAL ] - MARCA: SOUTH; MODELO: S82-T; SERIE: W1282748178GEM; AÑO: 2012; ESTADO: BUENO; COLOR: BLANCO; ESTRUCTURA: ( SIN ESTRUCTURA ); COMPONENTE: ( SIN COMPONENTE ); CANTIDAD: 1 | N7: N/A | O7: N/A | P7: N/A | Q7: SOUTH | R7: S82-T | S7: W1282748178GEM | T7: PLOMO | U7: ND | V7: ND | W7: BUENO | X7: 2012 | Y7: ND | Z7: MOMPICHE | AA7: 1 | AB7: 1 | AC7: =AA7-AB7 -> 0 | AD7: N/A | AE7: N/A | AF7: 6636 | AG7: 3981.6 | AH7: 7550 | AI7: =AH7*AB7 -> 7550 | AJ7: 2718.3929 | AK7: =AJ7*AB7 -> 2718.3929 | AL7: =AK7*0.12 -> 326.20714 | AM7: =AL7+AK7 -> 3044.6 | AN7: =AJ7*0.9 -> 2446.5536 | AO7: =AN7*AB7 -> 2446.5536 | AP7: =AO7*0.12 -> 293.58643 | AQ7: =AO7+AP7 -> 2740.14 | AR7: EQUIPOS DE EXPLORACIÓN Y MAQUINARIA DE PERFORACIÓN | AS7: EQUIPO DE TOPOGRAFÍA | AT7: VENTA | AU7: PF | AZ7: EE
A8: 5 | B8: 80042000008925 | C8: BIEN0084 | D8: BODEGA CENTRAL | E8: ESTANTERIA 15 | F8: NIVEL 2 | G8: BODEGA CENTRAL | H8: ACTIVO FIJO | I8: ACTIVOS DE EXPLORACION | J8: N/A | K8: N/A | L8: ANTENA DE GPS TRIDIMENSIONAL | M8: [ ANTENA DE GPS TRIDIMENCIONAL ] - MARCA: SOUTH; MODELO: S82-T; SERIE: W1282748157GEM; AÑO: 2012; ESTADO: BUENO; COLOR: BLANCO; ESTRUCTURA: ( SIN ESTRUCTURA ); COMPONENTE: ( SIN COMPONENTE ); CANTIDAD: 1 | N8: N/A | O8: N/A | P8: N/A | Q8: SOUTH | R8: S82-T | S8: W1282748157GEM | T8: PLOMO | U8: ND | V8: ND | W8: BUENO | X8: 2012 | Y8: ND | Z8: REVENTADOR | AA8: 1 | AB8: 1 | AC8: =AA8-AB8 -> 0 | AD8: N/A | AE8: N/A | AF8: 6636 | AG8: 3981.6 | AH8: 7550 | AI8: =AH8*AB8 -> 7550 | AJ8: 2718.3929 | AK8: =AJ8*AB8 -> 2718.3929 | AL8: =AK8*0.12 -> 326.20714 | AM8: =AL8+AK8 -> 3044.6 | AN8: =AJ8*0.9 -> 2446.5536 | AO8: =AN8*AB8 -> 2446.5536 | AP8: =AO8*0.12 -> 293.58643 | AQ8: =AO8+AP8 -> 2740.14 | AR8: EQUIPOS DE EXPLORACIÓN Y MAQUINARIA DE PERFORACIÓN | AS8: EQUIPO DE TOPOGRAFÍA | AT8: VENTA | AU8: PF | AZ8: EE
A9: 23 | B9: 80042000005641 | C9: BIEN0523 | D9: BODEGA CENTRAL | E9: MOBILIARIO 2 | F9: MOBILIARIO 2 | G9: BODEGA CENTRAL | H9: ACTIVO FIJO | I9: EQUIPO DE COMPUTACION | J9: N/A | K9: N/A | L9: SCANNER | M9: [ SCANNER ] - MARCA: HP; MODELO: DESIGNJET HD SCANNER; SERIE: DK2610B007; AÑO: 2013; ESTADO: BUENO; COLOR: PLOMO; ESTRUCTURA: ( SIN ESTRUCTURA ); COMPONENTE: ( SIN COMPONENTE ); CANTIDAD: 1 | N9: N/A | O9: N/A | P9: N/A | Q9: HP | R9: DESIGNJET HD SCANNER | S9: DK2610B007 | T9: PLOMO | U9: ND | V9: ND | W9: BUENO | X9: 2013 | Y9: ND | Z9: REVENTADOR | AA9: 1 | AB9: 1 | AC9: =AA9-AB9 -> 0 | AD9: N/A | AE9: N/A | AF9: 7628 | AG9: 2288.4 | AH9: 20310 | AI9: =AH9*AB9 -> 20310 | AJ9: 4002.75 | AK9: =AJ9*AB9 -> 4002.75 | AL9: =AK9*0.12 -> 480.33 | AM9: =AL9+AK9 -> 4483.08 | AN9: =AJ9*0.9 -> 3602.475 | AO9: =AN9*AB9 -> 3602.475 | AP9: =AO9*0.12 -> 432.297 | AQ9: =AO9+AP9 -> 4034.772 | AR9: EQUIPOS DE COMPUTO | AS9: EQUIPOS DE COMPUTO | AT9: VENTA | AU9: CMP | AZ9: EE
A10: 24 | B10: 80042000005634 | C10: BIEN0409 | D10: BODEGA CENTRAL | E10: MOBILIARIO 2 | F10: MOBILIARIO 2 | G10: BODEGA CENTRAL | H10: ACTIVO FIJO | I10: EQUIPO DE COMPUTACION | J10: N/A | K10: N/A | L10: PLOTTER | M10: [ PLOTTER ] - MARCA: HP; MODELO: DESIGNJET Z6200; SERIE: MY1BU4900S; AÑO: 2011; ESTADO: BUENO; COLOR: NEGRO; ESTRUCTURA: ( SIN ESTRUCTURA ); COMPONENTE: ( SIN COMPONENTE ); CANTIDAD: 1 | N10: N/A | O10: N/A | P10: N/A | Q10: HP | R10: DESIGNJET Z6200 | S10: MY1BU4900S | T10: SIN COLOR | U10: ND | V10: ND | W10: BUENO | X10: 2011 | Y10: ND | Z10: MOMPICHE | AA10: 1 | AB10: 1 | AC10: =AA10-AB10 -> 0 | AD10: N/A | AE10: N/A | AF10: 3920 | AG10: 1176 | AH10: 11500 | AI10: =AH10*AB10 -> 11500 | AJ10: 2190.125 | AK10: =AJ10*AB10 -> 2190.125 | AL10: =AK10*0.12 -> 262.815 | AM10: =AL10+AK10 -> 2452.94 | AN10: =AJ10*0.9 -> 1971.1125 | AO10: =AN10*AB10 -> 1971.1125 | AP10: =AO10*0.12 -> 236.5335 | AQ10: =AO10+AP10 -> 2207.646 | AR10: EQUIPOS DE COMPUTO | AS10: EQUIPOS DE COMPUTO | AT10: VENTA | AU10: CMP | AZ10: EE
A11: 25 | B11: 80042000001438 | C11: BIEN0488 | D11: EDIFICIO MATRIZ | E11: ADMINISTRATIVO | F11: ADMINISTRATIVO | G11: USO OFICINA | H11: ACTIVO FIJO | I11: EQUIPO DE COMPUTACION | J11: N/A | K11: N/A | L11: SERVIDOR | M11: [ SERVIDOR ] - MARCA: HP; MODELO: PROLIANT DL380P GEN8; SERIE: 2M242902QS; AÑO: 2012; ESTADO: BUENO; COLOR: GRIS; ESTRUCTURA: ( SIN ESTRUCTURA ); COMPONENTE: ( SIN COMPONENTE ); TIPO DE PROCESADOR: XEON; VELOCIDAD DEL PROCESADOR: 2.6 GHZ; MEMORIA RAM: 16 GB; DISCO DURO: 1.2 TB; CANTIDAD: 1 | N11: N/A | O11: N/A | P11: N/A | Q11: HP | R11: PROLIANT DL380P GEN8 | S11: 2M242902QS | T11: GRIS | U11: ND | V11: ND | W11: BUENO | X11: 2012 | Y11: USADO CON 2 DISCOS DE 600 GB CADA UNO; INCLUYE: SISTEMA PAC ERP | Z11: MATRIZ | AA11: 1 | AB11: 1 | AC11: =AA11-AB11 -> 0 | AD11: N/A | AE11: N/A | AF11: 6142 | AG11: 1842.6 | AH11: 5700 | AI11: =AH11*AB11 -> 5700 | AJ11: 1198.34 | AK11: =AJ11*AB11 -> 1198.34 | AL11: =AK11*0.12 -> 143.8008 | AM11: =AL11+AK11 -> 1342.1408 | AN11: =AJ11*0.9 -> 1078.506 | AO11: =AN11*AB11 -> 1078.506 | AP11: =AO11*0.12 -> 129.42072 | AQ11: =AO11+AP11 -> 1207.9267 | AR11: EQUIPOS DE COMPUTO | AS11: EQUIPOS DE COMPUTO | AT11: EN USO | AU11: EN USO | AV11: OFICINA EN USO | AZ11: EE
A12: 26 | B12: 80042000005658 | C12: BIEN0550 | D12: BODEGA CENTRAL | E12: ARMARIO 2 | F12: NIVEL 5 | G12: BODEGA CENTRAL | H12: ACTIVO FIJO | I12: EQUIPO DE COMPUTACION | J12: N/A | K12: N/A | L12: LAPTOP | M12: [ LAPTOP ] - MARCA: APPLE; MODELO: MAC BOOK PRO; SERIE: C02ML791FD57; AÑO: 2013; ESTADO: REGULAR; COLOR: BLANCO; ESTRUCTURA: ( SIN ESTRUCTURA ); COMPONENTE: ( SIN COMPONENTE ); CANTIDAD: 1 | N12: N/A | O12: N/A | P12: N/A | Q12: APPLE | R12: MACBOOK PRO A1398 | S12: C02ML791FD57 | T12: BLANCO | U12: ND | V12: ND | W12: MALO | X12: 2013 | Y12: ND | Z12: MOMPICHE | AA12: 1 | AB12: 1 | AC12: =AA12-AB12 -> 0 | AD12: N/A | AE12: N/A | AF12: 962 | AG12: 288.6 | AH12: 3292 | AI12: =AH12*AB12 -> 3292 | AJ12: 55 | AK12: =AJ12*AB12 -> 55 | AL12: =AK12*0.12 -> 6.6 | AM12: =AL12+AK12 -> 61.6 | AN12: =AJ12*0.9 -> 49.5 | AO12: =AN12*AB12 -> 49.5 | AP12: =AO12*0.12 -> 5.94 | AQ12: =AO12+AP12 -> 55.44 | AR12: EQUIPOS DE COMPUTO | AS12: EQUIPOS DE COMPUTO | AT12: SIN USO | AU12: INVTR | AZ12: EE
A13: 27 | B13: 80042000001469 | C13: BIEN0609 | D13: EDIFICIO MATRIZ | E13: ADMINISTRATIVO | F13: ADMINISTRATIVO | G13: USO OFICINA | H13: ACTIVO FIJO | I13: EQUIPO DE COMPUTACION | J13: N/A | K13: N/A | L13: SERVIDOR | M13: [ SERVIDOR ] - MARCA: HP; MODELO: PROLIANT DL380P GEN8; AÑO: 2013; ESTADO: BUENO; COLOR: NEGRO; ESTRUCTURA: ( SIN ESTRUCTURA ); COMPONENTE: ( SIN COMPONENTE ); TIPO DE PROCESADOR: XEON; VELOCIDAD DEL PROCESADOR: 2 GHZ; MEMORIA RAM: 12 GB; DISCO DURO: 2 TB; CANTIDAD: 1 | N13: N/A | O13: N/A | P13: N/A | Q13: HP | R13: PROLIANT ML350p Gen8 | S13: 670831-001 | T13: NEGRO | U13: ND | V13: ND | W13: BUENO | X13: 2013 | Y13: ND | Z13: MATRIZ | AA13: 1 | AB13: 1 | AC13: =AA13-AB13 -> 0 | AD13: N/A | AE13: N/A | AF13: 4130 | AG13: 1239 | AH13: 3613.8 | AI13: =AH13*AB13 -> 3613.8 | AJ13: 806 | AK13: =AJ13*AB13 -> 806 | AL13: =AK13*0.12 -> 96.72 | AM13: =AL13+AK13 -> 902.72 | AN13: =AJ13*0.9 -> 725.4 | AO13: =AN13*AB13 -> 725.4 | AP13: =AO13*0.12 -> 87.048 | AQ13: =AO13+AP13 -> 812.448 | AR13: EQUIPOS DE COMPUTO | AS13: EQUIPOS DE COMPUTO | AT13: EN USO | AU13: EN USO | AV13: OFICINA EN USO | AZ13: EE
A14: 28 | B14: 80042000001414 | C14: BIEN0472 | D14: EDIFICIO MATRIZ | E14: ADMINISTRATIVO | F14: ADMINISTRATIVO | G14: USO OFICINA | H14: ACTIVO FIJO | I14: EQUIPO DE COMPUTACION | J14: N/A | K14: N/A | L14: SERVIDOR FIREWALL | M14: [ SERVIDOR FIREWALL ] - MARCA: SOPHOS; MODELO: UTM 320; SERIE: A1905DD218579A5; AÑO: 2015; ESTADO: BUENO; COLOR: BLANCO; ESTRUCTURA: ( SIN ESTRUCTURA ); COMPONENTE: ( SIN COMPONENTE ); VELOCIDAD DEL PROCESADOR: 3.5 GHZ; MEMORIA RAM: 4 GB; DISCO DURO: 210 GB; CANTIDAD: 1 | N14: N/A | O14: N/A | P14: N/A | Q14: SOPHOS | R14: UTM 320 | S14: A1905DD218579A5 | T14: BLANCO | U14: ND | V14: ND | W14: OBSOLETO | X14: 2015 | Y14: PARTE DEL SISTEMA FIREWALL | Z14: MATRIZ | AA14: 1 | AB14: 1 | AC14: =AA14-AB14 -> 0 | AD14: N/A | AE14: N/A | AF14: 1513 | AG14: 453.7 | AH14: 2042.5633 | AI14: =AH14*AB14 -> 2042.5633 | AJ14: =AH14*0.01 -> 20.425633 | AK14: =AJ14*AB14 -> 20.425633 | AL14: =AK14*0.12 -> 2.451076 | AM14: =AL14+AK14 -> 22.876709 | AN14: =AJ14*0.9 -> 18.38307 | AO14: =AN14*AB14 -> 18.38307 | AP14: =AO14*0.12 -> 2.2059684 | AQ14: =AO14+AP14 -> 20.589038 | AR14: EQUIPOS DE COMPUTO | AS14: EQUIPOS DE COMPUTO | AT14: EN USO | AU14: EN USO | AV14: OFICINA EN USO | AW14: 1 | AX14: obsoleto | AZ14: EE
A15: 29 | B15: 80042000016708 | C15: BIEN0474 | D15: EDIFICIO MATRIZ | E15: ADMINISTRATIVO | F15: ADMINISTRATIVO | G15: USO OFICINA | H15: ACTIVO FIJO | I15: EQUIPO DE COMPUTACION | J15: N/A | K15: N/A | L15: IMPRESORA MULTIFUNCION | M15: [ IMPRESORA MULTIFUNCION ] - MARCA: XEROX; MODELO: 4260; SERIE: MAE515150; AÑO: 2012; ESTADO: BUENO; COLOR: GRIS; ESTRUCTURA: ( SIN ESTRUCTURA ); COMPONENTE: ( SIN COMPONENTE ); CANTIDAD: 1 | N15: N/A | O15: N/A | P15: N/A | Q15: XEROX | R15: WORK CENTER 4260 | S15: MAE515150 | T15: GRIS | U15: ND | V15: ND | W15: BUENO | X15: 2012 | Y15: CODIGO ASIGNADO EN GENERACION DE ACTAS NOSE VERIFICA SI ESTA EN FUNCIONAMIENTO | Z15: MATRIZ | AA15: 1 | AB15: 1 | AC15: =AA15-AB15 -> 0 | AD15: N/A | AE15: N/A | AF15: 684 | AG15: 205.2 | AH15: 2734 | AI15: =AH15*AB15 -> 2734 | AJ15: 351.69643 | AK15: =AJ15*AB15 -> 351.69643 | AL15: =AK15*0.12 -> 42.203571 | AM15: =AL15+AK15 -> 393.9 | AN15: =AJ15*0.9 -> 316.52679 | AO15: =AN15*AB15 -> 316.52679 | AP15: =AO15*0.12 -> 37.983214 | AQ15: =AO15+AP15 -> 354.51 | AR15: EQUIPOS DE COMPUTO | AS15: EQUIPOS DE COMPUTO | AT15: EN USO | AU15: EN USO | AV15: OFICINA EN USO | AZ15: EE
A16: 30 | B16: 80042000000561 | C16: BIEN0456 | D16: EDIFICIO MATRIZ | E16: ADMINISTRATIVO | F16: ADMINISTRATIVO | G16: BODEGA CENTRAL | H16: ACTIVO FIJO | I16: EQUIPO DE COMPUTACION | J16: N/A | K16: N/A | L16: IMPRESORA DE CREDENCIALES | M16: [ IMPRESORA DE CREDENCIALES ] - MARCA: DATACARD; MODELO: CD 800; SERIE: 556308086; AÑO: 2012; ESTADO: BUENO; COLOR: NEGRO; ESTRUCTURA: ( SIN ESTRUCTURA ); COMPONENTE: ( SIN COMPONENTE ); CANTIDAD: 1 | N16: N/A | O16: N/A | P16: N/A | Q16: DATACARD | R16: CD 800 | S16: 556308086 | T16: NEGRO | U16: ND | V16: ND | W16: BUENO | X16: 2012 | Y16: USADO | Z16: MATRIZ | AA16: 1 | AB16: 1 | AC16: =AA16-AB16 -> 0 | AD16: N/A | AE16: N/A | AF16: 580 | AG16: 174 | AH16: 2185 | AI16: =AH16*AB16 -> 2185 | AJ16: 280.98214 | AK16: =AJ16*AB16 -> 280.98214 | AL16: =AK16*0.12 -> 33.717857 | AM16: =AL16+AK16 -> 314.7 | AN16: =AJ16*0.9 -> 252.88393 | AO16: =AN16*AB16 -> 252.88393 | AP16: =AO16*0.12 -> 30.346071 | AQ16: =AO16+AP16 -> 283.23 | AR16: EQUIPOS DE COMPUTO | AS16: EQUIPOS DE COMPUTO | AT16: EN USO | AU16: EN USO | AZ16: EE
A17: 31 | B17: 80042000008161 | C17: BIEN0493 | D17: EDIFICIO MATRIZ | E17: ADMINISTRATIVO | F17: ADMINISTRATIVO | G17: USO OFICINA | H17: ACTIVO FIJO | I17: EQUIPO DE COMPUTACION | J17: N/A | K17: N/A | L17: SERVIDOR | M17: [ SERVIDOR ] - MARCA: IOMEGA; MODELO: PX4-300D; SERIE: HRC3179739; AÑO: 2012; ESTADO: BUENO; COLOR: GRIS; ESTRUCTURA: ( SIN ESTRUCTURA ); COMPONENTE: ( SIN COMPONENTE ); CANTIDAD: 1 | N17: N/A | O17: N/A | P17: N/A | Q17: IOMEGA | R17: PX4-300D | S17: HRC3179739 | T17: GRIS | U17: ND | V17: ND | W17: BUENO | X17: 2012 | Y17: ND | Z17: MATRIZ | AA17: 1 | AB17: 1 | AC17: =AA17-AB17 -> 0 | AD17: N/A | AE17: N/A | AF17: 882 | AG17: 264.6 | AH17: 1814 | AI17: =AH17*AB17 -> 1814 | AJ17: 303.29464 | AK17: =AJ17*AB17 -> 303.29464 | AL17: =AK17*0.12 -> 36.395357 | AM17: =AL17+AK17 -> 339.69 | AN17: =AJ17*0.9 -> 272.96518 | AO17: =AN17*AB17 -> 272.96518 | AP17: =AO17*0.12 -> 32.755821 | AQ17: =AO17+AP17 -> 305.721 | AR17: EQUIPOS DE COMPUTO | AS17: EQUIPOS DE COMPUTO | AT17: EN USO | AU17: EN USO | AV17: OFICINA EN USO | AZ17: EE
A18: 32 | B18: 80042000006488 | C18: BIEN0527 | D18: EDIFICIO MATRIZ | E18: ADMINISTRATIVO | F18: ADMINISTRATIVO | G18: ZAHER CHMAIT | H18: ACTIVO FIJO | I18: EQUIPO DE COMPUTACION | J18: N/A | K18: N/A | L18: LAPTOP | M18: [ LAPTOP ] - MARCA: APPLE; MODELO: MACBOOK PRO A1278; SERIE: C02GKQT5DV14; AÑO: 2013; ESTADO: BUENO; COLOR: BLANCO; ESTRUCTURA: ( SIN ESTRUCTURA ); COMPONENTE: ( SIN COMPONENTE ); TIPO DE PROCESADOR: INTEL CORE I7; VELOCIDAD DEL PROCESADOR: 2.8 GHZ; MEMORIA RAM: 4 GB; DISCO DURO: 750 GB; TAMAÑO DE PANTALLA: 14 IN; CANTIDAD: 1 | N18: N/A | O18: N/A | P18: N/A | Q18: APPLE | R18: MACBOOK PRO A1278 | S18: C02GKQT5DV14 | T18: BLANCO | U18: TIPO DE PROCESADOR: INTEL CORE I7; VELOCIDAD DEL PROCESADOR: 2.8 GHZ; MEMORIA RAM: 4 GB; DISCO DURO: 750 GB; TAMAÑO DE PANTALLA: 14 IN | V18: ND | W18: BUENO | X18: 2013 | Y18: ND | Z18: MATRIZ | AA18: 1 | AB18: 1 | AC18: =AA18-AB18 -> 0 | AD18: N/A | AE18: N/A | AF18: 895 | AG18: 268.3 | AH18: 1625 | AI18: =AH18*AB18 -> 1625 | AJ18: 297.375 | AK18: =AJ18*AB18 -> 297.375 | AL18: =AK18*0.12 -> 35.685 | AM18: =AL18+AK18 -> 333.06 | AN18: =AJ18*0.9 -> 267.6375 | AO18: =AN18*AB18 -> 267.6375 | AP18: =AO18*0.12 -> 32.1165 | AQ18: =AO18+AP18 -> 299.754 | AR18: EQUIPOS DE COMPUTO | AS18: EQUIPOS DE COMPUTO | AT18: EN USO | AU18: EN USO | AV18: ZAHER CHMAIT EN USO | AZ18: EE
A19: 33 | B19: 80042000008840 | C19: BIEN0544 | D19: BODEGA CENTRAL | E19: ESTANTERIA 5 | F19: NIVEL 2 | G19: BODEGA CENTRAL | H19: ACTIVO FIJO | I19: EQUIPO DE COMPUTACION | J19: N/A | K19: N/A | L19: CPU | M19: [ CPU ] - MARCA: HP; MODELO: Z230 TOWER WORKSTATION; SERIE: 2UA4062DSH; AÑO: 2013; ESTADO: BUENO; COLOR: NEGRO; ESTRUCTURA: ( SIN ESTRUCTURA ); COMPONENTE: ( SIN COMPONENTE ); TIPO DE PROCESADOR: XEON; CANTIDAD: 1 | N19: N/A | O19: N/A | P19: N/A | Q19: HP | R19: Z230 TOWER WORKSTATION | S19: 2UA4062DSH | T19: NEGRO | U19: ND | V19: ND | W19: BUENO | X19: 2013 | Y19: INCLUYE: SOFTWARE: LICENCIA MICROSOFT OFFICE PLUS | Z19: MATRIZ | AA19: 1 | AB19: 1 | AC19: =AA19-AB19 -> 0 | AD19: N/A | AE19: N/A | AF19: 730 | AG19: 219 | AH19: 1375 | AI19: =AH19*AB19 -> 1375 | AJ19: 315.875 | AK19: =AJ19*AB19 -> 315.875 | AL19: =AK19*0.12 -> 37.905 | AM19: =AL19+AK19 -> 353.78 | AN19: =AJ19*0.9 -> 284.2875 | AO19: =AN19*AB19 -> 284.2875 | AP19: =AO19*0.12 -> 34.1145 | AQ19: =AO19+AP19 -> 318.402 | AR19: EQUIPOS DE COMPUTO | AS19: EQUIPOS DE ESCRITORIO MARCA HP | AT19: VENTA | AU19: CMP | AZ19: EE
A20: 34 | B20: 80042000000318 | C20: BIEN0415 | D20: BODEGA CENTRAL | E20: ESTANTERIA 5 | F20: NIVEL 4 | G20: BODEGA CENTRAL | H20: ACTIVO FIJO | I20: EQUIPO DE COMPUTACION | J20: N/A | K20: N/A | L20: LAPTOP | M20: [ LAPTOP ] - MARCA: HP; MODELO: ELITEBOOK 840; SERIE: CNU406B85Z; AÑO: 2014; ESTADO: BUENO; COLOR: GRIS; ESTRUCTURA: ( SIN ESTRUCTURA ); COMPONENTE: ( SIN COMPONENTE ); TIPO DE PROCESADOR: INTEL CORE I7; VELOCIDAD DEL PROCESADOR: 2.10 GHZ; MEMORIA RAM: 8 GB; DISCO DURO: 500 GB; CANTIDAD: 1 | N20: N/A | O20: N/A | P20: N/A | Q20: HP | R20: ELITEBOOK 840 | S20: CNU406B85Z | T20: GRIS | U20: CORE I7 | V20: ND | W20: BUENO | X20: 2014 | Y20: ND | Z20: MATRIZ | AA20: 1 | AB20: 1 | AC20: =AA20-AB20 -> 0 | AD20: N/A | AE20: N/A | AF20: 746 | AG20: 223.8 | AH20: 1387 | AI20: =AH20*AB20 -> 1387 | AJ20: 275.4375 | AK20: =AJ20*AB20 -> 275.4375 | AL20: =AK20*0.12 -> 33.0525 | AM20: =AL20+AK20 -> 308.49 | AN20: =AJ20*0.9 -> 247.89375 | AO20: =AN20*AB20 -> 247.89375 | AP20: =AO20*0.12 -> 29.74725 | AQ20: =AO20+AP20 -> 277.641 | AR20: EQUIPOS DE COMPUTO | AS20: EQUIPOS DE COMPUTO | AT20: VENTA | AU20: CMP | AW20: 1 | AZ20: EE
A21: 35 | B21: 80042000007041 | C21: BIEN0420 | D21: BODEGA CENTRAL | E21: ESTANTERIA 5 | F21: NIVEL 4 | G21: BODEGA CENTRAL | H21: ACTIVO FIJO | I21: EQUIPO DE COMPUTACION | J21: N/A | K21: N/A | L21: LAPTOP | M21: [ LAPTOP ] - MARCA: HP; MODELO: ELITEBOOK 840; SERIE: CNU406B86N; AÑO: 2014; ESTADO: BUENO; COLOR: NEGRO; ESTRUCTURA: ( SIN ESTRUCTURA ); COMPONENTE: ( SIN COMPONENTE ); TIPO DE PROCESADOR: INTEL CORE I7; CANTIDAD: 1 | N21: N/A | O21: N/A | P21: N/A | Q21: HP | R21: ELITEBOOK 840 | S21: CNU406B86N | T21: NEGRO | U21: CORE I7 | V21: ND | W21: BUENO | X21: 2014 | Y21: ND | Z21: MATRIZ | AA21: 1 | AB21: 1 | AC21: =AA21-AB21 -> 0 | AD21: N/A | AE21: N/A | AF21: 857 | AG21: 256.9 | AH21: 1387 | AI21: =AH21*AB21 -> 1387 | AJ21: 275.4375 | AK21: =AJ21*AB21 -> 275.4375 | AL21: =AK21*0.12 -> 33.0525 | AM21: =AL21+AK21 -> 308.49 | AN21: =AJ21*0.9 -> 247.89375 | AO21: =AN21*AB21 -> 247.89375 | AP21: =AO21*0.12 -> 29.74725 | AQ21: =AO21+AP21 -> 277.641 | AR21: EQUIPOS DE COMPUTO | AS21: EQUIPOS DE COMPUTO | AT21: VENTA | AU21: CMP | AW21: 1 | AX21: USADO | AZ21: EE
A22: 36 | B22: 80042000007003 | C22: BIEN0421 | D22: BODEGA CENTRAL | E22: ESTANTERIA 4 | F22: NIVEL 4 | G22: BODEGA CENTRAL | H22: ACTIVO FIJO | I22: EQUIPO DE COMPUTACION | J22: N/A | K22: N/A | L22: LAPTOP | M22: [ LAPTOP ] - MARCA: HP; MODELO: ELITEBOOK 840; SERIE: CNV406B853; AÑO: 2014; ESTADO: BUENO; COLOR: GRIS; ESTRUCTURA: ( SIN ESTRUCTURA ); COMPONENTE: ( SIN COMPONENTE ); TIPO DE PROCESADOR: INTEL CORE I7; CANTIDAD: 1 | N22: N/A | O22: N/A | P22: N/A | Q22: HP | R22: ELITEBOOK 840 | S22: CNU406B853 | T22: GRIS | U22: CORE I7 | V22: ND | W22: BUENO | X22: 2014 | Y22: ND | Z22: MATRIZ | AA22: 1 | AB22: 1 | AC22: =AA22-AB22 -> 0 | AD22: N/A | AE22: N/A | AF22: 830 | AG22: 249 | AH22: 1387 | AI22: =AH22*AB22 -> 1387 | AJ22: 275.4375 | AK22: =AJ22*AB22 -> 275.4375 | AL22: =AK22*0.12 -> 33.0525 | AM22: =AL22+AK22 -> 308.49 | AN22: =AJ22*0.9 -> 247.89375 | AO22: =AN22*AB22 -> 247.89375 | AP22: =AO22*0.12 -> 29.74725 | AQ22: =AO22+AP22 -> 277.641 | AR22: EQUIPOS DE COMPUTO | AS22: EQUIPOS DE COMPUTO | AT22: VENTA | AU22: CMP | AW22: 1 | AX22: USADO | AZ22: EE
A23: 37 | B23: 80042000003371 | C23: BIEN0422 | D23: BODEGA CENTRAL | E23: ESTANTERIA 4 | F23: NIVEL 4 | G23: BODEGA CENTRAL | H23: ACTIVO FIJO | I23: EQUIPO DE COMPUTACION | J23: N/A | K23: N/A | L23: LAPTOP | M23: [ LAPTOP ] - MARCA: HP; MODELO: ELITEBOOK 840; SERIE: CNV40GB857; AÑO: 2014; ESTADO: BUENO; COLOR: GRIS; ESTRUCTURA: ( SIN ESTRUCTURA ); COMPONENTE: ( SIN COMPONENTE ); TIPO DE PROCESADOR: INTEL CORE I7; VELOCIDAD DEL PROCESADOR: 2.10 GHZ; MEMORIA RAM: 8 GB; DISCO DURO: 500 GB; CANTIDAD: 1 | N23: N/A | O23: N/A | P23: N/A | Q23: HP | R23: ELITEBOOK 840 | S23: CNU406B857 | T23: GRIS | U23: CORE I7 | V23: ND | W23: BUENO | X23: 2014 | Y23: ND | Z23: MATRIZ | AA23: 1 | AB23: 1 | AC23: =AA23-AB23 -> 0 | AD23: N/A | AE23: N/A | AF23: 912 | AG23: 273.6 | AH23: 1387 | AI23: =AH23*AB23 -> 1387 | AJ23: 275.4375 | AK23: =AJ23*AB23 -> 275.4375 | AL23: =AK23*0.12 -> 33.0525 | AM23: =AL23+AK23 -> 308.49 | AN23: =AJ23*0.9 -> 247.89375 | AO23: =AN23*AB23 -> 247.89375 | AP23: =AO23*0.12 -> 29.74725 | AQ23: =AO23+AP23 -> 277.641 | AR23: EQUIPOS DE COMPUTO | AS23: EQUIPOS LAPTOP MARCA HP | AT23: VENTA | AU23: CMP | AW23: 1 | AZ23: EE
A24: 38 | B24: 80042000007027 | C24: BIEN0481 | D24: BODEGA CENTRAL | E24: MANTENIMIENTO INFORMATICO Y CUSTODIO DE BODEGA | F24: MANTENIMIENTO INFORMATICO Y CUSTODIO DE BODEGA | G24: BODEGA CENTRAL | H24: ACTIVO FIJO | I24: EQUIPO DE COMPUTACION | J24: N/A | K24: N/A | L24: LAPTOP | M24: [ LAPTOP ] - MARCA: HP; MODELO: ELITEBOOK 840; SERIE: CNV40GB864; AÑO: 2014; ESTADO: BUENO; COLOR: GRIS; ESTRUCTURA: ( SIN ESTRUCTURA ); COMPONENTE: ( SIN COMPONENTE ); TIPO DE PROCESADOR: INTEL CORE I7; CANTIDAD: 1 | N24: N/A | O24: N/A | P24: N/A | Q24: HP | R24: ELITEBOOK 840 | S24: CNU406B869 | T24: GRIS | U24: ND | V24: ND | W24: BUENO | X24: 2014 | Y24: EQUIPO APAGADO INCLUYE MOCHILA; SOFTWARE: LICENCIA MICROSOFT OFFICE PLUS | Z24: MATRIZ | AA24: 1 | AB24: 1 | AC24: =AA24-AB24 -> 0 | AD24: N/A | AE24: N/A | AF24: 830 | AG24: 249 | AH24: 1387 | AI24: =AH24*AB24 -> 1387 | AJ24: 275.4375 | AK24: =AJ24*AB24 -> 275.4375 | AL24: =AK24*0.12 -> 33.0525 | AM24: =AL24+AK24 -> 308.49 | AN24: =AJ24*0.9 -> 247.89375 | AO24: =AN24*AB24 -> 247.89375 | AP24: =AO24*0.12 -> 29.74725 | AQ24: =AO24+AP24 -> 277.641 | AR24: EQUIPOS DE COMPUTO | AS24: EQUIPOS LAPTOP MARCA HP | AT24: VENTA | AU24: CMP | AW24: 1 | AZ24: EE
A25: 39 | B25: 80042000000707 | C25: BIEN0505 | D25: EDIFICIO MATRIZ | E25: ADMINISTRATIVO | F25: ADMINISTRATIVO | G25: KAREN ZAMBRANO | H25: ACTIVO FIJO | I25: EQUIPO DE COMPUTACION | J25: N/A | K25: N/A | L25: LAPTOP | M25: [ LAPTOP ] - MARCA: HP; MODELO: ELITEBOOK 840; SERIE: CNU406B84Q; AÑO: 2014; ESTADO: BUENO; COLOR: BEIGE; ESTRUCTURA: ( SIN ESTRUCTURA ); COMPONENTE: ( SIN COMPONENTE ); TIPO DE PROCESADOR: INTEL CORE I7; CANTIDAD: 1 | N25: N/A | O25: N/A | P25: N/A | Q25: HP | R25: ELITEBOOK 840 | S25: CNU406B84Q | T25: NEGRA | U25: ND | V25: ND | W25: BUENO | X25: 2014 | Y25: EQUIPO BLOQUEADO CON MOUSE SPEEDMIND MODELO SM30M9136XUSB; SOFTWARE: LICENCIA MICROSOFT OFFICE PLUS | Z25: MATRIZ | AA25: 1 | AB25: 1 | AC25: =AA25-AB25 -> 0 | AD25: N/A | AE25: N/A | AF25: 830 | AG25: 249 | AH25: 1387 | AI25: =AH25*AB25 -> 1387 | AJ25: 275.4375 | AK25: =AJ25*AB25 -> 275.4375 | AL25: =AK25*0.12 -> 33.0525 | AM25: =AL25+AK25 -> 308.49 | AN25: =AJ25*0.9 -> 247.89375 | AO25: =AN25*AB25 -> 247.89375 | AP25: =AO25*0.12 -> 29.74725 | AQ25: =AO25+AP25 -> 277.641 | AR25: EQUIPOS DE COMPUTO | AS25: EQUIPOS DE COMPUTO | AT25: EN USO | AU25: EN USO | AV25: KAREN ZAMBRANO EN USO | AZ25: EE
A26: 40 | B26: 80042000000455 | C26: BIEN0508 | D26: EDIFICIO MATRIZ | E26: ADMINISTRATIVO | F26: ADMINISTRATIVO | G26: ELIN KRISTENSEN | H26: ACTIVO FIJO | I26: EQUIPO DE COMPUTACION | J26: N/A | K26: N/A | L26: LAPTOP | M26: [ LAPTOP ] - MARCA: HP; MODELO: ELITEBOOK 840; SERIE: CNU406B86D; AÑO: 2014; ESTADO: BUENO; COLOR: GRIS; ESTRUCTURA: ( SIN ESTRUCTURA ); COMPONENTE: ( SIN COMPONENTE ); TIPO DE PROCESADOR: INTEL CORE I7; VELOCIDAD DEL PROCESADOR: 2.10 GHZ; MEMORIA RAM: 8 GB; DISCO DURO: 500 GB; CANTIDAD: 1 | N26: N/A | O26: N/A | P26: N/A | Q26: HP | R26: ELITEBOOK 840 | S26: CNU406B86D | T26: GRIS | U26: ND | V26: ND | W26: BUENO | X26: 2014 | Y26: INCLUYE: SOFTWARE: LICENCIA MICROSOFT OFFICE PLUS, LICENCIA ANTIVIRUS KASPERSKY ADVANCED | Z26: MATRIZ | AA26: 1 | AB26: 1 | AC26: =AA26-AB26 -> 0 | AD26: N/A | AE26: N/A | AF26: 912 | AG26: 273.6 | AH26: 1387 | AI26: =AH26*AB26 -> 1387 | AJ26: 275.4375 | AK26: =AJ26*AB26 -> 275.4375 | AL26: =AK26*0.12 -> 33.0525 | AM26: =AL26+AK26 -> 308.49 | AN26: =AJ26*0.9 -> 247.89375 | AO26: =AN26*AB26 -> 247.89375 | AP26: =AO26*0.12 -> 29.74725 | AQ26: =AO26+AP26 -> 277.641 | AR26: EQUIPOS DE COMPUTO | AS26: EQUIPOS DE COMPUTO | AT26: EN USO | AU26: EN USO | AV26: ELIN KRISTENSEN EN USO | AZ26: EE
A27: 41 | B27: 80042000000936 | C27: BIEN0509 | D27: EDIFICIO MATRIZ | E27: ADMINISTRATIVO | F27: ADMINISTRATIVO | G27: USO OFICINA | H27: ACTIVO FIJO | I27: EQUIPO DE COMPUTACION | J27: N/A | K27: N/A | L27: LAPTOP | M27: [ LAPTOP ] - MARCA: HP; MODELO: ELITEBOOK 840; SERIE: CNU406B849; AÑO: 2014; ESTADO: BUENO; COLOR: GRIS; ESTRUCTURA: ( SIN ESTRUCTURA ); COMPONENTE: ( SIN COMPONENTE ); TIPO DE PROCESADOR: INTEL CORE I7; VELOCIDAD DEL PROCESADOR: 2.10 GHZ; MEMORIA RAM: 8 GB; DISCO DURO: 500 GB; CANTIDAD: 1 | N27: N/A | O27: N/A | P27: N/A | Q27: HP | R27: ELITEBOOK 840 | S27: CNU406B84M | T27: GRIS | U27: ND | V27: ND | W27: BUENO | X27: 2014 | Y27: CON MOUSE SPEEDMIND SERIE SM30M9136XUJB; SOFTWARE: LICENCIA MICROSOFT OFFICE PLUS, LICENCIA ANTIVIRUS KASPERSKY ADVANCED | Z27: MATRIZ | AA27: 1 | AB27: 1 | AC27: =AA27-AB27 -> 0 | AD27: N/A | AE27: N/A | AF27: 912 | AG27: 273.6 | AH27: 1387 | AI27: =AH27*AB27 -> 1387 | AJ27: 275.4375 | AK27: =AJ27*AB27 -> 275.4375 | AL27: =AK27*0.12 -> 33.0525 | AM27: =AL27+AK27 -> 308.49 | AN27: =AJ27*0.9 -> 247.89375 | AO27: =AN27*AB27 -> 247.89375 | AP27: =AO27*0.12 -> 29.74725 | AQ27: =AO27+AP27 -> 277.641 | AR27: EQUIPOS DE COMPUTO | AS27: EQUIPOS DE COMPUTO | AT27: EN USO | AU27: EN USO | AV27: OFICINA EN USO | AZ27: EE
A28: 42 | B28: 80042000000479 | C28: BIEN0533 | D28: EDIFICIO MATRIZ | E28: ADMINISTRATIVO | F28: ADMINISTRATIVO | G28: EDISON MOYA | H28: ACTIVO FIJO | I28: EQUIPO DE COMPUTACION | J28: N/A | K28: N/A | L28: LAPTOP | M28: [ LAPTOP ] - MARCA: HP; MODELO: ELITEBOOK 840; SERIE: CNU406B84W; AÑO: 2014; ESTADO: BUENO; COLOR: GRIS; ESTRUCTURA: ( SIN ESTRUCTURA ); COMPONENTE: ( SIN COMPONENTE ); TIPO DE PROCESADOR: INTEL CORE I7; VELOCIDAD DEL PROCESADOR: 2.10 GHZ; MEMORIA RAM: 8 GB; DISCO DURO: 500 GB; CANTIDAD: 1 | N28: N/A | O28: N/A | P28: N/A | Q28: HP | R28: ELITEBOOK 840 | S28: CNU406B84W | T28: GRIS | U28: ND | V28: ND | W28: BUENO | X28: 2014 | Y28: USADO INCLUYE: SOFTWARE: LICENCIA MICROSOFT OFFICE PLUS, LICENCIA ANTIVIRUS KASPERSKY ADVANCED | Z28: MATRIZ | AA28: 1 | AB28: 1 | AC28: =AA28-AB28 -> 0 | AD28: N/A | AE28: N/A | AF28: 912 | AG28: 273.6 | AH28: 1387 | AI28: =AH28*AB28 -> 1387 | AJ28: 275.4375 | AK28: =AJ28*AB28 -> 275.4375 | AL28: =AK28*0.12 -> 33.0525 | AM28: =AL28+AK28 -> 308.49 | AN28: =AJ28*0.9 -> 247.89375 | AO28: =AN28*AB28 -> 247.89375 | AP28: =AO28*0.12 -> 29.74725 | AQ28: =AO28+AP28 -> 277.641 | AR28: EQUIPOS DE COMPUTO | AS28: EQUIPOS DE COMPUTO | AT28: EN USO | AU28: EN USO | AV28: EDISON MOYA EN USO | AZ28: EE
A29: 43 | B29: 80042000007065 | C29: BIEN0585 | D29: EDIFICIO MATRIZ | E29: ADMINISTRATIVO | F29: ADMINISTRATIVO | G29: USO OFICINA | H29: ACTIVO FIJO | I29: EQUIPO DE COMPUTACION | J29: N/A | K29: N/A | L29: LAPTOP | M29: [ LAPTOP ] - MARCA: HP; MODELO: ELITEBOOK 840; SERIE: CNUA0GB85N; AÑO: 2014; ESTADO: BUENO; COLOR: GRIS; ESTRUCTURA: ( SIN ESTRUCTURA ); COMPONENTE: ( SIN COMPONENTE ); TIPO DE PROCESADOR: INTEL CORE I7; CANTIDAD: 1 | N29: N/A | O29: N/A | P29: N/A | Q29: HP | R29: ELITEBOOK 840 | S29: CNUA0GB85N | T29: GRIS | U29: ND | V29: ND | W29: BUENO | X29: 2014 | Y29: ND | Z29: MATRIZ | AA29: 1 | AB29: 1 | AC29: =AA29-AB29 -> 0 | AD29: N/A | AE29: N/A | AF29: 830 | AG29: 249 | AH29: 1387 | AI29: =AH29*AB29 -> 1387 | AJ29: 275.4375 | AK29: =AJ29*AB29 -> 275.4375 | AL29: =AK29*0.12 -> 33.0525 | AM29: =AL29+AK29 -> 308.49 | AN29: =AJ29*0.9 -> 247.89375 | AO29: =AN29*AB29 -> 247.89375 | AP29: =AO29*0.12 -> 29.74725 | AQ29: =AO29+AP29 -> 277.641 | AR29: EQUIPOS DE COMPUTO | AS29: EQUIPOS DE COMPUTO | AT29: EN USO | AU29: EN USO | AV29: OFICINA EN USO | AZ29: EE
A30: 44 | B30: 80042000018016 | C30: BIEN0416 | D30: BODEGA CENTRAL | E30: ESTANTERIA 4 | F30: NIVEL 4 | G30: BODEGA CENTRAL | H30: ACTIVO FIJO | I30: EQUIPO DE COMPUTACION | J30: N/A | K30: N/A | L30: LAPTOP | M30: [ LAPTOP ] - MARCA: HP; MODELO: ELITEBOOK 840; SERIE: CNU406B85B; AÑO: 2014; ESTADO: BUENO; COLOR: GRIS; ESTRUCTURA: ( SIN ESTRUCTURA ); CANTIDAD: 1 | N30: N/A | O30: N/A | P30: N/A | Q30: HP | R30: ELITEBOOK 840 | S30: CNU406B85B | T30: SIN COLOR | U30: CORE I7 | V30: ND | W30: BUENO | X30: 2014 | Y30: ND | Z30: MOMPICHE | AA30: 1 | AB30: 1 | AC30: =AA30-AB30 -> 0 | AD30: N/A | AE30: N/A | AF30: 830 | AG30: 249 | AH30: 1387 | AI30: =AH30*AB30 -> 1387 | AJ30: 275.4375 | AK30: =AJ30*AB30 -> 275.4375 | AL30: =AK30*0.12 -> 33.0525 | AM30: =AL30+AK30 -> 308.49 | AN30: =AJ30*0.9 -> 247.89375 | AO30: =AN30*AB30 -> 247.89375 | AP30: =AO30*0.12 -> 29.74725 | AQ30: =AO30+AP30 -> 277.641 | AR30: EQUIPOS DE COMPUTO | AS30: EQUIPOS DE COMPUTO | AT30: VENTA | AU30: CMP | AW30: 1 | AZ30: EE
A31: 45 | B31: 80042000003029 | C31: BIEN0467 | D31: EDIFICIO MATRIZ | E31: ADMINISTRATIVO | F31: ADMINISTRATIVO | G31: ZAHER CHMAIT | H31: ACTIVO FIJO | I31: EQUIPO DE COMPUTACION | J31: N/A | K31: N/A | L31: CPU | M31: [ CPU ] - MARCA: HP; MODELO: Z230 TOWER WORKSTATION; SERIE: 2UA4062DSJ; AÑO: 2012; ESTADO: BUENO; COLOR: NEGRO; ESTRUCTURA: ( SIN ESTRUCTURA ); COMPONENTE: ( SIN COMPONENTE ); TIPO DE PROCESADOR: XEON; VELOCIDAD DEL PROCESADOR: 3.3 GHZ; MEMORIA RAM: 8 GB; DISCO DURO: 1 TB; CANTIDAD: 1 | N31: N/A | O31: N/A | P31: N/A | Q31: HP | R31: Z230 TOWER WORKSTATION | S31: 2UA4062DSJ | T31: NEGRO | U31: ND | V31: ND | W31: BUENO | X31: 2012 | Y31: USADO | Z31: MATRIZ | AA31: 1 | AB31: 1 | AC31: =AA31-AB31 -> 0 | AD31: N/A | AE31: N/A | AF31: 336 | AG31: 100.8 | AH31: 1375 | AI31: =AH31*AB31 -> 1375 | AJ31: 288.75 | AK31: =AJ31*AB31 -> 288.75 | AL31: =AK31*0.12 -> 34.65 | AM31: =AL31+AK31 -> 323.4 | AN31: =AJ31*0.9 -> 259.875 | AO31: =AN31*AB31 -> 259.875 | AP31: =AO31*0.12 -> 31.185 | AQ31: =AO31+AP31 -> 291.06 | AR31: EQUIPOS DE COMPUTO | AS31: EQUIPOS DE COMPUTO | AT31: EN USO | AU31: EN USO | AV31: ZAHER CHMAIT EN USO | AZ31: EE
A32: 46 | B32: 80042000005375 | C32: BIEN0418 | D32: BODEGA CENTRAL | E32: ESTANTERIA 4 | F32: NIVEL 4 | G32: BODEGA CENTRAL | H32: ACTIVO FIJO | I32: EQUIPO DE COMPUTACION | J32: N/A | K32: N/A | L32: LAPTOP | M32: [ LAPTOP ] - MARCA: HP; MODELO: ELITEBOOK 840 G1; SERIE: CNU406B84Z; AÑO: 2013; ESTADO: BUENO; COLOR: NEGRO; ESTRUCTURA: ( SIN ESTRUCTURA ); COMPONENTE: ( SIN COMPONENTE ); TIPO DE PROCESADOR: INTEL CORE I7; VELOCIDAD DEL PROCESADOR: 2.10 GHZ; MEMORIA RAM: 8 GB; DISCO DURO: 464 GB; CANTIDAD: 1 | N32: N/A | O32: N/A | P32: N/A | Q32: HP | R32: ELITEBOOK 840 | S32: CNU406B84Z | T32: NEGRO | U32: CORE I7 | V32: ND | W32: BUENO | X32: 2013 | Y32: ND | Z32: MATRIZ | AA32: 1 | AB32: 1 | AC32: =AA32-AB32 -> 0 | AD32: N/A | AE32: N/A | AF32: 763 | AG32: 228.7 | AH32: 1387 | AI32: =AH32*AB32 -> 1387 | AJ32: 253.5 | AK32: =AJ32*AB32 -> 253.5 | AL32: =AK32*0.12 -> 30.42 | AM32: =AL32+AK32 -> 283.92 | AN32: =AJ32*0.9 -> 228.15 | AO32: =AN32*AB32 -> 228.15 | AP32: =AO32*0.12 -> 27.378 | AQ32: =AO32+AP32 -> 255.528 | AR32: EQUIPOS DE COMPUTO | AS32: EQUIPOS LAPTOP MARCA HP | AT32: VENTA | AU32: CMP | AW32: 1 | AZ32: EE
A33: 47 | B33: 80042000005061 | C33: BIEN0419 | D33: BODEGA CENTRAL | E33: ESTANTERIA 4 | F33: NIVEL 4 | G33: BODEGA CENTRAL | H33: ACTIVO FIJO | I33: EQUIPO DE COMPUTACION | J33: N/A | K33: N/A | L33: LAPTOP | M33: [ LAPTOP ] - MARCA: HP; MODELO: ELITEBOOK 840 G1; SERIE: CNU406B84C; AÑO: 2013; ESTADO: BUENO; COLOR: NEGRO; ESTRUCTURA: ( SIN ESTRUCTURA ); COMPONENTE: ( SIN COMPONENTE ); TIPO DE PROCESADOR: INTEL CORE I7; VELOCIDAD DEL PROCESADOR: 2.10 GHZ; MEMORIA RAM: 8 GB; DISCO DURO: 464 GB; CANTIDAD: 1 | N33: N/A | O33: N/A | P33: N/A | Q33: HP | R33: ELITEBOOK 840 | S33: CNU406B84C | T33: NEGRO | U33: CORE I7 | V33: ND | W33: BUENO | X33: 2013 | Y33: ND | Z33: MATRIZ | AA33: 1 | AB33: 1 | AC33: =AA33-AB33 -> 0 | AD33: N/A | AE33: N/A | AF33: 929 | AG33: 278.5 | AH33: 1387 | AI33: =AH33*AB33 -> 1387 | AJ33: 253.5 | AK33: =AJ33*AB33 -> 253.5 | AL33: =AK33*0.12 -> 30.42 | AM33: =AL33+AK33 -> 283.92 | AN33: =AJ33*0.9 -> 228.15 | AO33: =AN33*AB33 -> 228.15 | AP33: =AO33*0.12 -> 27.378 | AQ33: =AO33+AP33 -> 255.528 | AR33: EQUIPOS DE COMPUTO | AS33: EQUIPOS DE COMPUTO | AT33: VENTA | AU33: CMP | AW33: 1 | AZ33: EE
A34: 48 | B34: 80042000002718 | C34: BIEN0480 | D34: BODEGA CENTRAL | E34: MANTENIMIENTO INFORMATICO Y CUSTODIO DE BODEGA | F34: MANTENIMIENTO INFORMATICO Y CUSTODIO DE BODEGA | G34: BODEGA CENTRAL | H34: ACTIVO FIJO | I34: EQUIPO DE COMPUTACION | J34: N/A | K34: N/A | L34: LAPTOP | M34: [ LAPTOP ] - MARCA: HP; MODELO: ELITEBOOK 840 G1; SERIE: CNN406B863; AÑO: 2013; ESTADO: BUENO; COLOR: NEGRO; ESTRUCTURA: ( SIN ESTRUCTURA ); COMPONENTE: ( SIN COMPONENTE ); TIPO DE PROCESADOR: INTEL CORE I7; VELOCIDAD DEL PROCESADOR: 2.7 GHZ; MEMORIA RAM: 8 GB; DISCO DURO: 465 GB; CANTIDAD: 1 | N34: N/A | O34: N/A | P34: N/A | Q34: HP | R34: ELITEBOOK 840 | S34: CNN406B863 | T34: NEGRO | U34: ND | V34: ND | W34: BUENO | X34: 2013 | Y34: USADO NO SE PUEDE VER SI ESTA EN FUNCIONAMIENTO INCLUYE MOUSE: SPEED MIND, MODELO SM30M9136XUSB, AURICULARES MARCA SPEED MIND. BATERIA REEMPLAZADA; LICENCIA MICROSOFT OFFICE PLUS; LICENCIA ANTIVIRUS KASPERSKY ADVANCED | Z34: MATRIZ | AA34: 1 | AB34: 1 | AC34: =AA34-AB34 -> 0 | AD34: N/A | AE34: N/A | AF34: 948 | AG34: 284.4 | AH34: 1387 | AI34: =AH34*AB34 -> 1387 | AJ34: 253.5 | AK34: =AJ34*AB34 -> 253.5 | AL34: =AK34*0.12 -> 30.42 | AM34: =AL34+AK34 -> 283.92 | AN34: =AJ34*0.9 -> 228.15 | AO34: =AN34*AB34 -> 228.15 | AP34: =AO34*0.12 -> 27.378 | AQ34: =AO34+AP34 -> 255.528 | AR34: EQUIPOS DE COMPUTO | AS34: EQUIPOS LAPTOP MARCA HP | AT34: VENTA | AU34: CMP | AW34: 1 | AZ34: EE
A35: 49 | B35: 80042000006419 | C35: BIEN0580 | D35: EDIFICIO MATRIZ | E35: ADMINISTRATIVO | F35: ADMINISTRATIVO | G35: JHONNY HERRERA | H35: ACTIVO FIJO | I35: EQUIPO DE COMPUTACION | J35: N/A | K35: N/A | L35: LAPTOP | M35: [ LAPTOP ] - MARCA: HP; MODELO: DV6-6180; SERIE: 5CH13803U0; AÑO: 2013; ESTADO: BUENO; COLOR: NEGRO; ESTRUCTURA: ( SIN ESTRUCTURA ); COMPONENTE: ( SIN COMPONENTE ); TIPO DE PROCESADOR: INTEL CORE I7; VELOCIDAD DEL PROCESADOR: 2.20 GHZ; MEMORIA RAM: 8 GB; DISCO DURO: 1 TB; CANTIDAD: 1 | N35: N/A | O35: N/A | P35: N/A | Q35: HP | R35: ELITEBOOK 840 | S35: 5CH13803U0 | T35: NEGRO | U35: ND | V35: ND | W35: BUENO | X35: 2013 | Y35: ND | Z35: REVENTADOR | AA35: 1 | AB35: 1 | AC35: =AA35-AB35 -> 0 | AD35: N/A | AE35: N/A | AF35: 1061 | AG35: 318.1 | AH35: 1387 | AI35: =AH35*AB35 -> 1387 | AJ35: 253.5 | AK35: =AJ35*AB35 -> 253.5 | AL35: =AK35*0.12 -> 30.42 | AM35: =AL35+AK35 -> 283.92 | AN35: =AJ35*0.9 -> 228.15 | AO35: =AN35*AB35 -> 228.15 | AP35: =AO35*0.12 -> 27.378 | AQ35: =AO35+AP35 -> 255.528 | AR35: EQUIPOS DE COMPUTO | AS35: EQUIPOS DE COMPUTO | AT35: EN USO | AU35: EN USO | AV35: JHONNY HERRERA EN USO | AZ35: EE
A36: 50 | B36: 80042000000165 | C36: BIEN0425 | D36: BODEGA CENTRAL | E36: ESTANTERIA 5 | F36: NIVEL 3 | G36: BODEGA CENTRAL | H36: ACTIVO FIJO | I36: EQUIPO DE COMPUTACION | J36: N/A | K36: N/A | L36: LAPTOP | M36: [ LAPTOP ] - MARCA: DELL; MODELO: VOSTRO 3460; SERIE: BB8CVW1; AÑO: 2014; ESTADO: BUENO; COLOR: GRIS; ESTRUCTURA: ( SIN ESTRUCTURA ); COMPONENTE: ( SIN COMPONENTE ); TIPO DE PROCESADOR: INTEL CORE I7; VELOCIDAD DEL PROCESADOR: 2.10 GHZ; MEMORIA RAM: 8 GB; DISCO DURO: 1000 GB; CANTIDAD: 1 | N36: N/A | O36: N/A | P36: N/A | Q36: DELL | R36: VOSTRO 3460 | S36: BB8CVW1 | T36: GRIS | U36: CORE I7 | V36: ND | W36: BUENO | X36: 2014 | Y36: ND | Z36: MATRIZ | AA36: 1 | AB36: 1 | AC36: =AA36-AB36 -> 0 | AD36: N/A | AE36: N/A | AF36: 904 | AG36: 271.2 | AH36: 1255 | AI36: =AH36*AB36 -> 1255 | AJ36: 249.32143 | AK36: =AJ36*AB36 -> 249.32143 | AL36: =AK36*0.12 -> 29.918571 | AM36: =AL36+AK36 -> 279.24 | AN36: =AJ36*0.9 -> 224.38929 | AO36: =AN36*AB36 -> 224.38929 | AP36: =AO36*0.12 -> 26.926714 | AQ36: =AO36+AP36 -> 251.316 | AR36: EQUIPOS DE COMPUTO | AS36: EQUIPOS DE COMPUTO | AT36: VENTA | AU36: CMP | AW36: 1 | AZ36: EE
A37: 51 | B37: 80042000006983 | C37: BIEN0417 | D37: BODEGA CENTRAL | E37: ESTANTERIA 4 | F37: NIVEL 4 | G37: BODEGA CENTRAL | H37: ACTIVO FIJO | I37: EQUIPO DE COMPUTACION | J37: N/A | K37: N/A | L37: LAPTOP | M37: [ LAPTOP ] - MARCA: HP; MODELO: ELITEBOOK 840; SERIE: CNV406B84H; AÑO: 2012; ESTADO: BUENO; COLOR: GRIS; ESTRUCTURA: ( SIN ESTRUCTURA ); COMPONENTE: ( SIN COMPONENTE ); TIPO DE PROCESADOR: INTEL CORE I7; CANTIDAD: 1 | N37: N/A | O37: N/A | P37: N/A | Q37: HP | R37: ELITEBOOK 840 | S37: CNU406B84H | T37: GRIS | U37: CORE I7 | V37: ND | W37: BUENO | X37: 2012 | Y37: ND | Z37: MATRIZ | AA37: 1 | AB37: 1 | AC37: =AA37-AB37 -> 0 | AD37: N/A | AE37: N/A | AF37: 788 | AG37: 236.4 | AH37: 1387 | AI37: =AH37*AB37 -> 1387 | AJ37: 231.91071 | AK37: =AJ37*AB37 -> 231.91071 | AL37: =AK37*0.12 -> 27.829286 | AM37: =AL37+AK37 -> 259.74 | AN37: =AJ37*0.9 -> 208.71964 | AO37: =AN37*AB37 -> 208.71964 | AP37: =AO37*0.12 -> 25.046357 | AQ37: =AO37+AP37 -> 233.766 | AR37: EQUIPOS DE COMPUTO | AS37: EQUIPOS DE COMPUTO | AT37: VENTA | AU37: CMP | AW37: 1 | AZ37: EE
A38: 52 | B38: 80042000005474 | C38: BIEN0423 | D38: BODEGA CENTRAL | E38: ESTANTERIA 4 | F38: NIVEL 3 | G38: BODEGA CENTRAL | H38: ACTIVO FIJO | I38: EQUIPO DE COMPUTACION | J38: N/A | K38: N/A | L38: LAPTOP | M38: [ LAPTOP ] - MARCA: DELL; MODELO: VOSTRO 3460; SERIE: BL3X1W1; AÑO: 2013; ESTADO: BUENO; COLOR: PLOMO; ESTRUCTURA: ( SIN ESTRUCTURA ); COMPONENTE: ( SIN COMPONENTE ); TIPO DE PROCESADOR: INTEL CORE I7; VELOCIDAD DEL PROCESADOR: 2.10 GHZ; MEMORIA RAM: 8 GB; DISCO DURO: 460 GB; CANTIDAD: 1 | N38: N/A | O38: N/A | P38: N/A | Q38: DELL | R38: VOSTRO 3460 | S38: BL3X1W1 | T38: GRIS | U38: CORE I7 | V38: ND | W38: BUENO | X38: 2013 | Y38: ND | Z38: MATRIZ | AA38: 1 | AB38: 1 | AC38: =AA38-AB38 -> 0 | AD38: N/A | AE38: N/A | AF38: 588 | AG38: 176.4 | AH38: 1255 | AI38: =AH38*AB38 -> 1255 | AJ38: 229.47321 | AK38: =AJ38*AB38 -> 229.47321 | AL38: =AK38*0.12 -> 27.536786 | AM38: =AL38+AK38 -> 257.01 | AN38: =AJ38*0.9 -> 206.52589 | AO38: =AN38*AB38 -> 206.52589 | AP38: =AO38*0.12 -> 24.783107 | AQ38: =AO38+AP38 -> 231.309 | AR38: EQUIPOS DE COMPUTO | AS38: EQUIPOS DE COMPUTO | AT38: VENTA | AU38: CMP | AW38: 1 | AX38: USADO | AZ38: EE
A39: 53 | B39: 80042000002411 | C39: BIEN0463 | D39: BODEGA CENTRAL | E39: MANTENIMIENTO INFORMATICO Y CUSTODIO DE BODEGA | F39: MANTENIMIENTO INFORMATICO Y CUSTODIO DE BODEGA | G39: BODEGA CENTRAL | H39: ACTIVO FIJO | I39: EQUIPO DE COMPUTACION | J39: N/A | K39: N/A | L39: CPU | M39: [ CPU ] - MARCA: HP; MODELO: Z220 CMT WORKSTATION; SERIE: 2UA24013BV; AÑO: 2013; ESTADO: BUENO; COLOR: NEGRO; ESTRUCTURA: ( SIN ESTRUCTURA ); COMPONENTE: ( SIN COMPONENTE ); TIPO DE PROCESADOR: XEON; VELOCIDAD DEL PROCESADOR: 3.30 GHZ; MEMORIA RAM: 8 GB; DISCO DURO: 929 GB; CANTIDAD: 1 | N39: N/A | O39: N/A | P39: N/A | Q39: HP | R39: Z220 CMT WORKSTATION | S39: 2UA24013BV | T39: NEGRO | U39: XEON, DISCO DURO DE 1 TB | V39: ND | W39: BUENO | X39: 2013 | Y39: MOUSE: HP MODELO: MOFYKO SERIE 672651-001; INCLUYE: LICENCIA MICROSOFT OFFICE PLUS ; LICENCIA ANTIVIRUS KASPERSKY ADVANCED | Z39: MOMPICHE | AA39: 1 | AB39: 1 | AC39: =AA39-AB39 -> 0 | AD39: N/A | AE39: N/A | AF39: 921 | AG39: 276.1 | AH39: 1017 | AI39: =AH39*AB39 -> 1017 | AJ39: 233.625 | AK39: =AJ39*AB39 -> 233.625 | AL39: =AK39*0.12 -> 28.035 | AM39: =AL39+AK39 -> 261.66 | AN39: =AJ39*0.9 -> 210.2625 | AO39: =AN39*AB39 -> 210.2625 | AP39: =AO39*0.12 -> 25.2315 | AQ39: =AO39+AP39 -> 235.494 | AR39: EQUIPOS DE COMPUTO | AS39: EQUIPOS DE ESCRITORIO MARCA HP | AT39: VENTA | AU39: CMP | AZ39: EE
A40: 54 | B40: 80042000008871 | C40: BIEN0471 | D40: EDIFICIO MATRIZ | E40: ADMINISTRATIVO | F40: ADMINISTRATIVO | G40: USO OFICINA | H40: ACTIVO FIJO | I40: EQUIPO DE COMPUTACION | J40: N/A | K40: N/A | L40: CPU | M40: [ CPU ] - MARCA: HP; MODELO: Z220 CMT WORKSTATION; SERIE: 2UA3391WJV; AÑO: 2013; ESTADO: BUENO; COLOR: NEGRO; ESTRUCTURA: ( SIN ESTRUCTURA ); COMPONENTE: ( SIN COMPONENTE ); CANTIDAD: 1 | N40: N/A | O40: N/A | P40: N/A | Q40: HP | R40: Z220 CMT WORKSTATION | S40: 2UA3391WJV | T40: NEGRO | U40: XEON, DISCO DURO DE 1 TB | V40: ND | W40: BUENO | X40: 2013 | Y40: USADO | Z40: MOMPICHE | AA40: 1 | AB40: 1 | AC40: =AA40-AB40 -> 0 | AD40: N/A | AE40: N/A | AF40: 700 | AG40: 210 | AH40: 1017 | AI40: =AH40*AB40 -> 1017 | AJ40: 233.625 | AK40: =AJ40*AB40 -> 233.625 | AL40: =AK40*0.12 -> 28.035 | AM40: =AL40+AK40 -> 261.66 | AN40: =AJ40*0.9 -> 210.2625 | AO40: =AN40*AB40 -> 210.2625 | AP40: =AO40*0.12 -> 25.2315 | AQ40: =AO40+AP40 -> 235.494 | AR40: EQUIPOS DE COMPUTO | AS40: EQUIPOS DE COMPUTO | AT40: EN USO | AU40: EN USO | AV40: OFICINA EN USO | AZ40: EE
A41: 55 | B41: 80042000001919 | C41: BIEN0482 | D41: EDIFICIO MATRIZ | E41: ADMINISTRATIVO | F41: ADMINISTRATIVO | G41: USO OFICINA | H41: ACTIVO FIJO | I41: EQUIPO DE COMPUTACION | J41: N/A | K41: N/A | L41: CPU | M41: [ CPU ] - MARCA: HP; MODELO: Z220 CMT WORKSTATION; SERIE: 2UA3401S09; AÑO: 2013; ESTADO: BUENO; COLOR: NEGRO; ESTRUCTURA: ( SIN ESTRUCTURA ); COMPONENTE: ( SIN COMPONENTE ); TIPO DE PROCESADOR: XEON; VELOCIDAD DEL PROCESADOR: 3.5 GHZ; MEMORIA RAM: 8 GB; DISCO DURO: 930 GB; CANTIDAD: 1 | N41: N/A | O41: N/A | P41: N/A | Q41: HP | R41: Z220 CMT WORKSTATION | S41: 2UA3401S09 | T41: NEGRO | U41: XEON, DISCO DURO DE 1 TB | V41: ND | W41: BUENO | X41: 2013 | Y41: USADO NO SE PUEDE VERIFICAR SI ESTA EN FUNCIONAMIENTO }MOUSE, HP, MOD:APOLO-OU; SOFTWARE: LICENCIA MICROSOFT OFFICE PLUS, LICENCIA ANTIVIRUS KASPERSKY ADVANCED | Z41: REVENTADOR | AA41: 1 | AB41: 1 | AC41: =AA41-AB41 -> 0 | AD41: N/A | AE41: N/A | AF41: 921 | AG41: 276.1 | AH41: 1017 | AI41: =AH41*AB41 -> 1017 | AJ41: 233.625 | AK41: =AJ41*AB41 -> 233.625 | AL41: =AK41*0.12 -> 28.035 | AM41: =AL41+AK41 -> 261.66 | AN41: =AJ41*0.9 -> 210.2625 | AO41: =AN41*AB41 -> 210.2625 | AP41: =AO41*0.12 -> 25.2315 | AQ41: =AO41+AP41 -> 235.494 | AR41: EQUIPOS DE COMPUTO | AS41: EQUIPOS DE COMPUTO | AT41: EN USO | AU41: EN USO | AV41: OFICINA EN USO | AZ41: EE
A42: 56 | B42: 80042000002947 | C42: BIEN0531 | D42: EDIFICIO MATRIZ | E42: ADMINISTRATIVO | F42: ADMINISTRATIVO | G42: JHONNY HERRERA | H42: ACTIVO FIJO | I42: EQUIPO DE COMPUTACION | J42: N/A | K42: N/A | L42: CPU | M42: [ CPU ] - MARCA: HP; MODELO: Z220 CMT WORKSTATION; SERIE: 2UA24013C0; AÑO: 2013; ESTADO: BUENO; COLOR: NEGRO; ESTRUCTURA: ( SIN ESTRUCTURA ); COMPONENTE: ( SIN COMPONENTE ); TIPO DE PROCESADOR: XEON; VELOCIDAD DEL PROCESADOR: 3.30 GHZ; MEMORIA RAM: 8 GB; DISCO DURO: 930 GB; CANTIDAD: 1 | N42: N/A | O42: N/A | P42: N/A | Q42: HP | R42: Z220 CMT WORKSTATION | S42: 2UA24013C0 | T42: NEGRO | U42: XEON, DISCO DURO DE 1 TB | V42: ND | W42: BUENO | X42: 2013 | Y42: USADO INCLUYE: LICENCIA ANTIVIRUS KASPERSKY ADVANCED | Z42: REVENTADOR | AA42: 1 | AB42: 1 | AC42: =AA42-AB42 -> 0 | AD42: N/A | AE42: N/A | AF42: 782 | AG42: 234.6 | AH42: 1017 | AI42: =AH42*AB42 -> 1017 | AJ42: 233.625 | AK42: =AJ42*AB42 -> 233.625 | AL42: =AK42*0.12 -> 28.035 | AM42: =AL42+AK42 -> 261.66 | AN42: =AJ42*0.9 -> 210.2625 | AO42: =AN42*AB42 -> 210.2625 | AP42: =AO42*0.12 -> 25.2315 | AQ42: =AO42+AP42 -> 235.494 | AR42: EQUIPOS DE COMPUTO | AS42: EQUIPOS DE COMPUTO | AT42: EN USO | AU42: EN USO | AV42: JHONNY HERRERA EN USO | AZ42: EE
A43: 57 | B43: 80042000000837 | C43: BIEN0424 | D43: BODEGA CENTRAL | E43: ESTANTERIA 5 | F43: NIVEL 3 | G43: BODEGA CENTRAL | H43: ACTIVO FIJO | I43: EQUIPO DE COMPUTACION | J43: N/A | K43: N/A | L43: LAPTOP | M43: [ LAPTOP ] - MARCA: DELL; MODELO: VOSTRO 3460; SERIE: 8B8CVVI; AÑO: 2012; ESTADO: BUENO; COLOR: GRIS; ESTRUCTURA: ( SIN ESTRUCTURA ); COMPONENTE: ( SIN COMPONENTE ); TIPO DE PROCESADOR: INTEL CORE I7; VELOCIDAD DEL PROCESADOR: 2.10 GHZ; MEMORIA RAM: 8 GB; DISCO DURO: 1 TB; CANTIDAD: 1 | N43: N/A | O43: N/A | P43: N/A | Q43: DELL | R43: VOSTRO 3460 | S43: 8B8CVW1 | T43: GRIS | U43: CORE I7 | V43: ND | W43: BUENO | X43: 2012 | Y43: ND | Z43: MATRIZ | AA43: 1 | AB43: 1 | AC43: =AA43-AB43 -> 0 | AD43: N/A | AE43: N/A | AF43: 486 | AG43: 145.8 | AH43: 1255 | AI43: =AH43*AB43 -> 1255 | AJ43: 209.625 | AK43: =AJ43*AB43 -> 209.625 | AL43: =AK43*0.12 -> 25.155 | AM43: =AL43+AK43 -> 234.78 | AN43: =AJ43*0.9 -> 188.6625 | AO43: =AN43*AB43 -> 188.6625 | AP43: =AO43*0.12 -> 22.6395 | AQ43: =AO43+AP43 -> 211.302 | AR43: EQUIPOS DE COMPUTO | AS43: EQUIPOS DE COMPUTO | AT43: VENTA | AU43: CMP | AW43: 1 | AZ43: EE
A44: 58 | B44: 80042000006914 | C44: BIEN0426 | D44: BODEGA CENTRAL | E44: ESTANTERIA 4 | F44: NIVEL 3 | G44: BODEGA CENTRAL | H44: ACTIVO FIJO | I44: EQUIPO DE COMPUTACION | J44: N/A | K44: N/A | L44: LAPTOP | M44: [ LAPTOP ] - MARCA: DELL; MODELO: VOSTRO 3460; SERIE: 9B8CVW1; AÑO: 2012; ESTADO: BUENO; COLOR: GRIS; ESTRUCTURA: ( SIN ESTRUCTURA ); COMPONENTE: ( SIN COMPONENTE ); TIPO DE PROCESADOR: INTEL CORE I7; CANTIDAD: 1 | N44: N/A | O44: N/A | P44: N/A | Q44: DELL | R44: VOSTRO 3460 | S44: 9B8CVW1 | T44: GRIS | U44: CORE I7 | V44: ND | W44: BUENO | X44: 2012 | Y44: ND | Z44: MATRIZ | AA44: 1 | AB44: 1 | AC44: =AA44-AB44 -> 0 | AD44: N/A | AE44: N/A | AF44: 301 | AG44: 90.1 | AH44: 1255 | AI44: =AH44*AB44 -> 1255 | AJ44: 209.625 | AK44: =AJ44*AB44 -> 209.625 | AL44: =AK44*0.12 -> 25.155 | AM44: =AL44+AK44 -> 234.78 | AN44: =AJ44*0.9 -> 188.6625 | AO44: =AN44*AB44 -> 188.6625 | AP44: =AO44*0.12 -> 22.6395 | AQ44: =AO44+AP44 -> 211.302 | AR44: EQUIPOS DE COMPUTO | AS44: EQUIPOS DE COMPUTO | AT44: VENTA | AU44: CMP | AW44: 1 | AZ44: EE
A45: 59 | B45: 80042000007102 | C45: BIEN0427 | D45: BODEGA CENTRAL | E45: ESTANTERIA 5 | F45: NIVEL 3 | G45: BODEGA CENTRAL | H45: ACTIVO FIJO | I45: EQUIPO DE COMPUTACION | J45: N/A | K45: N/A | L45: LAPTOP | M45: [ LAPTOP ] - MARCA: DELL; MODELO: VOSTRO 3460; SERIE: FP3X1W1; AÑO: 2012; ESTADO: BUENO; COLOR: GRIS; ESTRUCTURA: ( SIN ESTRUCTURA ); COMPONENTE: ( SIN COMPONENTE ); TIPO DE PROCESADOR: INTEL CORE I7; CANTIDAD: 1 | N45: N/A | O45: N/A | P45: N/A | Q45: DELL | R45: VOSTRO 3460 | S45: FP3X1W1 | T45: GRIS | U45: CORE I7 | V45: ND | W45: BUENO | X45: 2012 | Y45: ND | Z45: MATRIZ | AA45: 1 | AB45: 1 | AC45: =AA45-AB45 -> 0 | AD45: N/A | AE45: N/A | AF45: 313 | AG45: 93.7 | AH45: 1255 | AI45: =AH45*AB45 -> 1255 | AJ45: 209.625 | AK45: =AJ45*AB45 -> 209.625 | AL45: =AK45*0.12 -> 25.155 | AM45: =AL45+AK45 -> 234.78 | AN45: =AJ45*0.9 -> 188.6625 | AO45: =AN45*AB45 -> 188.6625 | AP45: =AO45*0.12 -> 22.6395 | AQ45: =AO45+AP45 -> 211.302 | AR45: EQUIPOS DE COMPUTO | AS45: EQUIPOS DE COMPUTO | AT45: VENTA | AU45: CMP | AW45: 1 | AZ45: EE
A46: 60 | B46: 80042000003289 | C46: BIEN0444 | D46: BODEGA CENTRAL | E46: ESTANTERIA 5 | F46: NIVEL 3 | G46: BODEGA CENTRAL | H46: ACTIVO FIJO | I46: EQUIPO DE COMPUTACION | J46: N/A | K46: N/A | L46: CPU | M46: [ CPU ] - MARCA: HP; MODELO: Z220 CMT WORKSTATION; SERIE: 2UA24013B7; AÑO: 2012; ESTADO: BUENO; COLOR: NEGRO; ESTRUCTURA: ( SIN ESTRUCTURA ); COMPONENTE: ( SIN COMPONENTE ); TIPO DE PROCESADOR: XEON; VELOCIDAD DEL PROCESADOR: 3.3 GHZ; MEMORIA RAM: 8 GB; DISCO DURO: 1 TB; CANTIDAD: 1 | N46: N/A | O46: N/A | P46: N/A | Q46: HP | R46: Z220 CMT WORKSTATION | S46: 2UA24013B7 | T46: NEGRO | U46: XEON, DISCO DURO DE 1 TB | V46: ND | W46: BUENO | X46: 2012 | Y46: CON MOUSE HP MODELO MOFYKO SERIE FCMMF0A9W2W56Y; INCLUYE: LICENCIA MICROSOFT OFFICE PLUS ; LICENCIA ANTIVIRUS KASPERSKY ADVANCED | Z46: MOMPICHE | AA46: 1 | AB46: 1 | AC46: =AA46-AB46 -> 0 | AD46: N/A | AE46: N/A | AF46: 638 | AG46: 191.4 | AH46: 1017 | AI46: =AH46*AB46 -> 1017 | AJ46: 213.5 | AK46: =AJ46*AB46 -> 213.5 | AL46: =AK46*0.12 -> 25.62 | AM46: =AL46+AK46 -> 239.12 | AN46: =AJ46*0.9 -> 192.15 | AO46: =AN46*AB46 -> 192.15 | AP46: =AO46*0.12 -> 23.058 | AQ46: =AO46+AP46 -> 215.208 | AR46: EQUIPOS DE COMPUTO | AS46: EQUIPOS DE ESCRITORIO MARCA HP | AT46: VENTA | AU46: CMP | AZ46: EE
A47: 61 | B47: 80042000005269 | C47: BIEN0449 | D47: BODEGA CENTRAL | E47: ESTANTERIA 5 | F47: NIVEL 4 | G47: BODEGA CENTRAL | H47: ACTIVO FIJO | I47: EQUIPO DE COMPUTACION | J47: N/A | K47: N/A | L47: CPU | M47: [ CPU ] - MARCA: HP; MODELO: Z220 CMT WORKSTATION; SERIE: 2QA24013BR; AÑO: 2012; ESTADO: BUENO; COLOR: NEGRO; ESTRUCTURA: ( SIN ESTRUCTURA ); COMPONENTE: ( SIN COMPONENTE ); TIPO DE PROCESADOR: XEON; VELOCIDAD DEL PROCESADOR: 3.30 GHZ; MEMORIA RAM: 8 GB; DISCO DURO: 930 GB; CANTIDAD: 1 | N47: N/A | O47: N/A | P47: N/A | Q47: HP | R47: Z220 CMT WORKSTATION | S47: 2QA24013BR | T47: NEGRO | U47: XEON, DISCO DURO DE 1 TB | V47: ND | W47: BUENO (VALOR ADQUISICION SOBREVALORADO) | X47: 2012 | Y47: ND | Z47: MOMPICHE | AA47: 1 | AB47: 1 | AC47: =AA47-AB47 -> 0 | AD47: N/A | AE47: N/A | AF47: 6464 | AG47: 1939.2 | AH47: 1017 | AI47: =AH47*AB47 -> 1017 | AJ47: 125 | AK47: =AJ47*AB47 -> 125 | AL47: =AK47*0.12 -> 15 | AM47: =AL47+AK47 -> 140 | AN47: =AJ47*0.9 -> 112.5 | AO47: =AN47*AB47 -> 112.5 | AP47: =AO47*0.12 -> 13.5 | AQ47: =AO47+AP47 -> 126 | AR47: EQUIPOS DE COMPUTO | AS47: EQUIPOS DE ESCRITORIO MARCA HP | AT47: VENTA | AU47: CMP | AZ47: EE
A48: 62 | B48: 80042000002602 | C48: BIEN0576 | D48: BODEGA CENTRAL | E48: ESTANTERIA 16 | F48: NIVEL 2 | G48: BODEGA CENTRAL | H48: ACTIVO FIJO | I48: EQUIPO DE COMPUTACION | J48: N/A | K48: N/A | L48: CPU | M48: [ CPU ] - MARCA: HP; MODELO: Z220 CMT WORKSTATION; SERIE: 2QA24013BW; AÑO: 2012; ESTADO: BUENO; COLOR: NEGRO; ESTRUCTURA: ( SIN ESTRUCTURA ); COMPONENTE: ( SIN COMPONENTE ); TIPO DE PROCESADOR: XEON; VELOCIDAD DEL PROCESADOR: 3.30 GHZ; MEMORIA RAM: 8 GB; DISCO DURO: 1 TB; CANTIDAD: 1 | N48: N/A | O48: N/A | P48: N/A | Q48: HP | R48: Z220 CMT WORKSTATION | S48: 2QA24013BW | T48: NEGRO | U48: XEON, DISCO DURO DE 1 TB | V48: ND | W48: BUENO (VALOR ADQUISICION SOBREVALORADO) | X48: 2012 | Y48: ND | Z48: MOMPICHE | AA48: 1 | AB48: 1 | AC48: =AA48-AB48 -> 0 | AD48: N/A | AE48: N/A | AF48: 10643 | AG48: 3192.7 | AH48: 1017 | AI48: =AH48*AB48 -> 1017 | AJ48: 125 | AK48: =AJ48*AB48 -> 125 | AL48: =AK48*0.12 -> 15 | AM48: =AL48+AK48 -> 140 | AN48: =AJ48*0.9 -> 112.5 | AO48: =AN48*AB48 -> 112.5 | AP48: =AO48*0.12 -> 13.5 | AQ48: =AO48+AP48 -> 126 | AR48: EQUIPOS DE COMPUTO | AS48: EQUIPOS DE ESCRITORIO MARCA HP | AT48: VENTA | AU48: CMP | AZ48: EE
A49: 63 | B49: 80042000004606 | C49: BIEN0577 | D49: BODEGA CENTRAL | E49: ESTANTERIA 16 | F49: NIVEL 1 | G49: BODEGA CENTRAL | H49: ACTIVO FIJO | I49: EQUIPO DE COMPUTACION | J49: N/A | K49: N/A | L49: CPU | M49: [ CPU ] - MARCA: HP; MODELO: Z220 CMT WORKSTATION; SERIE: 2UA24013BX; AÑO: 2012; ESTADO: BUENO; COLOR: NEGRO; ESTRUCTURA: ( SIN ESTRUCTURA ); COMPONENTE: ( SIN COMPONENTE ); TIPO DE PROCESADOR: XEON; VELOCIDAD DEL PROCESADOR: 3.30 GHZ; MEMORIA RAM: 8 GB; DISCO DURO: 930 GB; CANTIDAD: 1 | N49: N/A | O49: N/A | P49: N/A | Q49: HP | R49: Z220 CMT WORKSTATION | S49: 2UA24013BX | T49: NEGRO | U49: XEON, DISCO DURO DE 1 TB | V49: ND | W49: BUENO | X49: 2012 | Y49: ND | Z49: MOMPICHE | AA49: 1 | AB49: 1 | AC49: =AA49-AB49 -> 0 | AD49: N/A | AE49: N/A | AF49: 638 | AG49: 191.4 | AH49: 1017 | AI49: =AH49*AB49 -> 1017 | AJ49: 213.5 | AK49: =AJ49*AB49 -> 213.5 | AL49: =AK49*0.12 -> 25.62 | AM49: =AL49+AK49 -> 239.12 | AN49: =AJ49*0.9 -> 192.15 | AO49: =AN49*AB49 -> 192.15 | AP49: =AO49*0.12 -> 23.058 | AQ49: =AO49+AP49 -> 215.208 | AR49: EQUIPOS DE COMPUTO | AS49: EQUIPOS DE ESCRITORIO MARCA HP | AT49: VENTA | AU49: CMP | AZ49: EE
A50: 64 | B50: 80042000009106 | C50: BIEN0473 | D50: EDIFICIO MATRIZ | E50: ADMINISTRATIVO | F50: ADMINISTRATIVO | G50: KAREN ZAMBRANO | H50: ACTIVO FIJO | I50: EQUIPO DE COMPUTACION | J50: N/A | K50: N/A | L50: CPU | M50: [ CPU ] - MARCA: HP; MODELO: Z220 CMT WORKSTATION; SERIE: 2UA24013BT; AÑO: 2012; ESTADO: BUENO; COLOR: NEGRO; ESTRUCTURA: ( SIN ESTRUCTURA ); COMPONENTE: ( SIN COMPONENTE ); TIPO DE PROCESADOR: XEON; CANTIDAD: 1 | N50: N/A | O50: N/A | P50: N/A | Q50: HP | R50: Z220 CMT WORKSTATION | S50: 2UA24013BT | T50: NEGRO | U50: XEON, DISCO DURO DE 1 TB | V50: ND | W50: BUENO | X50: 2012 | Y50: USADO NO SE PUEDE VER CARACTERISTICAS APAGADO EN BODEGA MOUSE HP MOD: MOFYKO | Z50: MOMPICHE | AA50: 1 | AB50: 1 | AC50: =AA50-AB50 -> 0 | AD50: N/A | AE50: N/A | AF50: 417 | AG50: 124.9 | AH50: 1017 | AI50: =AH50*AB50 -> 1017 | AJ50: 213.5 | AK50: =AJ50*AB50 -> 213.5 | AL50: =AK50*0.12 -> 25.62 | AM50: =AL50+AK50 -> 239.12 | AN50: =AJ50*0.9 -> 192.15 | AO50: =AN50*AB50 -> 192.15 | AP50: =AO50*0.12 -> 23.058 | AQ50: =AO50+AP50 -> 215.208 | AR50: EQUIPOS DE COMPUTO | AS50: EQUIPOS DE COMPUTO | AT50: EN USO | AU50: EN USO | AV50: KAREN ZAMBRANO EN USO | AZ50: EE
A51: 65 | B51: 80042000005184 | C51: BIEN0450 | D51: BODEGA CENTRAL | E51: ESTANTERIA 5 | F51: NIVEL 4 | G51: BODEGA CENTRAL | H51: ACTIVO FIJO | I51: EQUIPO DE COMPUTACION | J51: N/A | K51: N/A | L51: CPU | M51: [ CPU ] - MARCA: HP; MODELO: Z220 CMT WORKSTATION; SERIE: 2UA24013BY; AÑO: 2012; ESTADO: BUENO; COLOR: NEGRO; ESTRUCTURA: ( SIN ESTRUCTURA ); COMPONENTE: ( SIN COMPONENTE ); TIPO DE PROCESADOR: XEON; VELOCIDAD DEL PROCESADOR: 3.00 GHZ; MEMORIA RAM: 8 GB; DISCO DURO: 930 GB; CANTIDAD: 1 | N51: N/A | O51: N/A | P51: N/A | Q51: HP | R51: Z220 CMT WORKSTATION | S51: 2UA24013BY | T51: NEGRO | U51: XEON, DISCO DURO DE 1 TB | V51: ND | W51: BUENO (VALOR ADQUISICION SOBREVALORADO) | X51: 2012 | Y51: ND | Z51: REVENTADOR | AA51: 1 | AB51: 1 | AC51: =AA51-AB51 -> 0 | AD51: N/A | AE51: N/A | AF51: 5230 | AG51: 1569 | AH51: 1017 | AI51: =AH51*AB51 -> 1017 | AJ51: 125 | AK51: =AJ51*AB51 -> 125 | AL51: =AK51*0.12 -> 15 | AM51: =AL51+AK51 -> 140 | AN51: =AJ51*0.9 -> 112.5 | AO51: =AN51*AB51 -> 112.5 | AP51: =AO51*0.12 -> 13.5 | AQ51: =AO51+AP51 -> 126 | AR51: EQUIPOS DE COMPUTO | AS51: EQUIPOS DE ESCRITORIO MARCA HP | AT51: VENTA | AU51: CMP | AZ51: EE
A52: 66 | B52: 80042000003012 | C52: BIEN0575 | D52: BODEGA CENTRAL | E52: ESTANTERIA 16 | F52: NIVEL 2 | G52: BODEGA CENTRAL | H52: ACTIVO FIJO | I52: EQUIPO DE COMPUTACION | J52: N/A | K52: N/A | L52: CPU | M52: [ CPU ] - MARCA: HP; MODELO: Z220 CMT WORKSTATION; SERIE: 2UA24013BS; AÑO: 2012; ESTADO: BUENO; COLOR: NEGRO; ESTRUCTURA: ( SIN ESTRUCTURA ); COMPONENTE: ( SIN COMPONENTE ); TIPO DE PROCESADOR: XEON; VELOCIDAD DEL PROCESADOR: 3.3 GHZ; MEMORIA RAM: 8 GB; DISCO DURO: 1 TB; CANTIDAD: 1 | N52: N/A | O52: N/A | P52: N/A | Q52: HP | R52: Z220 CMT WORKSTATION | S52: 2UA24013BS | T52: NEGRO | U52: XEON, DISCO DURO DE 1 TB | V52: ND | W52: BUENO | X52: 2012 | Y52: ND | Z52: REVENTADOR | AA52: 1 | AB52: 1 | AC52: =AA52-AB52 -> 0 | AD52: N/A | AE52: N/A | AF52: 417 | AG52: 124.9 | AH52: 1017 | AI52: =AH52*AB52 -> 1017 | AJ52: 213.5 | AK52: =AJ52*AB52 -> 213.5 | AL52: =AK52*0.12 -> 25.62 | AM52: =AL52+AK52 -> 239.12 | AN52: =AJ52*0.9 -> 192.15 | AO52: =AN52*AB52 -> 192.15 | AP52: =AO52*0.12 -> 23.058 | AQ52: =AO52+AP52 -> 215.208 | AR52: EQUIPOS DE COMPUTO | AS52: EQUIPOS DE ESCRITORIO MARCA HP | AT52: VENTA | AU52: CMP | AZ52: EE
A53: 67 | B53: 80042000005108 | C53: BIEN0470 | D53: EDIFICIO MATRIZ | E53: ADMINISTRATIVO | F53: ADMINISTRATIVO | G53: USO OFICINA | H53: ACTIVO FIJO | I53: EQUIPO DE COMPUTACION | J53: N/A | K53: N/A | L53: CPU | M53: [ CPU ] - MARCA: HP; MODELO: Z220 CMT WORKSTATION; SERIE: 2UA24013BQ; AÑO: 2012; ESTADO: BUENO; COLOR: NEGRO; ESTRUCTURA: ( SIN ESTRUCTURA ); COMPONENTE: ( SIN COMPONENTE ); TIPO DE PROCESADOR: XEON; CANTIDAD: 1 | N53: N/A | O53: N/A | P53: N/A | Q53: HP | R53: Z220 CMT WORKSTATION | S53: 2UA24013BQ | T53: NEGRO | U53: XEON, DISCO DURO DE 1 TB | V53: ND | W53: BUENO | X53: 2012 | Y53: USADO INCLUYE MOUSE HP MOFYKO SERIE: FCMF0A9W2W573 NO SE PUEDE VER CARACTERISTICAS ESTA APAGADA | Z53: REVENTADOR | AA53: 1 | AB53: 1 | AC53: =AA53-AB53 -> 0 | AD53: N/A | AE53: N/A | AF53: 417 | AG53: 124.9 | AH53: 1017 | AI53: =AH53*AB53 -> 1017 | AJ53: 213.5 | AK53: =AJ53*AB53 -> 213.5 | AL53: =AK53*0.12 -> 25.62 | AM53: =AL53+AK53 -> 239.12 | AN53: =AJ53*0.9 -> 192.15 | AO53: =AN53*AB53 -> 192.15 | AP53: =AO53*0.12 -> 23.058 | AQ53: =AO53+AP53 -> 215.208 | AR53: EQUIPOS DE COMPUTO | AS53: EQUIPOS DE COMPUTO | AT53: EN USO | AU53: EN USO | AV53: OFICINA EN USO | AZ53: EE
A54: 68 | B54: 80042000000752 | C54: BIEN0479 | D54: BODEGA CENTRAL | E54: MANTENIMIENTO INFORMATICO Y CUSTODIO DE BODEGA | F54: MANTENIMIENTO INFORMATICO Y CUSTODIO DE BODEGA | G54: BODEGA CENTRAL | H54: ACTIVO FIJO | I54: EQUIPO DE COMPUTACION | J54: N/A | K54: N/A | L54: LAPTOP | M54: [ LAPTOP ] - MARCA: DELL; MODELO: VOSTRO 3460; SERIE: 7B8CVW1; AÑO: 2014; ESTADO: BUENO; COLOR: GRIS; ESTRUCTURA: ( SIN ESTRUCTURA ); COMPONENTE: ( SIN COMPONENTE ); TIPO DE PROCESADOR: INTEL CORE I7; CANTIDAD: 1 | N54: N/A | O54: N/A | P54: N/A | Q54: DELL | R54: VOSTRO 3460 | S54: 7B8CVW1 | T54: GRIS | U54: CORE I7 | V54: ND | W54: REGULAR | X54: 2014 | Y54: USADA NO SE PUEDE VERIFICAR SI ESTA EN FUNCIONAMIENTO EQUIPO BLOQUEADO; SOFTWARE: OFFICEPRO PLUS 2010 OLP NL, LICENCIA ANTIVIRUS KASPERSKY ADVANCED | Z54: MATRIZ | AA54: 1 | AB54: 1 | AC54: =AA54-AB54 -> 0 | AD54: N/A | AE54: N/A | AF54: 904 | AG54: 271.2 | AH54: 1255 | AI54: =AH54*AB54 -> 1255 | AJ54: 176.93 | AK54: =AJ54*AB54 -> 176.93 | AL54: =AK54*0.12 -> 21.2316 | AM54: =AL54+AK54 -> 198.1616 | AN54: =AJ54*0.9 -> 159.237 | AO54: =AN54*AB54 -> 159.237 | AP54: =AO54*0.12 -> 19.10844 | AQ54: =AO54+AP54 -> 178.34544 | AR54: EQUIPOS DE COMPUTO | AS54: EQUIPOS DE COMPUTO | AT54: VENTA | AU54: CMP | AW54: 1 | AZ54: EE
A55: 69 | B55: 80042000001421 | C55: BIEN0483 | D55: EDIFICIO MATRIZ | E55: ADMINISTRATIVO | F55: ADMINISTRATIVO | G55: USO OFICINA | H55: ACTIVO FIJO | I55: EQUIPO DE COMPUTACION | J55: N/A | K55: N/A | L55: DVR | M55: [ DVR ] - MARCA: ENFORCER; MODELO: H264; AÑO: 2012; ESTADO: BUENO; COLOR: NEGRO; ESTRUCTURA: ( SIN ESTRUCTURA ); COMPONENTE: ( SIN COMPONENTE ); CANTIDAD: 1 | N55: N/A | O55: N/A | P55: N/A | Q55: ENFORCER | R55: H264 | S55: ND | T55: NEGRO | U55: ND | V55: ND | W55: BUENO | X55: 2012 | Y55: USADO PARA 8 CAMARAS MODELO DR-1080 | Z55: MATRIZ | AA55: 1 | AB55: 1 | AC55: =AA55-AB55 -> 0 | AD55: N/A | AE55: N/A | AF55: 185 | AG55: 55.3 | AH55: 860 | AI55: =AH55*AB55 -> 860 | AJ55: 193.59375 | AK55: =AJ55*AB55 -> 193.59375 | AL55: =AK55*0.12 -> 23.23125 | AM55: =AL55+AK55 -> 216.825 | AN55: =AJ55*0.9 -> 174.23438 | AO55: =AN55*AB55 -> 174.23438 | AP55: =AO55*0.12 -> 20.908125 | AQ55: =AO55+AP55 -> 195.1425 | AR55: EQUIPOS DE COMPUTO | AS55: EQUIPOS DE COMPUTO | AT55: EN USO | AU55: EN USO | AV55: OFICINA EN USO | AZ55: EE
A56: 70 | B56: 80042000003388 | C56: BIEN0441 | D56: BODEGA CENTRAL | E56: ESTANTERIA 5 | F56: NIVEL 5 | G56: BODEGA CENTRAL | H56: ACTIVO FIJO | I56: EQUIPO DE COMPUTACION | J56: N/A | K56: N/A | L56: LAPTOP | M56: [ LAPTOP ] - MARCA: HP; MODELO: ELITEBOOK 8570W; SERIE: 5CB2492WCL; AÑO: 2014; ESTADO: BUENO; COLOR: GRIS; ESTRUCTURA: ( SIN ESTRUCTURA ); COMPONENTE: ( SIN COMPONENTE ); TIPO DE PROCESADOR: INTEL CORE I7; VELOCIDAD DEL PROCESADOR: 2.10 GHZ; MEMORIA RAM: 8 GB; DISCO DURO: 500 GB; CANTIDAD: 1 | N56: N/A | O56: N/A | P56: N/A | Q56: HP | R56: ELITEBOOK 8570W | S56: 5CB2492WCL | T56: GRIS | U56: CORE I7 | V56: ND | W56: BUENO | X56: 2014 | Y56: ND | Z56: REVENTADOR | AA56: 1 | AB56: 1 | AC56: =AA56-AB56 -> 0 | AD56: N/A | AE56: N/A | AF56: 1105 | AG56: 331.3 | AH56: 833 | AI56: =AH56*AB56 -> 833 | AJ56: 215.995 | AK56: =AJ56*AB56 -> 215.995 | AL56: =AK56*0.12 -> 25.9194 | AM56: =AL56+AK56 -> 241.9144 | AN56: =AJ56*0.9 -> 194.3955 | AO56: =AN56*AB56 -> 194.3955 | AP56: =AO56*0.12 -> 23.32746 | AQ56: =AO56+AP56 -> 217.72296 | AR56: EQUIPOS DE COMPUTO | AS56: EQUIPOS DE COMPUTO | AT56: VENTA | AU56: CMP | AW56: 1 | AZ56: EE
A57: 71 | B57: 80042000006969 | C57: BIEN0507 | D57: EDIFICIO MATRIZ | E57: ADMINISTRATIVO | F57: ADMINISTRATIVO | G57: MARCO DAVALOS | H57: ACTIVO FIJO | I57: EQUIPO DE COMPUTACION | J57: N/A | K57: N/A | L57: LAPTOP | M57: [ LAPTOP ] - MARCA: HP; MODELO: ELITEBOOK 8440P; SERIE: CNU406B848; AÑO: 2012; ESTADO: BUENO; COLOR: GRIS; ESTRUCTURA: ( SIN ESTRUCTURA ); COMPONENTE: ( SIN COMPONENTE ); TIPO DE PROCESADOR: INTEL CORE I7; CANTIDAD: 1 | N57: N/A | O57: N/A | P57: N/A | Q57: HP | R57: ELITEBOOK 8440P | S57: CNU406B848 | T57: GRIS | U57: ND | V57: ND | W57: BUENO | X57: 2012 | Y57: ND | Z57: MATRIZ | AA57: 1 | AB57: 1 | AC57: =AA57-AB57 -> 0 | AD57: N/A | AE57: N/A | AF57: 232 | AG57: 69.6 | AH57: 918 | AI57: =AH57*AB57 -> 918 | AJ57: 153.5625 | AK57: =AJ57*AB57 -> 153.5625 | AL57: =AK57*0.12 -> 18.4275 | AM57: =AL57+AK57 -> 171.99 | AN57: =AJ57*0.9 -> 138.20625 | AO57: =AN57*AB57 -> 138.20625 | AP57: =AO57*0.12 -> 16.58475 | AQ57: =AO57+AP57 -> 154.791 | AR57: EQUIPOS DE COMPUTO | AS57: EQUIPOS DE COMPUTO | AT57: EN USO | AU57: EN USO | AV57: MARCO DAVALOS EN USO | AZ57: EE
A58: 72 | B58: 80042000005412 | C58: BIEN0434 | D58: BODEGA CENTRAL | E58: ESTANTERIA 5 | F58: NIVEL 5 | G58: BODEGA CENTRAL | H58: ACTIVO FIJO | I58: EQUIPO DE COMPUTACION | J58: N/A | K58: N/A | L58: LAPTOP | M58: [ LAPTOP ] - MARCA: HP; MODELO: DV6-6180; SERIE: 5CH1440PZ4; AÑO: 2013; ESTADO: BUENO; COLOR: NEGRO; ESTRUCTURA: ( SIN ESTRUCTURA ); COMPONENTE: ( SIN COMPONENTE ); TIPO DE PROCESADOR: INTEL CORE I7; VELOCIDAD DEL PROCESADOR: 2 GHZ; MEMORIA RAM: 4 GB; DISCO DURO: 1 TB; CANTIDAD: 1 | N58: N/A | O58: N/A | P58: N/A | Q58: HP | R58: PAVILLION DV6 | S58: 5CH1440PZ4 | T58: NEGRO | U58: CORE I7 | V58: ND | W58: BUENO | X58: 2013 | Y58: ND | Z58: MATRIZ | AA58: 1 | AB58: 1 | AC58: =AA58-AB58 -> 0 | AD58: N/A | AE58: N/A | AF58: 769 | AG58: 230.5 | AH58: 833 | AI58: =AH58*AB58 -> 833 | AJ58: 152.16964 | AK58: =AJ58*AB58 -> 152.16964 | AL58: =AK58*0.12 -> 18.260357 | AM58: =AL58+AK58 -> 170.43 | AN58: =AJ58*0.9 -> 136.95268 | AO58: =AN58*AB58 -> 136.95268 | AP58: =AO58*0.12 -> 16.434321 | AQ58: =AO58+AP58 -> 153.387 | AR58: EQUIPOS DE COMPUTO | AS58: EQUIPOS DE COMPUTO | AT58: VENTA | AU58: CMP | AW58: 1 | AZ58: EE
A59: 73 | B59: 80042000002688 | C59: BIEN0433 | D59: BODEGA CENTRAL | E59: ESTANTERIA 4 | F59: NIVEL 1 | G59: BODEGA CENTRAL | H59: ACTIVO FIJO | I59: EQUIPO DE COMPUTACION | J59: N/A | K59: N/A | L59: LAPTOP | M59: [ LAPTOP ] - MARCA: HP; MODELO: ELITEBOOK 8570W; SERIE: 5CB3260B9N; AÑO: 2013; ESTADO: BUENO; COLOR: GRIS; ESTRUCTURA: ( SIN ESTRUCTURA ); COMPONENTE: ( SIN COMPONENTE ); TIPO DE PROCESADOR: INTEL CORE I7; VELOCIDAD DEL PROCESADOR: 2.40 GHZ; MEMORIA RAM: 8 GB; DISCO DURO: 464 GB; TAMAÑO DE PANTALLA: 15.5 IN; CANTIDAD: 1 | N59: N/A | O59: N/A | P59: N/A | Q59: HP | R59: ELITEBOOK 8570W | S59: 5CB3260B9N | T59: SIN COLOR | U59: CORE I7 | V59: ND | W59: BUENO | X59: 2013 | Y59: ND | Z59: MOMPICHE | AA59: 1 | AB59: 1 | AC59: =AA59-AB59 -> 0 | AD59: N/A | AE59: N/A | AF59: 802 | AG59: 240.6 | AH59: 833 | AI59: =AH59*AB59 -> 833 | AJ59: 157.04 | AK59: =AJ59*AB59 -> 157.04 | AL59: =AK59*0.12 -> 18.8448 | AM59: =AL59+AK59 -> 175.8848 | AN59: =AJ59*0.9 -> 141.336 | AO59: =AN59*AB59 -> 141.336 | AP59: =AO59*0.12 -> 16.96032 | AQ59: =AO59+AP59 -> 158.29632 | AR59: EQUIPOS DE COMPUTO | AS59: EQUIPOS DE COMPUTO | AT59: VENTA | AU59: CMP | AW59: 1 | AZ59: EE
A60: 74 | B60: 80042000007126 | C60: BIEN0436 | D60: BODEGA CENTRAL | E60: ESTANTERIA 5 | F60: NIVEL 5 | G60: BODEGA CENTRAL | H60: ACTIVO FIJO | I60: EQUIPO DE COMPUTACION | J60: N/A | K60: N/A | L60: LAPTOP | M60: [ LAPTOP ] - MARCA: HP; MODELO: PAVILION DV6; SERIE: 5CH1440PWH; AÑO: 2012; ESTADO: BUENO; COLOR: GRIS; ESTRUCTURA: ( SIN ESTRUCTURA ); COMPONENTE: ( SIN COMPONENTE ); TIPO DE PROCESADOR: INTEL CORE I7; CANTIDAD: 1 | N60: N/A | O60: N/A | P60: N/A | Q60: HP | R60: PAVILLION DV6 | S60: 5CH1440PWH | T60: GRIS | U60: ND | V60: ND | W60: BUENO | X60: 2012 | Y60: ND | Z60: MATRIZ | AA60: 1 | AB60: 1 | AC60: =AA60-AB60 -> 0 | AD60: N/A | AE60: N/A | AF60: 348 | AG60: 104.4 | AH60: 833 | AI60: =AH60*AB60 -> 833 | AJ60: 139.28571 | AK60: =AJ60*AB60 -> 139.28571 | AL60: =AK60*0.12 -> 16.714286 | AM60: =AL60+AK60 -> 156 | AN60: =AJ60*0.9 -> 125.35714 | AO60: =AN60*AB60 -> 125.35714 | AP60: =AO60*0.12 -> 15.042857 | AQ60: =AO60+AP60 -> 140.4 | AR60: EQUIPOS DE COMPUTO | AS60: EQUIPOS DE COMPUTO | AT60: VENTA | AU60: CMP | AW60: 1 | AZ60: EE
A61: 75 | B61: 80042000006921 | C61: BIEN0410 | D61: BODEGA CENTRAL | E61: ESTANTERIA 4 | F61: NIVEL 5 | G61: BODEGA CENTRAL | H61: ACTIVO FIJO | I61: EQUIPO DE COMPUTACION | J61: N/A | K61: N/A | L61: LAPTOP | M61: [ LAPTOP ] - MARCA: HP; MODELO: PAVILION DV6; SERIE: 5CH1400EVN; AÑO: 2012; ESTADO: BUENO; COLOR: GRIS; ESTRUCTURA: ( SIN ESTRUCTURA ); COMPONENTE: ( SIN COMPONENTE ); TIPO DE PROCESADOR: INTEL CORE I7; CANTIDAD: 1 | N61: N/A | O61: N/A | P61: N/A | Q61: HP | R61: PAVILLION DV6 | S61: 5CH1400EVN | T61: SIN COLOR | U61: CORE I7 | V61: ND | W61: BUENO | X61: 2012 | Y61: ND | Z61: MOMPICHE | AA61: 1 | AB61: 1 | AC61: =AA61-AB61 -> 0 | AD61: N/A | AE61: N/A | AF61: 348 | AG61: 104.4 | AH61: 833 | AI61: =AH61*AB61 -> 833 | AJ61: 139.28571 | AK61: =AJ61*AB61 -> 139.28571 | AL61: =AK61*0.12 -> 16.714286 | AM61: =AL61+AK61 -> 156 | AN61: =AJ61*0.9 -> 125.35714 | AO61: =AN61*AB61 -> 125.35714 | AP61: =AO61*0.12 -> 15.042857 | AQ61: =AO61+AP61 -> 140.4 | AR61: EQUIPOS DE COMPUTO | AS61: EQUIPOS DE COMPUTO | AT61: VENTA | AU61: CMP | AZ61: EE
A62: 76 | B62: 80042000003227 | C62: BIEN0412 | D62: BODEGA CENTRAL | E62: ESTANTERIA 4 | F62: NIVEL 5 | G62: BODEGA CENTRAL | H62: ACTIVO FIJO | I62: EQUIPO DE COMPUTACION | J62: N/A | K62: N/A | L62: LAPTOP | M62: [ LAPTOP ] - MARCA: HP; MODELO: ELITEBOOK 8570W; SERIE: 5CB2492WFB; AÑO: 2012; ESTADO: BUENO; COLOR: GRIS; ESTRUCTURA: ( SIN ESTRUCTURA ); COMPONENTE: ( SIN COMPONENTE ); TIPO DE PROCESADOR: INTEL CORE I7; CANTIDAD: 1 | N62: N/A | O62: N/A | P62: N/A | Q62: HP | R62: ELITEBOOK 8570W | S62: 5CB2492WFB | T62: SIN COLOR | U62: CORE I7 | V62: ND | W62: BUENO | X62: 2012 | Y62: ND | Z62: MOMPICHE | AA62: 1 | AB62: 1 | AC62: =AA62-AB62 -> 0 | AD62: N/A | AE62: N/A | AF62: 614 | AG62: 184.2 | AH62: 833 | AI62: =AH62*AB62 -> 833 | AJ62: 139.28571 | AK62: =AJ62*AB62 -> 139.28571 | AL62: =AK62*0.12 -> 16.714286 | AM62: =AL62+AK62 -> 156 | AN62: =AJ62*0.9 -> 125.35714 | AO62: =AN62*AB62 -> 125.35714 | AP62: =AO62*0.12 -> 15.042857 | AQ62: =AO62+AP62 -> 140.4 | AR62: EQUIPOS DE COMPUTO | AS62: EQUIPOS DE COMPUTO | AT62: VENTA | AU62: CMP | AW62: 1 | AZ62: EE
